Workbook
Name colorant: '[1]feuille de base'!$B$13:$B$51
Name listepourprodprep: [1]Feuil2!$H$58:$H$66
Name listeprixprodprepa: [1]Feuil2!$C$1:$C$6
Name listeprodteint: [1]Feuil2!$B$47:$B$57
Name preparation: '[1]feuille de base'!$B$2:$B$9
Name prodfix: '[1]feuille de base'!$B$67:$B$78
Name prodteinture: '[1]feuille de base'!$B$52:$B$66

Sheet FENETRE PRINCIPALE Mars 2016
B1: code couleurs | C1: couleurs | D1: colorants | E1: clients | F1: poids | G1: articles | H1: date | I1: machines | J1: volume totale | K1: cout prep | L1: cout teinture | M1: cout fix | N1: cout total
B2: NR-7,5% | C2: NOIR | D2: ERIOFAST M | E2: LYTESS | F2: 86 | G2: BRASSIERE | H2: 42430 | I2: G1+G2
B3: BLANC | C3: CORR BLANC | D3: _ | E3: LE BOURGET | F3: 9.3 | G3: CARACO | H3: 42430 | I3: T6/1
B4: 88/15-7 | C4: CORAIL | D4: JAUNE ETL | E4: LE BOURGET | F4: 30.3 | G4: CARACO | H4: 42430 | I4: G4
B5: 88/15-7 | C5: CORAIL | D5: ROUGE ETL | E5: LE BOURGET | F5: 30.3 | G5: CARACO | H5: 42430 | I5: G4
B6: NM1 | C6: NOIR | E6: BON PRIX | F6: 0.6 | G6: SLIP JAQUARD+BRASSIERE | H6: 42430 | I6: T6/2
B7: PREP | C7: PREPARATION | D7: _ | E7: BON PRIX | F7: 2.95 | G7: SLIP BASIC JACQUARD | H7: 42430 | I7: T6/1
B8: NR-7,5% | C8: NOIR | D8: ERIOFAST M | E8: LYTESS | F8: 55.2 | G8: BRASSIERE+TOP | H8: 42430 | I8: G3
D9: _ | H9: 42430
B10: C28-02 | C10: PEAU | D10: JAUNE ETL | E10: LYTESS | F10: 81.6 | G10: CEINTURE+PANTY | H10: 42430 | I10: G3
B11: C28-02 | C11: PEAU | D11: ROUGE ETL | E11: LYTESS | F11: 81.6 | G11: CEINTURE+PANTY | H11: 42430 | I11: G3
B12: C28-02 | C12: PEAU | D12: BLEU ETL | E12: LYTESS | F12: 81.6 | G12: CEINTURE+PANTY | H12: 42430 | I12: G3
B13: 81/15-6 | C13: KAKI | D13: JAUNE MT | E13: LE BOURGET | F13: 31.7 | G13: CARACO | H13: 42430 | I13: G3
B14: 81/15-6 | C14: KAKI | D14: ROUGE MT | E14: LE BOURGET | F14: 31.7 | G14: CARACO | H14: 42430 | I14: G3
B15: 81/15-6 | C15: KAKI | D15: MARINE MT | E15: LE BOURGET | F15: 31.7 | G15: CARACO | H15: 42430 | I15: G3
B16: C28-02 DAMART | C16: Peau doré | D16: JAUNE ETL | E16: DAMART | F16: 25.2 | G16: Ceinture | H16: 42137 | I16: G3 | J16: =VLOOKUP("volume",'peau doré C28-02 13-05-15'!E:F,2,FALSE) -> 4536 | K16: =VLOOKUP("cout preparation",'peau doré C28-02 13-05-15'!A:B,2,FALSE) -> 26.426312 | L16: =VLOOKUP("cout teinture ",'peau doré C28-02 13-05-15'!A:B,2,FALSE) -> 34.730624 | M16: =VLOOKUP("cout fixation",'peau doré C28-02 13-05-15'!A:B,2,FALSE) -> 33.887338 | N16: =SUM(K16:M16) -> 95.044275
B17: C28-02 DAMART | C17: Peau doré | D17: ROUGE ETL | E17: DAMART | F17: 25.2 | G17: Ceinture | H17: 42137 | I17: G3
B18: C28-02 DAMART | C18: Peau doré | D18: MARINE ETL | E18: DAMART | F18: 25.2 | G18: Ceinture | H18: 42137 | I18: G3
B19: U404-10 | C19: CHAIR | D19: JAUNE MT | E19: LYTESS | F19: 68.8 | G19: 11859 | H19: 42139 | I19: G3 | J19: =VLOOKUP("volume",'PAM Clair U404-10 13-05-15'!E:F,2,FALSE) -> 3717 | K19: =VLOOKUP("cout preparation",'PAM Clair U404-10 13-05-15'!A:B,2,FALSE) -> 29.725107 | L19: =VLOOKUP("cout teinture ",'PAM Clair U404-10 13-05-15'!A:B,2,FALSE) -> 37.772531 | M19: =VLOOKUP("cout fixation",'PAM Clair U404-10 13-05-15'!A:B,2,FALSE) -> 45.878124 | N19: =SUM(K19:M19) -> 113.37576
B20: U404-10 | C20: CHAIR | D20: ROUGE MT | E20: LYTESS | F20: 68.8 | G20: 11859 | H20: 42139 | I20: G3
B21: U404-10 | C21: CHAIR | D21: MARINE MT | E21: LYTESS | F21: 68.8 | G21: 11859 | H21: 42139 | I21: G3
B22: B54-2 | C22: CORAIL | D22: FLAVINA FLUO | E22: LYTESS | F22: 75.5 | G22: BRASSIERE+ TOP | H22: 42430 | I22: G3
B23: B54-2 | C23: CORAIL | D23: RODAMINA INFACID | E23: LYTESS | F23: 75.5 | G23: BRASSIERE+ TOP | H23: 42430 | I23: G3
B24: NR-7,5% | C24: NOIR | D24: ERIOFAST M | E24: LYTESS | F24: 48 | G24: CEINTURE+COLTAGE | H24: 42431 | I24: G1+G2
B25: NM1 | C25: NOIR | D25: NOIR DR | E25: LYTESS | F25: 1.55 | G25: PANTY MIXA +BRASSIERE | H25: 42431 | I25: G1+G2
B26: PREP | C26: PREPARATION | D26: _ | E26: LYTESS | F26: 1.6 | G26: CEINTURE | H26: 42431 | I26: T6/1
B27: BLANC-0,13 | C27: BLANC | D27: SETAPHOR | E27: LE BOURGET | F27: 11.1 | H27: 42441 | I27: TS61 | J27: =VLOOKUP("volume",'Blanc-0,13 12-03-16'!E:F,2,FALSE) -> 705.6 | K27: =VLOOKUP("cout preparation",'Blanc-0,13 12-03-16'!A:B,2,FALSE) -> 75.360261 | L27: =VLOOKUP("cout teinture",'Blanc-0,13 12-03-16'!A:B,2,FALSE) -> 5.9023553 | M27: =VLOOKUP("cout fixation",'Blanc-0,13 12-03-16'!A:B,2,FALSE) -> 0 | N27: =SUM(K27:M27) -> 81.262616
B28: marine 3%+ Noir 0,5% | C28: BLEU JEAN | D28: NOIR COSMOS-SMAX | E28: LE BOURGET | F28: 0.3 | G28: DEBARDEUR | H28: 42431 | I28: T6/2
B29: marine 3%+ Noir 0,5% | C29: BLEU JEAN | D29: MARINE S3-G | E29: LE BOURGET | F29: 0.3 | G29: DEBARDEUR | H29: 42431 | I29: T6/2
B30: U275-9 | C30: ROSE FUSHIA | D30: JAUNE ETL | E30: NBL | F30: 9.1 | G30: CARACO+SHORTY | H30: 42431 | I30: G4
B31: U275-9 | C31: ROSE FUSHIA | D31: ROUGE ETL | E31: NBL | F31: 9.1 | G31: CARACO+SHORTY | H31: 42431 | I31: G4
B32: B19-13 | C32: CHAIR | D32: JAUNE BEMACIDE ETL | E32: TRINITA'S | F32: 39 | G32: SHORTY+BRASSIERE | H32: 42441 | I32: G3 | J32: =VLOOKUP("volume",'C10-08 BLEU12 11-03-2016'!E:F,2,FALSE) -> 3344 | K32: =VLOOKUP("cout preparation",'CHAIR B19-13'!B:C,2,FALSE) -> 39.064391 | L32: =VLOOKUP("cout teinture ",'CHAIR B19-13'!B:C,2,FALSE) -> 64.810078 | M32: =VLOOKUP("cout fixation",'CHAIR B19-13'!B:C,2,FALSE) -> 7.4016228 | N32: =SUM(K32:M32) -> 111.27609
B33: B19-13 | C33: CHAIR | D33: ROUGE BEMACIDE ETL | E33: TRINITA'S | F33: 39 | G33: SHORTY+BRASSIERE | H33: 42441 | I33: G3
B34: B19-13 | C34: CHAIR | D34: BLEU BEMACIDE ETL | E34: TRINITA'S | F34: 39 | G34: SHORTY+BRASSIERE | H34: 42441 | I34: G3
B35: A64-12 | C35: ROSE | D35: ROUGE FB | E35: GO SPORT | F35: 10.3 | G35: SHOTY | H35: 42431 | I35: T6/1
B36: A64-12 | C36: ROSE | D36: BLEU ETL | E36: GO SPORT | F36: 10.3 | G36: SHOTY | H36: 42431 | I36: T6/1
B37: U93-2 | C37: PEAU | D37: JAUNE BEMACIDE ETL | E37: nbl | F37: 7.9 | G37: BODY | H37: 42444 | I37: T6/2 | J37: =VLOOKUP("volume",'PEAU U93-2 15-03-16 ACIDE'!E:F,2,FALSE) -> 442.4 | K37: =VLOOKUP("cout preparation",'PEAU U93-2 15-03-16 ACIDE'!A:B,2,FALSE) -> 4.8991402 | L37: =VLOOKUP("cout teinture ",'PEAU U93-2 15-03-16 ACIDE'!A:B,2,FALSE) -> 6.343049 | M37: =VLOOKUP("cout fixation",'PEAU U93-2 15-03-16 ACIDE'!A:B,2,FALSE) -> 1.0068704 | N37: =SUM(K37:M37) -> 12.24906
B38: U93-2 | C38: PEAU | D38: ROUGE BEMACIDE ETL | E38: nbl | F38: 7.9 | G38: BODY | H38: 42444 | I38: T6/2
B39: U93-2 | C39: PEAU | D39: BLEU BEMACIDE ETL | E39: nbl | F39: 7.9 | G39: BODY | H39: 42444 | I39: T6/2
B40: C10-08 | C40: BLEU12 | D40: ROUGE BEMAPLEX MT | E40: LE BOURGET | F40: 34.8 | G40: CARCO | H40: 42440 | I40: G3 | J40: =VLOOKUP("volume",'C10-08 BLEU12 11-03-2016'!E:F,2,FALSE) -> 3344 | K40: =VLOOKUP("cout preparation",'C10-08 BLEU12 11-03-2016'!A:B,2,FALSE) -> 12.286771 | L40: =VLOOKUP("cout teinture",'C10-08 BLEU12 11-03-2016'!A:B,2,FALSE) -> 89.524024 | M40: =VLOOKUP("cout fixation",'C10-08 BLEU12 11-03-2016'!A:B,2,FALSE) -> 13.783206 | N40: =SUM(K40:M40) -> 115.594
B41: C10-08 | C41: BLEU 12 | D41: MARINE BEMAPLEX MT | E41: LE BOURGET | F41: 34.8 | G41: CARCO | H41: 42440 | I41: G3
B42: C10-08 | C42: BLEU12 | D42: BLEU BEMACIDE NTF | E42: LE BOURGET | F42: 34.8 | G42: CARCO | H42: 42440 | I42: G3
B43: NR-7,5% LYTESS | C43: NOIR | D43: NOIR RIOFAST M | E43: LYTESS | F43: 47 | G43: SHORTY | H43: 42438 | I43: G1+G2 | J43: =VLOOKUP("volume",'LYTESS NOIR NR-7,5% 9-03-16'!F:G,2,FALSE) -> 3294 | K43: =VLOOKUP("cout preparation",'LYTESS NOIR NR-7,5% 9-03-16'!B:C,2,FALSE) -> 23.172861 | L43: =VLOOKUP("cout teinture ",'LYTESS NOIR NR-7,5% 9-03-16'!B:C,2,FALSE) -> 151.46736 | M43: =VLOOKUP("cout fixation",'LYTESS NOIR NR-7,5% 9-03-16'!B:C,2,FALSE) -> 42.103045 | N43: =SUM(K43:M43) -> 216.74327
B44: 109/15-3 | C44: ORCHIDE | D44: BORDEAU NGT | E44: LE BOURGET | F44: 32.5 | G44: CARACO | H44: 42431 | I44: G3
E49: =NOW() -> 42458.731

Sheet fenetre calcul 
C4: poids | D4: 68.8 | F4: volume | G4: =J4*D4 -> 412.8 | I4: R.D.B | J4: 6
F6: volume total | G6: =VLOOKUP(D8,'FENETRE PRINCIPALE Mars 2016'!B:J,9,FALSE) -> 3717
C8: code couleur | D8: U404-10
C11: couleur | D11: =VLOOKUP(D8,'FENETRE PRINCIPALE Mars 2016'!B:C,2,FALSE) -> CHAIR | F11: Articles | G11: =VLOOKUP(D8,'FENETRE PRINCIPALE Mars 2016'!B:G,6,FALSE) -> 11859 | I11: cout préparation | J11: =VLOOKUP(D8,'FENETRE PRINCIPALE Mars 2016'!B:K,10,FALSE) -> 29.725107
C15: client | D15: =VLOOKUP(D8,'FENETRE PRINCIPALE Mars 2016'!B:E,4,FALSE) -> LYTESS | F15: Date | G15: =VLOOKUP(D8,'FENETRE PRINCIPALE Mars 2016'!B:H,7,FALSE) -> 42139 | I15: cout teinture | J15: =VLOOKUP(D8,'FENETRE PRINCIPALE Mars 2016'!B:L,11,FALSE) -> 37.772531 | L15: cout total | M15: =VLOOKUP(D8,'FENETRE PRINCIPALE Mars 2016'!B:N,13,FALSE) -> 113.37576
C18: machine | D18: =VLOOKUP(D8,'FENETRE PRINCIPALE Mars 2016'!B:I,8,FALSE) -> G3 | I18: cout fixation | J18: =VLOOKUP(D8,'FENETRE PRINCIPALE Mars 2016'!B:M,12,FALSE) -> 45.878124

Sheet feuille de base Mars 2016
D1: NOIR NR-7,5% 09-03-2016 | E1: CHAIR B19-13 | F1: BLUE12 C10-08 11-03-2016 | G1: BLANC -0,13 12-03-16 | H1: peau U93-2 15-03-16 | I1: Chair U404-10 13-05-15 | J1: peau doré C28-02 13-05-1
A2: preparation | B2: BIAVIN BPA PREP | C2: 1.45 | D2: 2 | E2: 2 | F2: 2 | G2: 2 | H2: 2 | I2: 2 | J2: 2
A3: preparation | B3: CROSCOUR RDT PREP | C3: 7.353 | D3: 0.02 | E3: 0.02 | G3: 0.02 | H3: 0.02
A4: preparation | B4: FELOSAN RGN PREP | C4: 7.909 | I4: 0.02 | J4: 0.02
A5: preparation | B5: CARBONATE DE SOUDE PREP | C5: 0.77 | D5: 2 | E5: 1 | G5: 3 | H5: 1 | I5: 3 | J5: 3
A6: preparation | B6: ACIDE ACETIQUE PREP | C6: 1.45 | D6: 1 | E6: 1 | F6: 1 | G6: 2 | H6: 1 | I6: 1 | J6: 1
A7: preparation | B7: ALBAFLOW JET PREP | C7: 8.02
A8: preparation | B8: DETERSOIL CD 830 | C8: 4.2
A9: preparation | B9: CROSCOLOR PRP PREP | C9: 6.461 | G9: 10
A10: preparation | B10: eau de javel | C10: 0.7355
A11: preparation | B11: SOUDE CAUSTIQUE PREP | C11: 0.77
A12: preparation | B12: eau oxygénée | C12: 0.913
A13: teinture | B13: BLEU BEMACID F2-G | C13: 194.78
A14: teinture | B14: BLEU BEMACID ETL | C14: 76.37 | E14: 0.0001617 | H14: 9.34e-05 | J14: 7.2e-05
A15: teinture | B15: BLEU BEMACID NTF | C15: =22.83*2.228 -> 50.86524 | F15: 0.0291
A16: teinture | B16: BLEU BEMACIDE FBL | C16: 56.493
A17: teinture | B17: BLEU BEZACTIVE S-FR 150 | C17: 56.83
A18: teinture | B18: BLEU BEZACTIVE SGLD | C18: 33.15
A19: teinture | B19: BLEU TUBANTIN BRR | C19: 42.26
A20: teinture | B20: BORDEAU BEMAPLEX NGT | C20: 51.12
A21: teinture | B21: BRUN TUBANTIN BLL | C21: 0
A22: teinture | B22: BRUN TUBANTIN GGL | C22: 39.8
A23: teinture | B23: ECARLATE BEMACIDE F3_G | C23: 37.43
A24: teinture | B24: FLAVINA FLUO INFANYL 10-G | C24: =19.485*2.228 -> 43.41258
A25: teinture | B25: GRIS TUBANTIN CGLL | C25: 60.57
A26: teinture | B26: JAUNE BEMACIDE ETL | C26: 63.36 | E26: 0.0006086 | H26: 0.0003623 | J26: 0.000923
A27: teinture | B27: JAUNE BEMACIDE E4-G | C27: 31.45
A28: teinture | B28: JAUNE BEMACIDE FG | C28: 66.45
A29: teinture | B29: JAUNE BEMAPLEX MT | C29: =18.32*2.228 -> 40.81696 | I29: 0.000923
A30: teinture | B30: ROUGE BEZACTIV S-3B | C30: 12.81
A31: teinture | B31: JAUNE BEZACTIV SLF | C31: 17.68
A32: teinture | B32: JAUNE BEZACTIVE S8G | C32: 23.4
A33: teinture | B33: JAUNE TUBANTIN 4 GL | C33: 44.8
A34: teinture | B34: JAUNE TUBANTIN GR | C34: 21.65
A35: teinture | B35: MAIRNE BEZACTIVE S MAX | C35: 13.87
A36: teinture | B36: MARINE BEMAPLEX MT | C36: =16.71*2.228 -> 37.22988 | F36: 0.0106 | I36: 0.0002 | J36: 0.0002
A37: teinture | B37: MARINE BEZACTIVE S3G | C37: 36.8
A38: teinture | B38: NOIR BEMAPLEX DR | C38: =5.8*2.228 -> 12.9224
A39: teinture | B39: NOIR COSMOS S MAX | C39: 13.5
A40: teinture | B40: NOIR ERIOFAST M | C40: =16.45*2.228 -> 36.6506 | D40: 0.075
A41: teinture | B41: NOIR ERIONAL AMR | C41: =5.9*2.228 -> 13.1452
A42: teinture | B42: RODAMINA INFACIDE B CONC | C42: =39.5*2.228 -> 88.006
A43: teinture | B43: ROUGE BEMACIDE ETL | C43: 64.85 | E43: 0.000348 | H43: 0.000143 | J43: 0.00015
A44: teinture | B44: ROUGE BEMACIDE FB | C44: =16.65*2.228 -> 37.0962
A45: teinture | B45: ROUGE BEMACIDE FGS | C45: =36.19*2.228 -> 80.63132
A46: teinture | B46: ROUGE BEMAPLEX MT | C46: =21.7*2.228 -> 48.3476 | F46: 0.0011 | I46: 0.000125
A47: teinture | B47: ROUGE BEZACTIVE S 2B | C47: 29.98
A48: teinture | B48: ROUGE TUBANTIN 6 BLL | C48: 40.2
A49: teinture | B49: SETAPHOR | C49: =4.5*2.228 -> 10.026 | G49: 0.0012
A50: teinture | B50: TURQUOISE BEMACIDE FG | C50: 19.66
A51: teinture | B51: TURQUOISE TUBANTIN FBL | C51: 35.22
A52: teinture | B52: BIAVIN BPA TEINT | C52: 1.45 | D52: 1 | E52: 2 | F52: 2 | H52: 2 | I52: 2 | J52: 2
A53: teinture | B53: SARABID IPD TEINT | C53: 7.798 | E53: 0.02 | F53: 0.01 | H53: 0.01 | I53: 0.015 | J53: 0.015
A54: teinture | B54: SARABID IPF TEINT | C54: 8.355 | E54: 0.02 | F54: 0.01 | H54: 0.01 | I54: 0.015 | J54: 0.015
A55: teinture | B55: MEROPAN EF TEINT | C55: 13.6138 | F55: 1 | G55: 0.5 | H55: 1
A56: teinture | B56: ALBAFLOW JET TEINT | C56: 8.02 | D56: 0.2 | E56: 0.5 | F56: 0.5 | H56: 0.5 | I56: 0.5 | J56: 0.5
A57: teinture | B57: ACIDE ACETIQUE TEINT | C57: 1.45 | D57: 2 | E57: 1 | F57: 2 | G57: 0.4
A58: teinture | B58: CHLORURE DE CALCIUM | C58: 3.252 | D58: 0.025
A59: teinture | B59: CARBONATE DE SODIUM TEINT | C59: 0.77
A60: teinture | B60: ACIDE FORMIQUE TEINT | C60: 1.4
A61: teinture | B61: CHT CATALYSE BF
A62: teinture | B62: SARABID SBFN
A63: teinture | B63: REWIN ACP TEINT
A64: teinture | B64: eau oxygée
A65: teinture | B65: HEPTOL ESW
A66: teinture | B66: VISCAVIN SDF
A67: teinture | B67: SARABID LDR | C67: 5.89
A68: teinture | B68: CROSCOURT RDT TEINT | C68: 7.35 | G68: 2
A69: teinture | B69: ALBATEX AB45 TEINT | C69: 4.2332 | I69: 2 | J69: 2
A70: teinture | B70: SOUDE CAUSTIQUE TEINT | C70: 0.77
A71: teinture | B71: CROSOFT LISS TEINT | C71: 4.9 | G71: 0.07
A72: teinture | B72: SEL | C72: 0.11
A73: teinture | B73: CROSCOLOR PRP TEINT | C73: 6.6412
A74: fixation | B74: ACIDE FORMIQUE FIX | C74: 1.4 | F74: 2 | I74: 2 | J74: 2
A75: fixation | B75: REWIN KBL | C75: 7.107 | F75: 0.04 | I75: 0.04 | J75: 0.04
A76: fixation | B76: SOUDE CAUSTIQUE FIX | C76: 0.77 | D76: 1
A77: fixation | B77: ERIOFAST FIX | C77: 10.13 | D77: 0.0375
A78: fixation | B78: CROSCOURT RDT FIX | C78: 7.35 | D78: 1
A79: fixation | B79: COREZYMB NAP | C79: 5.79
A80: fixation | B80: COTOBLANC SEL | C80: 3.98
A81: fixation | B81: CARBONATE DE SOUDE FIX | C81: 0.77 | D81: 2
A82: fixation | B82: REWIN ACP FIX | C82: 4.2 | I82: 0.04
A83: fixation | B83: ACIDE ACETIQUE FIX | C83: 1.45 | D83: 1 | F83: 0.3 | I83: 0.2
A84: fixation | B84: CROSOFT LISS | C84: 4.9
A85: fixation | B85: CROSOFT GPAT | C85: 1.335 | E85: 6 | F85: 0.07 | H85: 5

Sheet PAM Clair U404-10 13-05-15
E1: Poids | F1: 68.8 | I1: cout total | J1: =E14+E73+E89+L13+T13+T71+L22+L23+L87+T88 -> 113.37576
E2: Volume | F2: =413*9 -> 3717
A3: cout preparation | B3: =E14+T13+L13 -> 29.725107 | E3: rapport du bain (1:6)
A5: preparation
A6: prod prep | B6: prix prod prep (DT) | C6: pourcentage prod prep | D6: quantité produits preparation (g ou ml) | E6: Coût produits chimiques (DT) | F6: poids matière (kg) | G6: volume de bain (L) | H6: volume du bain prep(L) | I6: durée (h) | J6: consommation eau adoucie prep (L) | K6: consommation sel (kg() | L6: cout eau +traitement | M6: cout eau +traitement | N6: consommation energie vapeur (KJ) | O6: consommation energie (KJ) | P6: consommation energie (kwh) | Q6: durée chauffage (h) | R6: consommation vapeur (kg) | S6: cout 1kg vapeur/h (DT) | T6: cout consommation vapeur (DT)
A7: BIAVIN BPA PREP | B7: =VLOOKUP(A7,'feuille de base Mars 2016'!B:C,2,FALSE) -> 1.45 | C7: =VLOOKUP(A7,'feuille de base Mars 2016'!B:I,8,FALSE) -> 2 | D7: =(C7*G7) -> 826 | E7: =(D7/1000)*B7 -> 1.1977 | F7: 68.8 | G7: 413 | H7: =SUM(212+306+306) -> 824 | I7: 1.35 | J7: =3*413 -> 1239 | K7: =(J7*3.33)/1000 -> 4.12587 | L7: =K7*0.11 -> 0.4538457 | M7: =(J7/1000)*5.5 -> 6.8145 | O7: =(((4.18*413*(35-22)))) -> 22442.42 | P7: =O7/3600 -> 6.2340056 | Q7: =10/60 -> 0.16666667 | T7: =P7*Q7*0.17 -> 0.17663016
A8: CROSCOUR RDT PREP | B8: =VLOOKUP(A8,'feuille de base Mars 2016'!B:C,2,FALSE) -> 7.353 | C8: =VLOOKUP(A8,'feuille de base Mars 2016'!B:I,8,FALSE) -> 0 | D8: =(C8*F8)*1000 -> 0 | E8: =(D8/1000)*B8 -> 0 | F8: 68.8 | G8: 413 | O8: =(4.18*413*(90-30)) -> 103580.4 | P8: =O8/3600 -> 28.772333 | Q8: =(45/60) -> 0.75 | T8: =P8*Q8*0.17 -> 3.6684725
A9: FELOSAN RGN PREP | B9: =VLOOKUP(A9,'feuille de base Mars 2016'!B:C,2,FALSE) -> 7.909 | C9: =VLOOKUP(A9,'feuille de base Mars 2016'!B:I,8,FALSE) -> 0.02 | D9: =(C9*F9)*1000 -> 1376 | E9: =(D9/1000)*B9 -> 10.882784 | F9: 68.8 | G9: 413 | O9: =(4.18*413*(50-25)) -> 43158.5 | P9: =O9/3600 -> 11.988472 | Q9: =10/60 -> 0.16666667 | T9: =P9*Q9*0.17 -> 0.33967338
A10: CARBONATE DE SOUDE PREP | B10: =VLOOKUP(A10,'feuille de base Mars 2016'!B:C,2,FALSE) -> 0.77 | C10: =VLOOKUP(A10,'feuille de base Mars 2016'!B:I,8,FALSE) -> 3 | D10: =(C10*G10) -> 1239 | E10: =(D10/1000)*B10 -> 0.95403 | F10: 68.8 | G10: 413 | O10: =(4.18*413*(38-25)) -> 22442.42 | P10: =O10/3600 -> 6.2340056 | Q10: =10/60 -> 0.16666667 | T10: =P10*Q10*0.17 -> 0.17663016
A11: ACIDE ACETIQUE PREP | B11: =VLOOKUP(A11,'feuille de base Mars 2016'!B:C,2,FALSE) -> 1.45 | C11: =VLOOKUP(A11,'feuille de base Mars 2016'!B:I,8,FALSE) -> 1 | D11: =(C11*G11) -> 413 | E11: =(D11/1000)*B11 -> 0.59885 | F11: 68.8 | G11: 413
A12: ALBAFLOW JET PREP | B12: =VLOOKUP(A12,'feuille de base Mars 2016'!B:C,2,FALSE) -> 8.02 | C12: =VLOOKUP(A12,'feuille de base Mars 2016'!B:I,8,FALSE) -> 0 | D12: =(C12*G12) -> 0 | E12: =(D12/1000)*B12 -> 0 | F12: 68.8 | G12: 413
A13: CROSCOLOR PRP PREP | B13: =VLOOKUP(A13,'feuille de base Mars 2016'!B:C,2,FALSE) -> 6.461 | C13: =VLOOKUP(A13,'feuille de base Mars 2016'!B:I,8,FALSE) -> 0 | D13: =(C13*G13) -> 0 | E13: =(D13/1000)*B13 -> 0 | F13: 68.8 | G13: 413 | L13: =SUM(L7:L12,M7) -> 7.2683457 | O13: =SUM(O7:O9) -> 169181.32 | P13: =SUM(P7:P9) -> 46.994811 | Q13: =SUM(Q7:Q11) -> 1.25 | T13: =SUM(T7:T9) -> 4.184776
E14: =SUM(E7:E11,L22,T13) -> 18.271986
A20: teinture
A21: colorants | B21: prix prod teint | C21: pourcentage prod teint | D21: quanatité produits teinture (g ou ml) | E21: prix prod teint | F21: poids matière (kg) | G21: volume du bain (L) | I21: durée (h) | J21: consommation eau adoucie (L) | K21: consommation sel (kg() | L21: cout eau +traitement | M21: cout eau +traitement | N21: consommation energie vapeur (KJ) | O21: consommation energie (KJ) | P21: consommation energie (kwh) | Q21: durée chauffage (h) | R21: consommation vapeur (kg) | S21: cout 1kg vapeur/h (DT) | T21: cout consommation vapeur (DT)
A22: BLEU BEMACID F2-G | B22: =VLOOKUP(A22,'feuille de base Mars 2016'!B:C,2,FALSE) -> 194.78 | C22: =VLOOKUP(A22,'feuille de base Mars 2016'!B:I,8,FALSE) -> 0 | D22: =(C22*F22)*1000 -> 0 | E22: =(D22*F22)/1000 -> 0 | F22: 68.8 | G22: 413 | I22: 0.33 | J22: =413*3 -> 1239 | K22: =(J22*3.33)/1000 -> 4.12587 | L22: =K22*0.11 -> 0.4538457 | M22: =(J22/1000)*5.5 -> 6.8145 | O22: =(413*4.18*(35-25)) -> 17263.4 | P22: =O22/3600 -> 4.7953889 | Q22: =15/60 -> 0.25 | T22: =P22*Q22*0.17 -> 0.20380403
A23: BLEU BEMACID ETL | B23: =VLOOKUP(A23,'feuille de base Mars 2016'!B:C,2,FALSE) -> 76.37 | C23: =VLOOKUP(A23,'feuille de base Mars 2016'!B:I,8,FALSE) -> 0 | D23: =(C23*F23)*1000 -> 0 | E23: =(D23*F23)/1000 -> 0 | F23: 68.8 | G23: 413 | I23: 1.83 | L23: =(964/1000)*1.19 -> 1.14716 | O23: =(4.18*1.1594)*(80-30) -> 242.3146 | P23: =O23/3600 -> 0.067309611 | Q23: =15/60 -> 0.25 | T23: =P23*Q23*0.17 -> 0.0028606585
A24: BLEU BEMACID NTF | B24: =VLOOKUP(A24,'feuille de base Mars 2016'!B:C,2,FALSE) -> 50.86524 | C24: =VLOOKUP(A24,'feuille de base Mars 2016'!B:I,8,FALSE) -> 0 | D24: =(C24*F24)*1000 -> 0 | E24: =(D24*F24)/1000 -> 0 | F24: 68.8 | G24: 413 | I24: 0.16 | O24: =(413*4.18*(98-30)) -> 117391.12 | P24: =O24/3600 -> 32.608644 | Q24: =15/60 -> 0.25 | T24: =P24*Q24*0.17 -> 1.3858674
A25: BLEU BEMACIDE FBL | B25: =VLOOKUP(A25,'feuille de base Mars 2016'!B:C,2,FALSE) -> 56.493 | C25: =VLOOKUP(A25,'feuille de base Mars 2016'!B:I,8,FALSE) -> 0 | D25: =(C25*F25)*1000 -> 0 | E25: =(D25*F25)/1000 -> 0 | F25: 68.8 | G25: 413 | O25: =(4.18*413*(98-80)) -> 31074.12 | P25: =O25/3600 -> 8.6317 | Q25: =75/60 -> 1.25 | T25: =P25*Q25*0.17 -> 1.8342363
A26: BLEU BEZACTIVE S-FR 150 | B26: =VLOOKUP(A26,'feuille de base Mars 2016'!B:C,2,FALSE) -> 56.83 | C26: =VLOOKUP(A26,'feuille de base Mars 2016'!B:I,8,FALSE) -> 0 | D26: =(C26*F26)*1000 -> 0 | E26: =(D26*F26)/1000 -> 0 | F26: 68.8 | G26: 413 | O26: =(413*4.18*(35-20)*2) -> 51790.2 | P26: =O26/3600 -> 14.386167 | Q26: =20/60 -> 0.33333333 | T26: =P26*Q26*0.17 -> 0.81521611
A27: BLEU BEZACTIVE SGLD | B27: =VLOOKUP(A27,'feuille de base Mars 2016'!B:C,2,FALSE) -> 33.15 | C27: =VLOOKUP(A27,'feuille de base Mars 2016'!B:I,8,FALSE) -> 0 | D27: =(C27*F27)*1000 -> 0 | E27: =(D27*F27)/1000 -> 0 | F27: 68.8 | G27: 413
A28: BLEU TUBANTIN BRR | B28: =VLOOKUP(A28,'feuille de base Mars 2016'!B:C,2,FALSE) -> 42.26 | C28: =VLOOKUP(A28,'feuille de base Mars 2016'!B:I,8,FALSE) -> 0 | D28: =(C28*F28)*1000 -> 0 | E28: =(D28*F28)/1000 -> 0 | F28: 68.8 | G28: 413
A29: BORDEAU BEMAPLEX NGT | B29: =VLOOKUP(A29,'feuille de base Mars 2016'!B:C,2,FALSE) -> 51.12 | C29: =VLOOKUP(A29,'feuille de base Mars 2016'!B:I,8,FALSE) -> 0 | D29: =(C29*F29)*1000 -> 0 | E29: =(D29*F29)/1000 -> 0 | F29: 68.8 | G29: 413
A30: BRUN TUBANTIN BLL | B30: =VLOOKUP(A30,'feuille de base Mars 2016'!B:C,2,FALSE) -> 0 | C30: =VLOOKUP(A30,'feuille de base Mars 2016'!B:I,8,FALSE) -> 0 | D30: =(C30*F30)*1000 -> 0 | E30: =(D30*F30)/1000 -> 0 | F30: 68.8 | G30: 413
A31: BRUN TUBANTIN GGL | B31: =VLOOKUP(A31,'feuille de base Mars 2016'!B:C,2,FALSE) -> 39.8 | C31: =VLOOKUP(A31,'feuille de base Mars 2016'!B:I,8,FALSE) -> 0 | D31: =(C31*F31)*1000 -> 0 | E31: =(D31*F31)/1000 -> 0 | F31: 68.8 | G31: 413
A32: ECARLATE BEMACIDE F3_G | B32: =VLOOKUP(A32,'feuille de base Mars 2016'!B:C,2,FALSE) -> 37.43 | C32: =VLOOKUP(A32,'feuille de base Mars 2016'!B:I,8,FALSE) -> 0 | D32: =(C32*F32)*1000 -> 0 | E32: =(D32*F32)/1000 -> 0 | F32: 68.8 | G32: 413
A33: FLAVINA FLUO INFANYL 10-G | B33: =VLOOKUP(A33,'feuille de base Mars 2016'!B:C,2,FALSE) -> 43.41258 | C33: =VLOOKUP(A33,'feuille de base Mars 2016'!B:I,8,FALSE) -> 0 | D33: =(C33*F33)*1000 -> 0 | E33: =(D33*F33)/1000 -> 0 | F33: 68.8 | G33: 413
A34: GRIS TUBANTIN CGLL | B34: =VLOOKUP(A34,'feuille de base Mars 2016'!B:C,2,FALSE) -> 60.57 | C34: =VLOOKUP(A34,'feuille de base Mars 2016'!B:I,8,FALSE) -> 0 | D34: =(C34*F34)*1000 -> 0 | E34: =(D34*F34)/1000 -> 0 | F34: 68.8 | G34: 413
A35: JAUNE BEMACIDE ETL | B35: =VLOOKUP(A35,'feuille de base Mars 2016'!B:C,2,FALSE) -> 63.36 | C35: =VLOOKUP(A35,'feuille de base Mars 2016'!B:I,8,FALSE) -> 0 | D35: =(C35*F35)*1000 -> 0 | E35: =(D35*F35)/1000 -> 0 | F35: 68.8 | G35: 413
A36: JAUNE BEMACIDE E4-G | B36: =VLOOKUP(A36,'feuille de base Mars 2016'!B:C,2,FALSE) -> 31.45 | C36: =VLOOKUP(A36,'feuille de base Mars 2016'!B:I,8,FALSE) -> 0 | D36: =(C36*F36)*1000 -> 0 | E36: =(D36*F36)/1000 -> 0 | F36: 68.8 | G36: 413
A37: JAUNE BEMACIDE FG | B37: =VLOOKUP(A37,'feuille de base Mars 2016'!B:C,2,FALSE) -> 66.45 | C37: =VLOOKUP(A37,'feuille de base Mars 2016'!B:I,8,FALSE) -> 0 | D37: =(C37*F37)*1000 -> 0 | E37: =(D37/1000)*B37 -> 0 | F37: 68.8 | G37: 413
A38: JAUNE BEMAPLEX MT | B38: =VLOOKUP(A38,'feuille de base Mars 2016'!B:C,2,FALSE) -> 40.81696 | C38: =VLOOKUP(A38,'feuille de base Mars 2016'!B:I,8,FALSE) -> 0.000923 | D38: =(C38*F38)*1000 -> 63.5024 | E38: =(D38/1000)*B38 -> 2.5919749 | F38: 68.8 | G38: 413
A39: ROUGE BEZACTIV S-3B | B39: =VLOOKUP(A39,'feuille de base Mars 2016'!B:C,2,FALSE) -> 12.81 | C39: =VLOOKUP(A39,'feuille de base Mars 2016'!B:I,8,FALSE) -> 0 | D39: =(C39*F39)*1000 -> 0 | E39: =(D39/1000)*B39 -> 0 | F39: 68.8 | G39: 413
A40: JAUNE BEZACTIV SLF | B40: =VLOOKUP(A40,'feuille de base Mars 2016'!B:C,2,FALSE) -> 17.68 | C40: =VLOOKUP(A40,'feuille de base Mars 2016'!B:I,8,FALSE) -> 0 | D40: =(C40*F40)*1000 -> 0 | E40: =(D40/1000)*B40 -> 0 | F40: 68.8 | G40: 413
A41: JAUNE BEZACTIVE S8G | B41: =VLOOKUP(A41,'feuille de base Mars 2016'!B:C,2,FALSE) -> 23.4 | C41: =VLOOKUP(A41,'feuille de base Mars 2016'!B:I,8,FALSE) -> 0 | D41: =(C41*F41)*1000 -> 0 | E41: =(D41/1000)*B41 -> 0 | F41: 68.8 | G41: 413 | O41: 0
A42: JAUNE TUBANTIN 4 GL | B42: =VLOOKUP(A42,'feuille de base Mars 2016'!B:C,2,FALSE) -> 44.8 | C42: =VLOOKUP(A42,'feuille de base Mars 2016'!B:I,8,FALSE) -> 0 | D42: =(C42*F42)*1000 -> 0 | E42: =(D42/1000)*B42 -> 0 | F42: 68.8 | G42: 413
A43: JAUNE TUBANTIN GR | B43: =VLOOKUP(A43,'feuille de base Mars 2016'!B:C,2,FALSE) -> 21.65 | C43: =VLOOKUP(A43,'feuille de base Mars 2016'!B:I,8,FALSE) -> 0 | D43: =(C43*F43)*1000 -> 0 | E43: =(D43/1000)*B43 -> 0 | F43: 68.8 | G43: 413
A44: MAIRNE BEZACTIVE S MAX | B44: =VLOOKUP(A44,'feuille de base Mars 2016'!B:C,2,FALSE) -> 13.87 | C44: =VLOOKUP(A44,'feuille de base Mars 2016'!B:I,8,FALSE) -> 0 | D44: =(C44*F44)*1000 -> 0 | E44: =(D44/1000)*B44 -> 0 | F44: 68.8 | G44: 413
A45: MARINE BEMAPLEX MT | B45: =VLOOKUP(A45,'feuille de base Mars 2016'!B:C,2,FALSE) -> 37.22988 | C45: =VLOOKUP(A45,'feuille de base Mars 2016'!B:I,8,FALSE) -> 0.0002 | D45: =(C45*F45)*1000 -> 13.76 | E45: =(D45/1000)*B45 -> 0.51228315 | F45: 68.8 | G45: 413
A46: MARINE BEZACTIVE S3G | B46: =VLOOKUP(A46,'feuille de base Mars 2016'!B:C,2,FALSE) -> 36.8 | C46: =VLOOKUP(A46,'feuille de base Mars 2016'!B:I,8,FALSE) -> 0 | D46: =(C46*F46)*1000 -> 0 | E46: =(D46/1000)*B46 -> 0 | F46: 68.8 | G46: 413
A47: NOIR BEMAPLEX DR | B47: =VLOOKUP(A47,'feuille de base Mars 2016'!B:C,2,FALSE) -> 12.9224 | C47: =VLOOKUP(A47,'feuille de base Mars 2016'!B:I,8,FALSE) -> 0 | D47: =(C47*F47)*1000 -> 0 | E47: =(D47/1000)*B47 -> 0 | F47: 68.8 | G47: 413
A48: NOIR COSMOS S MAX | B48: =VLOOKUP(A48,'feuille de base Mars 2016'!B:C,2,FALSE) -> 13.5 | C48: =VLOOKUP(A48,'feuille de base Mars 2016'!B:I,8,FALSE) -> 0 | D48: =(C48*F48)*1000 -> 0 | E48: =(D48/1000)*B48 -> 0 | F48: 68.8 | G48: 413
A49: NOIR ERIOFAST M | B49: =VLOOKUP(A49,'feuille de base Mars 2016'!B:C,2,FALSE) -> 36.6506 | C49: =VLOOKUP(A49,'feuille de base Mars 2016'!B:I,8,FALSE) -> 0 | D49: =(C49*F49)*1000 -> 0 | E49: =(D49/1000)*B49 -> 0 | F49: 68.8 | G49: 413
A50: NOIR ERIONAL AMR | B50: =VLOOKUP(A50,'feuille de base Mars 2016'!B:C,2,FALSE) -> 13.1452 | C50: =VLOOKUP(A50,'feuille de base Mars 2016'!B:I,8,FALSE) -> 0 | D50: =(C50*F50)*1000 -> 0 | E50: =(D50/1000)*B50 -> 0 | F50: 68.8 | G50: 413
A51: RODAMINA INFACIDE B CONC | B51: =VLOOKUP(A51,'feuille de base Mars 2016'!B:C,2,FALSE) -> 88.006 | C51: =VLOOKUP(A51,'feuille de base Mars 2016'!B:I,8,FALSE) -> 0 | D51: =(C51*F51)*1000 -> 0 | E51: =(D51/1000)*B51 -> 0 | F51: 68.8 | G51: 413
A52: ROUGE BEMACIDE ETL | B52: =VLOOKUP(A52,'feuille de base Mars 2016'!B:C,2,FALSE) -> 64.85 | C52: =VLOOKUP(A52,'feuille de base Mars 2016'!B:I,8,FALSE) -> 0 | D52: =(C52*F52)*1000 -> 0 | E52: =(D52/1000)*B52 -> 0 | F52: 68.8 | G52: 413
A53: ROUGE BEMACIDE FB | B53: =VLOOKUP(A53,'feuille de base Mars 2016'!B:C,2,FALSE) -> 37.0962 | C53: =VLOOKUP(A53,'feuille de base Mars 2016'!B:I,8,FALSE) -> 0 | D53: =(C53*F53)*1000 -> 0 | E53: =(D53/1000)*B53 -> 0 | F53: 68.8 | G53: 413
... A60: TURQUOISE TUBANTIN FBL | B60: =VLOOKUP(A60,'feuille de base Mars 2016'!B:C,2,FALSE) -> 35.22 | C60: =VLOOKUP(A60,'feuille de base Mars 2016'!B:I,8,FALSE) -> 0 | D60: =(C60*F60)*1000 -> 0 | E60: =(D60/1000)*B60 -> 0 | F60: 68.8 | G60: 413
A61: BIAVIN BPA TEINT | B61: =VLOOKUP(A61,'feuille de base Mars 2016'!B:C,2,FALSE) -> 1.45 | C61: =VLOOKUP(A61,'feuille de base Mars 2016'!B:I,8,FALSE) -> 2 | D61: =(C61*G61) -> 826 | E61: =(D61/1000)*B61 -> 1.1977 | F61: 68.8 | G61: 413
A62: SARABID IPD TEINT | B62: =VLOOKUP(A62,'feuille de base Mars 2016'!B:C,2,FALSE) -> 7.798 | C62: =VLOOKUP(A62,'feuille de base Mars 2016'!B:I,8,FALSE) -> 0.015 | D62: =(C62*F62)*1000 -> 1032 | E62: =(D62/1000)*B62 -> 8.047536 | F62: 68.8 | G62: 413
A63: SARABID IPF TEINT | B63: =VLOOKUP(A63,'feuille de base Mars 2016'!B:C,2,FALSE) -> 8.355 | C63: =VLOOKUP(A63,'feuille de base Mars 2016'!B:I,8,FALSE) -> 0.015 | D63: =(C63*F63)*1000 -> 1032 | E63: =(D63/1000)*B63 -> 8.62236 | F63: 68.8 | G63: 413
A64: MEROPAN EF TEINT | B64: =VLOOKUP(A64,'feuille de base Mars 2016'!B:C,2,FALSE) -> 13.6138 | C64: =VLOOKUP(A64,'feuille de base Mars 2016'!B:I,8,FALSE) -> 0 | D64: =(C64*G64) -> 0 | E64: =(D64/1000)*B64 -> 0 | F64: 68.8 | G64: 413
A65: ALBAFLOW JET TEINT | B65: =VLOOKUP(A65,'feuille de base Mars 2016'!B:C,2,FALSE) -> 8.02 | C65: =VLOOKUP(A65,'feuille de base Mars 2016'!B:I,8,FALSE) -> 0.5 | D65: =(C65*G65) -> 206.5 | E65: =(D65/1000)*B65 -> 1.65613 | F65: 68.8 | G65: 413
A66: CARBONATE DE SODIUM TEINT | B66: =VLOOKUP(A66,'feuille de base Mars 2016'!B:C,2,FALSE) -> 0.77 | C66: =VLOOKUP(A66,'feuille de base Mars 2016'!B:I,8,FALSE) -> 0 | F66: 68.8 | G66: 413
A67: ACIDE ACETIQUE TEINT | B67: =VLOOKUP(A67,'feuille de base Mars 2016'!B:C,2,FALSE) -> 1.45 | C67: =VLOOKUP(A67,'feuille de base Mars 2016'!B:I,8,FALSE) -> 0 | D67: =(C67*G67) -> 0 | E67: =(D67/1000)*B67 -> 0 | F67: 68.8 | G67: 413
A68: CHLORURE DE CALCIUM | B68: =VLOOKUP(A68,'feuille de base Mars 2016'!B:C,2,FALSE) -> 3.252 | C68: =VLOOKUP(A68,'feuille de base Mars 2016'!B:I,8,FALSE) -> 0 | D68: =(C68*F68)*1000 -> 0 | E68: =(D68/1000)*B68 -> 0 | F68: 68.8 | G68: 413
A69: ACIDE FORMIQUE TEINT | B69: =VLOOKUP(A69,'feuille de base Mars 2016'!B:C,2,FALSE) -> 1.4 | C69: =VLOOKUP(A69,'feuille de base Mars 2016'!B:I,8,FALSE) -> 0 | D69: =(C69*G69) -> 0 | E69: =(D69/1000)*B69 -> 0 | F69: 68.8 | G69: 413
A70: CROSCOURT RDT TEINT | B70: =VLOOKUP(A70,'feuille de base Mars 2016'!B:C,2,FALSE) -> 7.35 | C70: =VLOOKUP(A70,'feuille de base Mars 2016'!B:I,8,FALSE) -> 0 | D70: =(C70*G70) -> 0 | E70: =(D70/1000)*B70 -> 0 | F70: 68.8 | G70: 413
A71: ALBATEX AB45 TEINT | B71: =VLOOKUP(A71,'feuille de base Mars 2016'!B:C,2,FALSE) -> 4.2332 | C71: =VLOOKUP(A71,'feuille de base Mars 2016'!B:I,8,FALSE) -> 2 | D71: =(C71*G71) -> 826 | E71: =(D71/1000)*B71 -> 3.4966232 | F71: 68.8 | G71: 413 | O71: =SUM(O22:O70) -> 217761.15 | P71: =O71/3600 -> 60.48921 | Q71: =SUM(Q22:Q24) -> 0.75 | T71: =SUM(T22:T70) -> 4.2419844
A72: CROSCOLOR PRP TEINT | B72: =VLOOKUP(A72,'feuille de base Mars 2016'!B:C,2,FALSE) -> 6.6412 | C72: =VLOOKUP(A72,'feuille de base Mars 2016'!B:I,8,FALSE) -> 0 | D72: =(C72*G72) -> 0 | E72: =(D72/1000)*B72 -> 0 | F72: 68.8 | G72: 413
E73: =SUM(E22:E72,T71,L23) -> 31.929541
A75: cout teinture | B75: =SUM(E73+T71+L22+L23) -> 37.772531
A77: cout fixation | B77: =SUM(E89+T88+L87) -> 45.878124
A78: fixation
A79: prod fix | C79: pourcentage prod fix | I79: durée (h) | J79: consommation eau adoucie (L) | K79: consommation sel (kg() | L79: cout eau +traitement | M79: cout eau +traitement | N79: consommation energie vapeur (KJ) | O79: consommation energie (KJ) | P79: consommation energie (kwh) | Q79: durée chauffage (h) | R79: consommation vapeur (kg) | S79: cout 1kg vapeur/h (DT) | T79: cout consommation vapeur (DT)
A80: ACIDE FORMIQUE FIX | B80: =VLOOKUP(A80,'feuille de base Mars 2016'!B:C,2,FALSE) -> 1.4 | C80: =VLOOKUP(A80,'feuille de base Mars 2016'!B:I,8,FALSE) -> 2 | D80: =(C80*G80) -> 826 | E80: =(D80/1000)*B80 -> 1.1564 | F80: 68.8 | G80: 413 | J80: =413*3 -> 1239 | K80: =(J80*3.33)/1000 -> 4.12587 | L80: =K80*0.11 -> 0.4538457 | M80: =(J80/1000)*5.5 -> 6.8145 | O80: =(4.18*413*(35-25)) -> 17263.4 | P80: =O80/3600 -> 4.7953889 | Q80: =10/60 -> 0.16666667 | T80: =Q80*P80*0.17 -> 0.13586935
A81: REWIN KBL | B81: =VLOOKUP(A81,'feuille de base Mars 2016'!B:C,2,FALSE) -> 7.107 | C81: =VLOOKUP(A81,'feuille de base Mars 2016'!B:I,8,FALSE) -> 0.04 | D81: =(C81*F81)*1000 -> 2752 | E81: =(D81/1000)*B81 -> 19.558464 | F81: 68.8 | G81: 413 | O81: =(413*4.18*(70-38)) -> 55242.88 | P81: =O81/3600 -> 15.345244 | Q81: =40/60 -> 0.66666667 | T81: =Q81*P81*0.17 -> 1.7391277
A82: SOUDE CAUSTIQUE FIX | B82: =VLOOKUP(A82,'feuille de base Mars 2016'!B:C,2,FALSE) -> 0.77 | C82: =VLOOKUP(A82,'feuille de base Mars 2016'!B:I,8,FALSE) -> 0 | D82: =C82*G82 -> 0 | E82: =(D82/1000)*B82 -> 0 | F82: 68.8 | G82: 413 | L82: =(J80/1000)*1.19 -> 1.47441 | O82: =(4.18*413*(37-25)) -> 20716.08 | P82: =O82/3600 -> 5.7544667 | Q82: =10/60 -> 0.16666667 | T82: =Q82*P82*0.17 -> 0.16304322
A83: ERIOFAST FIX | B83: =VLOOKUP(A83,'feuille de base Mars 2016'!B:C,2,FALSE) -> 10.13 | C83: =VLOOKUP(A83,'feuille de base Mars 2016'!B:I,8,FALSE) -> 0 | D83: =(C83*F83)*1000 -> 0 | E83: =(D83/1000)*B83 -> 0 | F83: 68.8 | G83: 413 | O83: =(4.18*413*(40-25)) -> 25895.1 | P83: =O83/3600 -> 7.1930833 | Q83: =35/60 -> 0.58333333 | T83: =Q83*P83*0.17 -> 0.7133141
A84: CROSCOURT RDT FIX | B84: =VLOOKUP(A84,'feuille de base Mars 2016'!B:C,2,FALSE) -> 7.35 | C84: =VLOOKUP(A84,'feuille de base Mars 2016'!B:I,8,FALSE) -> 0 | D84: =C84*G84 -> 0 | E84: =(D84/1000)*B84 -> 0 | F84: 68.8 | G84: 413 | P84: =O84/3600 -> 0 | T84: =Q84*P84*0.17 -> 0
A85: CARBONATE DE SOUDE FIX | B85: =VLOOKUP(A85,'feuille de base Mars 2016'!B:C,2,FALSE) -> 0.77 | C85: =VLOOKUP(A85,'feuille de base Mars 2016'!B:I,8,FALSE) -> 0 | D85: =C85*G85 -> 0 | E85: =(D85/1000)*B85 -> 0 | F85: 68.8 | G85: 413 | T85: =Q85*P85*0.17 -> 0
A86: ACIDE ACETIQUE FIX | B86: =VLOOKUP(A86,'feuille de base Mars 2016'!B:C,2,FALSE) -> 1.45 | C86: =VLOOKUP(A86,'feuille de base Mars 2016'!B:I,8,FALSE) -> 0.2 | D86: =(C86*G86) -> 82.6 | E86: =(D86/1000)*B86 -> 0.11977 | F86: 68.8 | G86: 413
A87: REWIN ACP FIX | B87: =VLOOKUP(A87,'feuille de base Mars 2016'!B:C,2,FALSE) -> 4.2 | C87: =VLOOKUP(A87,'feuille de base Mars 2016'!B:I,8,FALSE) -> 0.04 | D87: =C87*F87*1000 -> 2752 | E87: =(D87/1000)*B87 -> 11.5584 | F87: 68.8 | G87: 413 | L87: =SUM(L80:L82) -> 1.9282557
A88: CROSOFT GPAT | B88: =VLOOKUP(A88,'feuille de base Mars 2016'!B:C,2,FALSE) -> 1.335 | C88: =VLOOKUP(A88,'feuille de base Mars 2016'!B:I,8,FALSE) -> 0 | D88: =C88*G88 -> 0 | E88: =(D88/1000)*B88 -> 0 | F88: 68.8 | G88: 413 | O88: =SUM(O80:O87) -> 119117.46 | P88: =O88/3600 -> 33.088183 | Q88: =SUM(Q80:Q87) -> 1.5833333 | T88: =SUM(T80:T85) -> 2.7513544
E89: =SUM(E80:E88,K80,T88,L87) -> 41.198514

Sheet peau doré C28-02  13-05-15
E1: Poids | F1: 25.2 | I1: cout total | J1: =B3+B75+B77 -> 95.044275
E2: Volume | F2: =9*504 -> 4536
A3: cout preparation | B3: =E14+M7+T13 -> 26.426312 | E3: rapport du bain (1:20)
A5: preparation
A6: prod prep | B6: prix prod prep (DT) | C6: pourcentage prod prep | D6: quantité produits preparation (g ou ml) | E6: Coût produits chimiques (DT) | F6: poids matière (kg) | G6: volume de bain (L) | H6: volume du bain prep(L) | I6: durée (h) | J6: consommation eau adoucie prep (L) | K6: consommation sel (kg() | L6: cout eau +traitement | M6: cout eau +traitement | N6: consommation energie vapeur (KJ) | O6: consommation energie (KJ) | P6: consommation energie (kwh) | Q6: durée chauffage (h) | R6: consommation vapeur (kg) | S6: cout 1kg vapeur/h (DT) | T6: cout consommation vapeur (DT)
A7: BIAVIN BPA PREP | B7: =VLOOKUP(A7,'feuille de base Mars 2016'!B:C,2,FALSE) -> 1.45 | C7: =VLOOKUP(A7,'feuille de base Mars 2016'!B:J,9,FALSE) -> 2 | D7: =(C7*G7) -> 1008 | E7: =(D7/1000)*B7 -> 1.4616 | F7: 25.2 | G7: 504 | H7: =SUM(212+306+306) -> 824 | I7: 1.35 | J7: =3*504 -> 1512 | K7: =(J7*3.33)/1000 -> 5.03496 | L7: =K7*0.11 -> 0.5538456 | M7: =(J7/1000)*5.5 -> 8.316 | O7: =(((4.18*504*(35-22)))) -> 27387.36 | P7: =O7/3600 -> 7.6076 | Q7: =10/60 -> 0.16666667 | T7: =P7*Q7*0.17 -> 0.21554867
A8: CROSCOUR RDT PREP | B8: =VLOOKUP(A8,'feuille de base Mars 2016'!B:C,2,FALSE) -> 7.353 | C8: =VLOOKUP(A8,'feuille de base Mars 2016'!B:J,9,FALSE) -> 0 | D8: =(C8*F8)*1000 -> 0 | E8: =(D8/1000)*B8 -> 0 | F8: 25.2 | G8: 504 | O8: =(4.18*504*(90-30)) -> 126403.2 | P8: =O8/3600 -> 35.112 | Q8: =(45/60) -> 0.75 | T8: =P8*Q8*0.17 -> 4.47678
A9: FELOSAN RGN PREP | B9: =VLOOKUP(A9,'feuille de base Mars 2016'!B:C,2,FALSE) -> 7.909 | C9: =VLOOKUP(A9,'feuille de base Mars 2016'!B:J,9,FALSE) -> 0.02 | D9: =(C9*F9)*1000 -> 504 | E9: =(D9/1000)*B9 -> 3.986136 | F9: 25.2 | G9: 504 | O9: =(4.18*504*(50-25)) -> 52668 | P9: =O9/3600 -> 14.63 | Q9: =10/60 -> 0.16666667 | T9: =P9*Q9*0.17 -> 0.41451667
A10: CARBONATE DE SOUDE PREP | B10: =VLOOKUP(A10,'feuille de base Mars 2016'!B:C,2,FALSE) -> 0.77 | C10: =VLOOKUP(A10,'feuille de base Mars 2016'!B:J,9,FALSE) -> 3 | D10: =(C10*G10) -> 1512 | E10: =(D10/1000)*B10 -> 1.16424 | F10: 25.2 | G10: 504 | O10: =(4.18*504*(38-25)) -> 27387.36 | P10: =O10/3600 -> 7.6076 | Q10: =10/60 -> 0.16666667 | T10: =P10*Q10*0.17 -> 0.21554867
A11: ACIDE ACETIQUE PREP | B11: =VLOOKUP(A11,'feuille de base Mars 2016'!B:C,2,FALSE) -> 1.45 | C11: =VLOOKUP(A11,'feuille de base Mars 2016'!B:J,9,FALSE) -> 1 | D11: =(C11*G11) -> 504 | E11: =(D11/1000)*B11 -> 0.7308 | F11: 25.2 | G11: 504
A12: ALBAFLOW JET PREP | B12: =VLOOKUP(A12,'feuille de base Mars 2016'!B:C,2,FALSE) -> 8.02 | C12: =VLOOKUP(A12,'feuille de base Mars 2016'!B:J,9,FALSE) -> 0 | D12: =(C12*G12) -> 0 | E12: =(D12/1000)*B12 -> 0 | F12: 25.2 | G12: 504
A13: CROSCOLOR PRP PREP | B13: =VLOOKUP(A13,'feuille de base Mars 2016'!B:C,2,FALSE) -> 6.461 | C13: =VLOOKUP(A13,'feuille de base Mars 2016'!B:J,9,FALSE) -> 0 | D13: =(C13*G13) -> 0 | E13: =(D13/1000)*B13 -> 0 | F13: 25.2 | G13: 504 | L13: =SUM(L7:L12,M7) -> 8.8698456 | O13: =SUM(O7:O9) -> 206458.56 | P13: =SUM(P7:P9) -> 57.3496 | Q13: =SUM(Q7:Q11) -> 1.25 | T13: =SUM(T7:T9) -> 5.1068453
E14: =SUM(E7:E11,L22,T13) -> 13.003467
A20: teinture
A21: colorants | B21: prix prod teint | C21: pourcentage prod teint | D21: quanatité produits teinture (g ou ml) | E21: prix prod teint | F21: poids matière (kg) | G21: volume du bain (L) | I21: durée (h) | J21: consommation eau adoucie (L) | K21: consommation sel (kg() | L21: cout eau +traitement | M21: cout eau +traitement | N21: consommation energie vapeur (KJ) | O21: consommation energie (KJ) | P21: consommation energie (kwh) | Q21: durée chauffage (h) | R21: consommation vapeur (kg) | S21: cout 1kg vapeur/h (DT) | T21: cout consommation vapeur (DT)
A22: BLEU BEMACID F2-G | B22: =VLOOKUP(A22,'feuille de base Mars 2016'!B:C,2,FALSE) -> 194.78 | C22: =VLOOKUP(A22,'feuille de base Mars 2016'!B:J,9,FALSE) -> 0 | D22: =(C22*F22)*1000 -> 0 | E22: =(D22*F22)/1000 -> 0 | F22: 25.2 | G22: 504 | I22: 0.33 | J22: =504*3 -> 1512 | K22: =(J22*3.33)/1000 -> 5.03496 | L22: =K22*0.11 -> 0.5538456 | M22: =(J22/1000)*5.5 -> 8.316 | O22: =(504*4.18*(35-25)) -> 21067.2 | P22: =O22/3600 -> 5.852 | Q22: =15/60 -> 0.25 | T22: =P22*Q22*0.17 -> 0.24871
A23: BLEU BEMACID ETL | B23: =VLOOKUP(A23,'feuille de base Mars 2016'!B:C,2,FALSE) -> 76.37 | C23: =VLOOKUP(A23,'feuille de base Mars 2016'!B:J,9,FALSE) -> 7.2e-05 | D23: =(C23*F23)*1000 -> 1.8144 | E23: =(D23*F23)/1000 -> 0.04572288 | F23: 25.2 | G23: 504 | I23: 1.83 | L23: =(964/1000)*1.19 -> 1.14716 | O23: =(0.193*4.18)*(80-30) -> 40.337 | P23: =O23/3600 -> 0.011204722 | Q23: =15/60 -> 0.25 | T23: =P23*Q23*0.17 -> 0.00047620069
A24: BLEU BEMACID NTF | B24: =VLOOKUP(A24,'feuille de base Mars 2016'!B:C,2,FALSE) -> 50.86524 | C24: =VLOOKUP(A24,'feuille de base Mars 2016'!B:J,9,FALSE) -> 0 | D24: =(C24*F24)*1000 -> 0 | E24: =(D24*F24)/1000 -> 0 | F24: 25.2 | G24: 504 | I24: 0.16 | O24: =(504*4.18*(98-30)) -> 143256.96 | P24: =O24/3600 -> 39.7936 | Q24: =15/60 -> 0.25 | T24: =P24*Q24*0.17 -> 1.691228
A25: BLEU BEMACIDE FBL | B25: =VLOOKUP(A25,'feuille de base Mars 2016'!B:C,2,FALSE) -> 56.493 | C25: =VLOOKUP(A25,'feuille de base Mars 2016'!B:J,9,FALSE) -> 0 | D25: =(C25*F25)*1000 -> 0 | E25: =(D25*F25)/1000 -> 0 | F25: 25.2 | G25: 504 | O25: =(4.18*504*(98-80)) -> 37920.96 | P25: =O25/3600 -> 10.5336 | Q25: =75/60 -> 1.25 | T25: =P25*Q25*0.17 -> 2.23839
A26: BLEU BEZACTIVE S-FR 150 | B26: =VLOOKUP(A26,'feuille de base Mars 2016'!B:C,2,FALSE) -> 56.83 | C26: =VLOOKUP(A26,'feuille de base Mars 2016'!B:J,9,FALSE) -> 0 | D26: =(C26*F26)*1000 -> 0 | E26: =(D26*F26)/1000 -> 0 | F26: 25.2 | G26: 504 | O26: =(504*4.18*(35-20)*2) -> 63201.6 | P26: =O26/3600 -> 17.556 | Q26: =20/60 -> 0.33333333 | T26: =P26*Q26*0.17 -> 0.99484
A27: BLEU BEZACTIVE SGLD | B27: =VLOOKUP(A27,'feuille de base Mars 2016'!B:C,2,FALSE) -> 33.15 | C27: =VLOOKUP(A27,'feuille de base Mars 2016'!B:J,9,FALSE) -> 0 | D27: =(C27*F27)*1000 -> 0 | E27: =(D27*F27)/1000 -> 0 | F27: 25.2 | G27: 504
A28: BLEU TUBANTIN BRR | B28: =VLOOKUP(A28,'feuille de base Mars 2016'!B:C,2,FALSE) -> 42.26 | C28: =VLOOKUP(A28,'feuille de base Mars 2016'!B:J,9,FALSE) -> 0 | D28: =(C28*F28)*1000 -> 0 | E28: =(D28*F28)/1000 -> 0 | F28: 25.2 | G28: 504
A29: BORDEAU BEMAPLEX NGT | B29: =VLOOKUP(A29,'feuille de base Mars 2016'!B:C,2,FALSE) -> 51.12 | C29: =VLOOKUP(A29,'feuille de base Mars 2016'!B:J,9,FALSE) -> 0 | D29: =(C29*F29)*1000 -> 0 | E29: =(D29*F29)/1000 -> 0 | F29: 25.2 | G29: 504
A30: BRUN TUBANTIN BLL | B30: =VLOOKUP(A30,'feuille de base Mars 2016'!B:C,2,FALSE) -> 0 | C30: =VLOOKUP(A30,'feuille de base Mars 2016'!B:J,9,FALSE) -> 0 | D30: =(C30*F30)*1000 -> 0 | E30: =(D30*F30)/1000 -> 0 | F30: 25.2 | G30: 504
A31: BRUN TUBANTIN GGL | B31: =VLOOKUP(A31,'feuille de base Mars 2016'!B:C,2,FALSE) -> 39.8 | C31: =VLOOKUP(A31,'feuille de base Mars 2016'!B:J,9,FALSE) -> 0 | D31: =(C31*F31)*1000 -> 0 | E31: =(D31*F31)/1000 -> 0 | F31: 25.2 | G31: 504
A32: ECARLATE BEMACIDE F3_G | B32: =VLOOKUP(A32,'feuille de base Mars 2016'!B:C,2,FALSE) -> 37.43 | C32: =VLOOKUP(A32,'feuille de base Mars 2016'!B:J,9,FALSE) -> 0 | D32: =(C32*F32)*1000 -> 0 | E32: =(D32*F32)/1000 -> 0 | F32: 25.2 | G32: 504
A33: FLAVINA FLUO INFANYL 10-G | B33: =VLOOKUP(A33,'feuille de base Mars 2016'!B:C,2,FALSE) -> 43.41258 | C33: =VLOOKUP(A33,'feuille de base Mars 2016'!B:J,9,FALSE) -> 0 | D33: =(C33*F33)*1000 -> 0 | E33: =(D33*F33)/1000 -> 0 | F33: 25.2 | G33: 504
A34: GRIS TUBANTIN CGLL | B34: =VLOOKUP(A34,'feuille de base Mars 2016'!B:C,2,FALSE) -> 60.57 | C34: =VLOOKUP(A34,'feuille de base Mars 2016'!B:J,9,FALSE) -> 0 | D34: =(C34*F34)*1000 -> 0 | E34: =(D34*F34)/1000 -> 0 | F34: 25.2 | G34: 504
A35: JAUNE BEMACIDE ETL | B35: =VLOOKUP(A35,'feuille de base Mars 2016'!B:C,2,FALSE) -> 63.36 | C35: =VLOOKUP(A35,'feuille de base Mars 2016'!B:J,9,FALSE) -> 0.000923 | D35: =(C35*F35)*1000 -> 23.2596 | E35: =(D35*F35)/1000 -> 0.58614192 | F35: 25.2 | G35: 504
A36: JAUNE BEMACIDE E4-G | B36: =VLOOKUP(A36,'feuille de base Mars 2016'!B:C,2,FALSE) -> 31.45 | C36: =VLOOKUP(A36,'feuille de base Mars 2016'!B:J,9,FALSE) -> 0 | D36: =(C36*F36)*1000 -> 0 | E36: =(D36*F36)/1000 -> 0 | F36: 25.2 | G36: 504
A37: JAUNE BEMACIDE FG | B37: =VLOOKUP(A37,'feuille de base Mars 2016'!B:C,2,FALSE) -> 66.45 | C37: =VLOOKUP(A37,'feuille de base Mars 2016'!B:J,9,FALSE) -> 0 | D37: =(C37*F37)*1000 -> 0 | E37: =(D37/1000)*B37 -> 0 | F37: 25.2 | G37: 504
A38: JAUNE BEMAPLEX MT | B38: =VLOOKUP(A38,'feuille de base Mars 2016'!B:C,2,FALSE) -> 40.81696 | C38: =VLOOKUP(A38,'feuille de base Mars 2016'!B:J,9,FALSE) -> 0 | D38: =(C38*F38)*1000 -> 0 | E38: =(D38/1000)*B38 -> 0 | F38: 25.2 | G38: 504
A39: ROUGE BEZACTIV S-3B | B39: =VLOOKUP(A39,'feuille de base Mars 2016'!B:C,2,FALSE) -> 12.81 | C39: =VLOOKUP(A39,'feuille de base Mars 2016'!B:J,9,FALSE) -> 0 | D39: =(C39*F39)*1000 -> 0 | E39: =(D39/1000)*B39 -> 0 | F39: 25.2 | G39: 504
A40: JAUNE BEZACTIV SLF | B40: =VLOOKUP(A40,'feuille de base Mars 2016'!B:C,2,FALSE) -> 17.68 | C40: =VLOOKUP(A40,'feuille de base Mars 2016'!B:J,9,FALSE) -> 0 | D40: =(C40*F40)*1000 -> 0 | E40: =(D40/1000)*B40 -> 0 | F40: 25.2 | G40: 504
A41: JAUNE BEZACTIVE S8G | B41: =VLOOKUP(A41,'feuille de base Mars 2016'!B:C,2,FALSE) -> 23.4 | C41: =VLOOKUP(A41,'feuille de base Mars 2016'!B:J,9,FALSE) -> 0 | D41: =(C41*F41)*1000 -> 0 | E41: =(D41/1000)*B41 -> 0 | F41: 25.2 | G41: 504 | O41: 0
A42: JAUNE TUBANTIN 4 GL | B42: =VLOOKUP(A42,'feuille de base Mars 2016'!B:C,2,FALSE) -> 44.8 | C42: =VLOOKUP(A42,'feuille de base Mars 2016'!B:J,9,FALSE) -> 0 | D42: =(C42*F42)*1000 -> 0 | E42: =(D42/1000)*B42 -> 0 | F42: 25.2 | G42: 504
A43: JAUNE TUBANTIN GR | B43: =VLOOKUP(A43,'feuille de base Mars 2016'!B:C,2,FALSE) -> 21.65 | C43: =VLOOKUP(A43,'feuille de base Mars 2016'!B:J,9,FALSE) -> 0 | D43: =(C43*F43)*1000 -> 0 | E43: =(D43/1000)*B43 -> 0 | F43: 25.2 | G43: 504
A44: MAIRNE BEZACTIVE S MAX | B44: =VLOOKUP(A44,'feuille de base Mars 2016'!B:C,2,FALSE) -> 13.87 | C44: =VLOOKUP(A44,'feuille de base Mars 2016'!B:J,9,FALSE) -> 0 | D44: =(C44*F44)*1000 -> 0 | E44: =(D44/1000)*B44 -> 0 | F44: 25.2 | G44: 504
A45: MARINE BEMAPLEX MT | B45: =VLOOKUP(A45,'feuille de base Mars 2016'!B:C,2,FALSE) -> 37.22988 | C45: =VLOOKUP(A45,'feuille de base Mars 2016'!B:J,9,FALSE) -> 0.0002 | D45: =(C45*F45)*1000 -> 5.04 | E45: =(D45/1000)*B45 -> 0.1876386 | F45: 25.2 | G45: 504
A46: MARINE BEZACTIVE S3G | B46: =VLOOKUP(A46,'feuille de base Mars 2016'!B:C,2,FALSE) -> 36.8 | C46: =VLOOKUP(A46,'feuille de base Mars 2016'!B:J,9,FALSE) -> 0 | D46: =(C46*F46)*1000 -> 0 | E46: =(D46/1000)*B46 -> 0 | F46: 25.2 | G46: 504
A47: NOIR BEMAPLEX DR | B47: =VLOOKUP(A47,'feuille de base Mars 2016'!B:C,2,FALSE) -> 12.9224 | C47: =VLOOKUP(A47,'feuille de base Mars 2016'!B:J,9,FALSE) -> 0 | D47: =(C47*F47)*1000 -> 0 | E47: =(D47/1000)*B47 -> 0 | F47: 25.2 | G47: 504
A48: NOIR COSMOS S MAX | B48: =VLOOKUP(A48,'feuille de base Mars 2016'!B:C,2,FALSE) -> 13.5 | C48: =VLOOKUP(A48,'feuille de base Mars 2016'!B:J,9,FALSE) -> 0 | D48: =(C48*F48)*1000 -> 0 | E48: =(D48/1000)*B48 -> 0 | F48: 25.2 | G48: 504
A49: NOIR ERIOFAST M | B49: =VLOOKUP(A49,'feuille de base Mars 2016'!B:C,2,FALSE) -> 36.6506 | C49: =VLOOKUP(A49,'feuille de base Mars 2016'!B:J,9,FALSE) -> 0 | D49: =(C49*F49)*1000 -> 0 | E49: =(D49/1000)*B49 -> 0 | F49: 25.2 | G49: 504
A50: NOIR ERIONAL AMR | B50: =VLOOKUP(A50,'feuille de base Mars 2016'!B:C,2,FALSE) -> 13.1452 | C50: =VLOOKUP(A50,'feuille de base Mars 2016'!B:J,9,FALSE) -> 0 | D50: =(C50*F50)*1000 -> 0 | E50: =(D50/1000)*B50 -> 0 | F50: 25.2 | G50: 504
A51: RODAMINA INFACIDE B CONC | B51: =VLOOKUP(A51,'feuille de base Mars 2016'!B:C,2,FALSE) -> 88.006 | C51: =VLOOKUP(A51,'feuille de base Mars 2016'!B:J,9,FALSE) -> 0 | D51: =(C51*F51)*1000 -> 0 | E51: =(D51/1000)*B51 -> 0 | F51: 25.2 | G51: 504
A52: ROUGE BEMACIDE ETL | B52: =VLOOKUP(A52,'feuille de base Mars 2016'!B:C,2,FALSE) -> 64.85 | C52: =VLOOKUP(A52,'feuille de base Mars 2016'!B:J,9,FALSE) -> 0.00015 | D52: =(C52*F52)*1000 -> 3.78 | E52: =(D52/1000)*B52 -> 0.245133 | F52: 25.2 | G52: 504
A53: ROUGE BEMACIDE FB | B53: =VLOOKUP(A53,'feuille de base Mars 2016'!B:C,2,FALSE) -> 37.0962 | C53: =VLOOKUP(A53,'feuille de base Mars 2016'!B:J,9,FALSE) -> 0 | D53: =(C53*F53)*1000 -> 0 | E53: =(D53/1000)*B53 -> 0 | F53: 25.2 | G53: 504
... A60: TURQUOISE TUBANTIN FBL | B60: =VLOOKUP(A60,'feuille de base Mars 2016'!B:C,2,FALSE) -> 35.22 | C60: =VLOOKUP(A60,'feuille de base Mars 2016'!B:J,9,FALSE) -> 0 | D60: =(C60*F60)*1000 -> 0 | E60: =(D60/1000)*B60 -> 0 | F60: 25.2 | G60: 504
A61: BIAVIN BPA TEINT | B61: =VLOOKUP(A61,'feuille de base Mars 2016'!B:C,2,FALSE) -> 1.45 | C61: =VLOOKUP(A61,'feuille de base Mars 2016'!B:J,9,FALSE) -> 2 | D61: =(C61*G61) -> 1008 | E61: =(D61/1000)*B61 -> 1.4616 | F61: 25.2 | G61: 504
A62: SARABID IPD TEINT | B62: =VLOOKUP(A62,'feuille de base Mars 2016'!B:C,2,FALSE) -> 7.798 | C62: =VLOOKUP(A62,'feuille de base Mars 2016'!B:J,9,FALSE) -> 0.015 | D62: =(C62*F62)*1000 -> 378 | E62: =(D62/1000)*B62 -> 2.947644 | F62: 25.2 | G62: 504
A63: SARABID IPF TEINT | B63: =VLOOKUP(A63,'feuille de base Mars 2016'!B:C,2,FALSE) -> 8.355 | C63: =VLOOKUP(A63,'feuille de base Mars 2016'!B:J,9,FALSE) -> 0.015 | D63: =(C63*F63)*1000 -> 378 | E63: =(D63/1000)*B63 -> 3.15819 | F63: 25.2 | G63: 504
A64: MEROPAN EF TEINT | B64: =VLOOKUP(A64,'feuille de base Mars 2016'!B:C,2,FALSE) -> 13.6138 | C64: =VLOOKUP(A64,'feuille de base Mars 2016'!B:J,9,FALSE) -> 0 | D64: =(C64*G64) -> 0 | E64: =(D64/1000)*B64 -> 0 | F64: 25.2 | G64: 504
A65: ALBAFLOW JET TEINT | B65: =VLOOKUP(A65,'feuille de base Mars 2016'!B:C,2,FALSE) -> 8.02 | C65: =VLOOKUP(A65,'feuille de base Mars 2016'!B:J,9,FALSE) -> 0.5 | D65: =(C65*G65) -> 252 | E65: =(D65/1000)*B65 -> 2.02104 | F65: 25.2 | G65: 504
A66: CARBONATE DE SODIUM TEINT | B66: =VLOOKUP(A66,'feuille de base Mars 2016'!B:C,2,FALSE) -> 0.77 | C66: =VLOOKUP(A66,'feuille de base Mars 2016'!B:J,9,FALSE) -> 0 | F66: 25.2 | G66: 504
A67: ACIDE ACETIQUE TEINT | B67: =VLOOKUP(A67,'feuille de base Mars 2016'!B:C,2,FALSE) -> 1.45 | C67: =VLOOKUP(A67,'feuille de base Mars 2016'!B:J,9,FALSE) -> 0 | D67: =(C67*G67) -> 0 | E67: =(D67/1000)*B67 -> 0 | F67: 25.2 | G67: 504
A68: CHLORURE DE CALCIUM | B68: =VLOOKUP(A68,'feuille de base Mars 2016'!B:C,2,FALSE) -> 3.252 | C68: =VLOOKUP(A68,'feuille de base Mars 2016'!B:J,9,FALSE) -> 0 | D68: =(C68*F68)*1000 -> 0 | E68: =(D68/1000)*B68 -> 0 | F68: 25.2 | G68: 504
A69: ACIDE FORMIQUE TEINT | B69: =VLOOKUP(A69,'feuille de base Mars 2016'!B:C,2,FALSE) -> 1.4 | C69: =VLOOKUP(A69,'feuille de base Mars 2016'!B:J,9,FALSE) -> 0 | D69: =(C69*G69) -> 0 | E69: =(D69/1000)*B69 -> 0 | F69: 25.2 | G69: 504
A70: CROSCOURT RDT TEINT | B70: =VLOOKUP(A70,'feuille de base Mars 2016'!B:C,2,FALSE) -> 7.35 | C70: =VLOOKUP(A70,'feuille de base Mars 2016'!B:J,9,FALSE) -> 0 | D70: =(C70*G70) -> 0 | E70: =(D70/1000)*B70 -> 0 | F70: 25.2 | G70: 504
A71: ALBATEX AB45 TEINT | B71: =VLOOKUP(A71,'feuille de base Mars 2016'!B:C,2,FALSE) -> 4.2332 | C71: =VLOOKUP(A71,'feuille de base Mars 2016'!B:J,9,FALSE) -> 2 | D71: =(C71*G71) -> 1008 | E71: =(D71/1000)*B71 -> 4.2670656 | F71: 25.2 | G71: 504 | O71: =SUM(O22:O70) -> 265487.06 | P71: =O71/3600 -> 73.746405 | Q71: =SUM(Q22:Q24) -> 0.75 | T71: =SUM(T22:T70) -> 5.1736442
A72: CROSCOLOR PRP TEINT | B72: =VLOOKUP(A72,'feuille de base Mars 2016'!B:C,2,FALSE) -> 6.6412 | C72: =VLOOKUP(A72,'feuille de base Mars 2016'!B:J,9,FALSE) -> 0 | D72: =(C72*G72) -> 0 | E72: =(D72/1000)*B72 -> 0 | F72: 25.2 | G72: 504
E73: =SUM(E22:E72,T71,L23) -> 21.24098
A75: cout teinture | B75: =SUM(E73+M22+T71) -> 34.730624
A77: cout fixation | B77: =SUM(E89+M80+T88) -> 33.887338
A78: fixation
A79: prod fix | C79: pourcentage prod fix | I79: durée (h) | J79: consommation eau adoucie (L) | K79: consommation sel (kg() | L79: cout eau +traitement | M79: cout eau +traitement | N79: consommation energie vapeur (KJ) | O79: consommation energie (KJ) | P79: consommation energie (kwh) | Q79: durée chauffage (h) | R79: consommation vapeur (kg) | S79: cout 1kg vapeur/h (DT) | T79: cout consommation vapeur (DT)
A80: ACIDE FORMIQUE FIX | B80: =VLOOKUP(A80,'feuille de base Mars 2016'!B:C,2,FALSE) -> 1.4 | C80: =VLOOKUP(A80,'feuille de base Mars 2016'!B:I,8,FALSE) -> 2 | D80: =(C80*G80) -> 1008 | E80: =(D80/1000)*B80 -> 1.4112 | F80: 25.2 | G80: 504 | J80: =504*3 -> 1512 | K80: =(J80*3.33)/1000 -> 5.03496 | L80: =K80*0.11 -> 0.5538456 | M80: =(J80/1000)*5.5 -> 8.316 | O80: =(4.18*504*(35-25)) -> 21067.2 | P80: =O80/3600 -> 5.852 | Q80: =10/60 -> 0.16666667 | T80: =Q80*P80*0.17 -> 0.16580667
A81: REWIN KBL | B81: =VLOOKUP(A81,'feuille de base Mars 2016'!B:C,2,FALSE) -> 7.107 | C81: =VLOOKUP(A81,'feuille de base Mars 2016'!B:I,8,FALSE) -> 0.04 | D81: =(C81*F81)*1000 -> 1008 | E81: =(D81/1000)*B81 -> 7.163856 | F81: 25.2 | G81: 504 | O81: =(504*4.18*(70-38)) -> 67415.04 | P81: =O81/3600 -> 18.7264 | Q81: =40/60 -> 0.66666667 | T81: =Q81*P81*0.17 -> 2.1223253
A82: SOUDE CAUSTIQUE FIX | B82: =VLOOKUP(A82,'feuille de base Mars 2016'!B:C,2,FALSE) -> 0.77 | C82: =VLOOKUP(A82,'feuille de base Mars 2016'!B:I,8,FALSE) -> 0 | D82: =C82*G82 -> 0 | E82: =(D82/1000)*B82 -> 0 | F82: 25.2 | G82: 504 | L82: =(J80/1000)*1.19 -> 1.79928 | O82: =(4.18*413*(37-25))*2 -> 41432.16 | P82: =O82/3600 -> 11.508933 | Q82: =10/60 -> 0.16666667 | T82: =Q82*P82*0.17 -> 0.32608644
A83: ERIOFAST FIX | B83: =VLOOKUP(A83,'feuille de base Mars 2016'!B:C,2,FALSE) -> 10.13 | C83: =VLOOKUP(A83,'feuille de base Mars 2016'!B:I,8,FALSE) -> 0 | D83: =(C83*F83)*1000 -> 0 | E83: =(D83/1000)*B83 -> 0 | F83: 25.2 | G83: 504 | P83: =O83/3600 -> 0 | T83: =Q83*P83*0.17 -> 0
A84: CROSCOURT RDT FIX | B84: =VLOOKUP(A84,'feuille de base Mars 2016'!B:C,2,FALSE) -> 7.35 | C84: =VLOOKUP(A84,'feuille de base Mars 2016'!B:I,8,FALSE) -> 0 | D84: =C84*G84 -> 0 | E84: =(D84/1000)*B84 -> 0 | F84: 25.2 | G84: 504 | P84: =O84/3600 -> 0 | T84: =Q84*P84*0.17 -> 0
A85: CARBONATE DE SOUDE FIX | B85: =VLOOKUP(A85,'feuille de base Mars 2016'!B:C,2,FALSE) -> 0.77 | C85: =VLOOKUP(A85,'feuille de base Mars 2016'!B:I,8,FALSE) -> 0 | D85: =C85*G85 -> 0 | E85: =(D85/1000)*B85 -> 0 | F85: 25.2 | G85: 504 | T85: =Q85*P85*0.17 -> 0
A86: ACIDE ACETIQUE FIX | B86: =VLOOKUP(A86,'feuille de base Mars 2016'!B:C,2,FALSE) -> 1.45 | C86: =VLOOKUP(A86,'feuille de base Mars 2016'!B:I,8,FALSE) -> 0.2 | D86: =(C86*G86) -> 100.8 | E86: =(D86/1000)*B86 -> 0.14616 | F86: 25.2 | G86: 504
A87: REWIN ACP FIX | B87: =VLOOKUP(A87,'feuille de base Mars 2016'!B:C,2,FALSE) -> 4.2 | C87: =VLOOKUP(A87,'feuille de base Mars 2016'!B:I,8,FALSE) -> 0.04 | D87: =C87*F87*1000 -> 1008 | E87: =(D87/1000)*B87 -> 4.2336 | F87: 25.2 | G87: 504 | L87: =SUM(L80:L82) -> 2.3531256
A88: CROSOFT GPAT | B88: =VLOOKUP(A88,'feuille de base Mars 2016'!B:C,2,FALSE) -> 1.335 | C88: =VLOOKUP(A88,'feuille de base Mars 2016'!B:I,8,FALSE) -> 0 | D88: =C88*G88 -> 0 | E88: =(D88/1000)*B88 -> 0 | F88: 25.2 | G88: 504 | O88: =SUM(O80:O87) -> 129914.4 | P88: =O88/3600 -> 36.087333 | Q88: =SUM(Q80:Q87) -> 1 | T88: =SUM(T80:T85) -> 2.6142184
E89: =SUM(E80:E88,K80,T88,L87) -> 22.95712

Sheet LYTESS NOIR NR-7,5% 9-03-16
F1: Poids | G1: 47 | J1: cout total | K1: =F14+F73+F89+M13+U13+U71+M22+M23+M87+U88 -> 216.74327
F2: Volume | G2: =212+306+306+212+376+376+212+376+306+306+306 -> 3294
B3: cout preparation | C3: =F14+U13+M13 -> 23.172861 | F3: rapport du bain (1:8)
B5: preparation
B6: prod prep | C6: prix prod prep (DT) | D6: pourcentage prod prep | E6: quantité produits preparation (g ou ml) | F6: Coût produits chimiques (DT) | G6: poids matière (kg) | H6: volume de bain (L) | I6: volume du bain prep(L) | J6: durée (h) | K6: consommation eau adoucie prep (L) | L6: consommation sel (kg() | M6: cout eau +traitement | N6: cout eau +traitement | O6: consommation energie vapeur (KJ) | P6: consommation energie (KJ) | Q6: consommation energie (kwh) | R6: durée chauffage (h) | S6: consommation vapeur (kg) | T6: cout 1kg vapeur/h (DT) | U6: cout consommation vapeur (DT)
B7: BIAVIN BPA PREP | C7: =VLOOKUP(B7,'[1]feuille de base'!B:C,2,FALSE) -> 1.45 | D7: =VLOOKUP(B7,'feuille de base Mars 2016'!B:D,3,FALSE) -> 2 | E7: =(D7*H7) -> 424 | F7: =(E7/1000)*C7 -> 0.6148 | G7: 47 | H7: 212 | I7: =SUM(212+306+306) -> 824 | J7: 1.35 | K7: =SUM(212+306+306) -> 824 | L7: =(K7*3.33)/1000 -> 2.74392 | M7: =L7*0.11 -> 0.3018312 | N7: =(K7/1000)*5.5 -> 4.532 | P7: =(((4.18*212*(80-22)))) -> 51397.28 | Q7: =P7/3600 -> 14.277022 | R7: =70/60 -> 1.1666667 | U7: =Q7*R7*0.17 -> 2.8316094
B8: CROSCOUR RDT PREP | C8: =VLOOKUP(B8,'[1]feuille de base'!B:C,2,FALSE) -> 7.353 | D8: 0 | E8: =(D8*G8)*1000 -> 0 | F8: =(E8/1000)*C8 -> 0 | G8: 47 | H8: 212 | P8: =(4.18*306*(50-26))*2 -> 61395.84 | Q8: =P8/3600 -> 17.0544 | R8: =(15/60)*2 -> 0.5 | U8: =Q8*R8*0.17 -> 1.449624
B9: FELOSAN RGN PREP | C9: =VLOOKUP(B9,'[1]feuille de base'!B:C,2,FALSE) -> 7.909 | D9: =VLOOKUP(B8,'feuille de base Mars 2016'!B:D,3,FALSE) -> 0.02 | E9: =(D9*G9)*1000 -> 940 | F9: =(E9/1000)*C9 -> 7.43446 | G9: 47 | H9: 212 | P9: =(4.18*306*(40-25)) -> 19186.2 | Q9: =P9/3600 -> 5.3295 | R9: =20/60 -> 0.33333333 | U9: =Q9*R9*0.17 -> 0.302005
B10: CARBONATE DE SOUDE PREP | C10: =VLOOKUP(B10,'[1]feuille de base'!B:C,2,FALSE) -> 0.77 | D10: =VLOOKUP(B10,'feuille de base Mars 2016'!B:D,3,FALSE) -> 2 | E10: =(D10*H10) -> 424 | F10: =(E10/1000)*C10 -> 0.32648 | G10: 47 | H10: 212
B11: ACIDE ACETIQUE PREP | C11: =VLOOKUP(B11,'[1]feuille de base'!B:C,2,FALSE) -> 1.45 | D11: =VLOOKUP(B11,'feuille de base Mars 2016'!B:D,3,FALSE) -> 1 | E11: =(D11*H11) -> 306 | F11: =(E11/1000)*C11 -> 0.4437 | G11: 47 | H11: 306
B12: ALBAFLOW JET PREP | C12: =VLOOKUP(B12,'[1]feuille de base'!B:C,2,FALSE) -> 8.02 | D12: =VLOOKUP(B12,'feuille de base Mars 2016'!B:D,3,FALSE) -> 0 | E12: =(D12*H12) -> 0 | F12: =(E12/1000)*C12 -> 0 | G12: 47 | H12: 306
B13: CROSCOLOR PRP PREP | C13: =VLOOKUP(B13,'[1]feuille de base'!B:C,2,FALSE) -> 6.461 | D13: =VLOOKUP(B13,'feuille de base Mars 2016'!B:D,3,FALSE) -> 0 | E13: =(D13*H13) -> 0 | F13: =(E13/1000)*C13 -> 0 | G13: 47 | H13: 306 | M13: =SUM(M7:M12,N7) -> 4.8338312 | P13: =SUM(P7:P9) -> 131979.32 | Q13: =SUM(Q7:Q9) -> 36.660922 | R13: =SUM(R7:R11) -> 2 | U13: =SUM(U7:U9) -> 4.5832384
F14: =SUM(F7:F11,M22,U13) -> 13.755792
B20: teinture
B21: colorants | C21: prix prod teint | D21: pourcentage prod teint | E21: quanatité produits teinture (g ou ml) | F21: prix prod teint | G21: poids matière (kg) | H21: volume du bain (L) | J21: durée (h) | K21: consommation eau adoucie (L) | L21: consommation sel (kg() | M21: cout eau +traitement | N21: cout eau +traitement | O21: consommation energie vapeur (KJ) | P21: consommation energie (KJ) | Q21: consommation energie (kwh) | R21: durée chauffage (h) | S21: consommation vapeur (kg) | T21: cout 1kg vapeur/h (DT) | U21: cout consommation vapeur (DT)
B22: BLEU BEMACID F2-G | C22: =VLOOKUP(B22,'[1]feuille de base'!B:C,2,FALSE) -> 194.78 | D22: =VLOOKUP(B22,'feuille de base Mars 2016'!B:D,3,FALSE) -> 0 | E22: =(D22*G22)*1000 -> 0 | F22: =(E22*G22)/1000 -> 0 | G22: 47 | H22: 212 | J22: 0.33 | K22: =212+376+376 -> 964 | L22: =(K22*3.33)/1000 -> 3.21012 | M22: =L22*0.11 -> 0.3531132 | N22: =(K22/1000)*5.5 -> 5.302 | P22: =(212*4.18*(40-25)) -> 13292.4 | Q22: =P22/3600 -> 3.6923333 | R22: =43/60 -> 0.71666667 | U22: =Q22*R22*0.17 -> 0.44984928
B23: BLEU BEMACID ETL | C23: =VLOOKUP(B23,'[1]feuille de base'!B:C,2,FALSE) -> 76.37 | D23: =VLOOKUP(B23,'feuille de base Mars 2016'!B:D,3,FALSE) -> 0 | E23: =(D23*G23)*1000 -> 0 | F23: =(E23*G23)/1000 -> 0 | G23: 47 | H23: 212 | J23: 1.83 | M23: =(964/1000)*1.19 -> 1.14716 | P23: =(4.18*215)*(98-38) -> 53922 | Q23: =P23/3600 -> 14.978333 | R23: =145/60 -> 2.4166667 | U23: =Q23*R23*0.17 -> 6.1535986
B24: BLEU BEMACID NTF | C24: =VLOOKUP(B24,'[1]feuille de base'!B:C,2,FALSE) -> 50.86524 | D24: =VLOOKUP(B24,'feuille de base Mars 2016'!B:D,3,FALSE) -> 0 | E24: =(D24*G24)*1000 -> 0 | F24: =(E24*G24)/1000 -> 0 | G24: 47 | H24: 212 | J24: 0.16 | P24: =(215*4.18*(98-70)) -> 25163.6 | Q24: =P24/3600 -> 6.9898889 | R24: =15/60 -> 0.25 | U24: =Q24*R24*0.17 -> 0.29707028
B25: BLEU BEMACIDE FBL | C25: =VLOOKUP(B25,'[1]feuille de base'!B:C,2,FALSE) -> 56.493 | D25: =VLOOKUP(B25,'feuille de base Mars 2016'!B:D,3,FALSE) -> 0 | E25: =(D25*G25)*1000 -> 0 | F25: =(E25*G25)/1000 -> 0 | G25: 47 | H25: 212 | P25: =(4.18*376*(35-25))*2 -> 31433.6 | Q25: =P25/3600 -> 8.7315556 | R25: =15/60 -> 0.25 | U25: =Q25*R25*0.17 -> 0.37109111
B26: BLEU BEZACTIVE S-FR 150 | C26: =VLOOKUP(B26,'[1]feuille de base'!B:C,2,FALSE) -> 56.83 | D26: =VLOOKUP(B26,'feuille de base Mars 2016'!B:D,3,FALSE) -> 0 | E26: =(D26*G26)*1000 -> 0 | F26: =(E26*G26)/1000 -> 0 | G26: 47 | H26: 212
B27: BLEU BEZACTIVE SGLD | C27: =VLOOKUP(B27,'[1]feuille de base'!B:C,2,FALSE) -> 33.15 | D27: =VLOOKUP(B27,'feuille de base Mars 2016'!B:D,3,FALSE) -> 0 | E27: =(D27*G27)*1000 -> 0 | F27: =(E27*G27)/1000 -> 0 | G27: 47 | H27: 212
B28: BLEU TUBANTIN BRR | C28: =VLOOKUP(B28,'[1]feuille de base'!B:C,2,FALSE) -> 42.26 | D28: =VLOOKUP(B28,'feuille de base Mars 2016'!B:D,3,FALSE) -> 0 | E28: =(D28*G28)*1000 -> 0 | F28: =(E28*G28)/1000 -> 0 | G28: 47 | H28: 212
B29: BORDEAU BEMAPLEX NGT | C29: =VLOOKUP(B29,'[1]feuille de base'!B:C,2,FALSE) -> 51.12 | D29: =VLOOKUP(B29,'feuille de base Mars 2016'!B:D,3,FALSE) -> 0 | E29: =(D29*G29)*1000 -> 0 | F29: =(E29*G29)/1000 -> 0 | G29: 47 | H29: 212
B30: BRUN TUBANTIN BLL | C30: =VLOOKUP(B30,'[1]feuille de base'!B:C,2,FALSE) -> 0 | D30: =VLOOKUP(B30,'feuille de base Mars 2016'!B:D,3,FALSE) -> 0 | E30: =(D30*G30)*1000 -> 0 | F30: =(E30*G30)/1000 -> 0 | G30: 47 | H30: 212
B31: BRUN TUBANTIN GGL | C31: =VLOOKUP(B31,'[1]feuille de base'!B:C,2,FALSE) -> 39.8 | D31: =VLOOKUP(B31,'feuille de base Mars 2016'!B:D,3,FALSE) -> 0 | E31: =(D31*G31)*1000 -> 0 | F31: =(E31*G31)/1000 -> 0 | G31: 47 | H31: 212
B32: ECARLATE BEMACIDE F3_G | C32: =VLOOKUP(B32,'[1]feuille de base'!B:C,2,FALSE) -> 37.43 | D32: =VLOOKUP(B32,'feuille de base Mars 2016'!B:D,3,FALSE) -> 0 | E32: =(D32*G32)*1000 -> 0 | F32: =(E32*G32)/1000 -> 0 | G32: 47 | H32: 212
B33: FLAVINA FLUO INFANYL 10-G | C33: =VLOOKUP(B33,'[1]feuille de base'!B:C,2,FALSE) -> 43.41258 | D33: =VLOOKUP(B33,'feuille de base Mars 2016'!B:D,3,FALSE) -> 0 | E33: =(D33*G33)*1000 -> 0 | F33: =(E33*G33)/1000 -> 0 | G33: 47 | H33: 212
B34: GRIS TUBANTIN CGLL | C34: =VLOOKUP(B34,'[1]feuille de base'!B:C,2,FALSE) -> 60.57 | D34: =VLOOKUP(B34,'feuille de base Mars 2016'!B:D,3,FALSE) -> 0 | E34: =(D34*G34)*1000 -> 0 | F34: =(E34*G34)/1000 -> 0 | G34: 47 | H34: 212
B35: JAUNE BEMACIDE ETL | C35: =VLOOKUP(B35,'[1]feuille de base'!B:C,2,FALSE) -> 63.36 | D35: =VLOOKUP(B35,'feuille de base Mars 2016'!B:D,3,FALSE) -> 0 | E35: =(D35*G35)*1000 -> 0 | F35: =(E35*G35)/1000 -> 0 | G35: 47 | H35: 212
B36: JAUNE BEMACIDE E4-G | C36: =VLOOKUP(B36,'[1]feuille de base'!B:C,2,FALSE) -> 31.45 | D36: =VLOOKUP(B36,'feuille de base Mars 2016'!B:D,3,FALSE) -> 0 | E36: =(D36*G36)*1000 -> 0 | F36: =(E36*G36)/1000 -> 0 | G36: 47 | H36: 212
B37: JAUNE BEMACIDE FG | C37: =VLOOKUP(B37,'[1]feuille de base'!B:C,2,FALSE) -> 66.45 | D37: =VLOOKUP(B37,'feuille de base Mars 2016'!B:D,3,FALSE) -> 0 | E37: =(D37*G37)*1000 -> 0 | F37: =(E37/1000)*C37 -> 0 | G37: 47 | H37: 212
B38: JAUNE BEMAPLEX MT | C38: =VLOOKUP(B38,'[1]feuille de base'!B:C,2,FALSE) -> 40.81696 | D38: =VLOOKUP(B38,'feuille de base Mars 2016'!B:D,3,FALSE) -> 0 | E38: =(D38*G38)*1000 -> 0 | F38: =(E38/1000)*C38 -> 0 | G38: 47 | H38: 212
B39: ROUGE BEZACTIV S-3B | C39: =VLOOKUP(B39,'[1]feuille de base'!B:C,2,FALSE) -> 12.81 | D39: =VLOOKUP(B39,'feuille de base Mars 2016'!B:D,3,FALSE) -> 0 | E39: =(D39*G39)*1000 -> 0 | F39: =(E39/1000)*C39 -> 0 | G39: 47 | H39: 212
B40: JAUNE BEZACTIV SLF | C40: =VLOOKUP(B40,'[1]feuille de base'!B:C,2,FALSE) -> 17.68 | D40: =VLOOKUP(B40,'feuille de base Mars 2016'!B:D,3,FALSE) -> 0 | E40: =(D40*G40)*1000 -> 0 | F40: =(E40/1000)*C40 -> 0 | G40: 47 | H40: 212
B41: JAUNE BEZACTIVE S8G | C41: =VLOOKUP(B41,'[1]feuille de base'!B:C,2,FALSE) -> 23.4 | D41: =VLOOKUP(B41,'feuille de base Mars 2016'!B:D,3,FALSE) -> 0 | E41: =(D41*G41)*1000 -> 0 | F41: =(E41/1000)*C41 -> 0 | G41: 47 | H41: 212 | P41: 0
B42: JAUNE TUBANTIN 4 GL | C42: =VLOOKUP(B42,'[1]feuille de base'!B:C,2,FALSE) -> 44.8 | D42: =VLOOKUP(B42,'feuille de base Mars 2016'!B:D,3,FALSE) -> 0 | E42: =(D42*G42)*1000 -> 0 | F42: =(E42/1000)*C42 -> 0 | G42: 47 | H42: 212
B43: JAUNE TUBANTIN GR | C43: =VLOOKUP(B43,'[1]feuille de base'!B:C,2,FALSE) -> 21.65 | D43: =VLOOKUP(B43,'feuille de base Mars 2016'!B:D,3,FALSE) -> 0 | E43: =(D43*G43)*1000 -> 0 | F43: =(E43/1000)*C43 -> 0 | G43: 47 | H43: 212
B44: MAIRNE BEZACTIVE S MAX | C44: =VLOOKUP(B44,'[1]feuille de base'!B:C,2,FALSE) -> 13.87 | D44: =VLOOKUP(B44,'feuille de base Mars 2016'!B:D,3,FALSE) -> 0 | E44: =(D44*G44)*1000 -> 0 | F44: =(E44/1000)*C44 -> 0 | G44: 47 | H44: 212
B45: MARINE BEMAPLEX MT | C45: =VLOOKUP(B45,'[1]feuille de base'!B:C,2,FALSE) -> 37.22988 | D45: =VLOOKUP(B45,'feuille de base Mars 2016'!B:D,3,FALSE) -> 0 | E45: =(D45*G45)*1000 -> 0 | F45: =(E45/1000)*C45 -> 0 | G45: 47 | H45: 212
B46: MARINE BEZACTIVE S3G | C46: =VLOOKUP(B46,'[1]feuille de base'!B:C,2,FALSE) -> 36.8 | D46: =VLOOKUP(B46,'feuille de base Mars 2016'!B:D,3,FALSE) -> 0 | E46: =(D46*G46)*1000 -> 0 | F46: =(E46/1000)*C46 -> 0 | G46: 47 | H46: 212
B47: NOIR BEMAPLEX DR | C47: =VLOOKUP(B47,'[1]feuille de base'!B:C,2,FALSE) -> 12.9224 | D47: =VLOOKUP(B47,'feuille de base Mars 2016'!B:D,3,FALSE) -> 0 | E47: =(D47*G47)*1000 -> 0 | F47: =(E47/1000)*C47 -> 0 | G47: 47 | H47: 212
B48: NOIR COSMOS S MAX | C48: =VLOOKUP(B48,'[1]feuille de base'!B:C,2,FALSE) -> 13.5 | D48: =VLOOKUP(B48,'feuille de base Mars 2016'!B:D,3,FALSE) -> 0 | E48: =(D48*G48)*1000 -> 0 | F48: =(E48/1000)*C48 -> 0 | G48: 47 | H48: 212
B49: NOIR ERIOFAST M | C49: =VLOOKUP(B49,'[1]feuille de base'!B:C,2,FALSE) -> 36.6506 | D49: =VLOOKUP(B49,'feuille de base Mars 2016'!B:D,3,FALSE) -> 0.075 | E49: =(D49*G49)*1000 -> 3525 | F49: =(E49/1000)*C49 -> 129.19337 | G49: 47 | H49: 212
B50: NOIR ERIONAL AMR | C50: =VLOOKUP(B50,'[1]feuille de base'!B:C,2,FALSE) -> 13.1452 | D50: =VLOOKUP(B50,'feuille de base Mars 2016'!B:D,3,FALSE) -> 0 | E50: =(D50*G50)*1000 -> 0 | F50: =(E50/1000)*C50 -> 0 | G50: 47 | H50: 212
B51: RODAMINA INFACIDE B CONC | C51: =VLOOKUP(B51,'[1]feuille de base'!B:C,2,FALSE) -> 88.006 | D51: =VLOOKUP(B51,'feuille de base Mars 2016'!B:D,3,FALSE) -> 0 | E51: =(D51*G51)*1000 -> 0 | F51: =(E51/1000)*C51 -> 0 | G51: 47 | H51: 212
B52: ROUGE BEMACIDE ETL | C52: =VLOOKUP(B52,'[1]feuille de base'!B:C,2,FALSE) -> 64.85 | D52: =VLOOKUP(B52,'feuille de base Mars 2016'!B:D,3,FALSE) -> 0 | E52: =(D52*G52)*1000 -> 0 | F52: =(E52/1000)*C52 -> 0 | G52: 47 | H52: 212
B53: ROUGE BEMACIDE FB | C53: =VLOOKUP(B53,'[1]feuille de base'!B:C,2,FALSE) -> 37.0962 | D53: =VLOOKUP(B53,'feuille de base Mars 2016'!B:D,3,FALSE) -> 0 | E53: =(D53*G53)*1000 -> 0 | F53: =(E53/1000)*C53 -> 0 | G53: 47 | H53: 212
... B60: TURQUOISE TUBANTIN FBL | C60: =VLOOKUP(B60,'[1]feuille de base'!B:C,2,FALSE) -> 35.22 | D60: =VLOOKUP(B60,'feuille de base Mars 2016'!B:D,3,FALSE) -> 0 | E60: =(D60*G60)*1000 -> 0 | F60: =(E60/1000)*C60 -> 0 | G60: 47 | H60: 212
B61: BIAVIN BPA TEINT | C61: =VLOOKUP(B61,'[1]feuille de base'!B:C,2,FALSE) -> 1.45 | D61: =VLOOKUP(B61,'feuille de base Mars 2016'!B:D,3,FALSE) -> 1 | E61: =(D61*H61) -> 212 | F61: =(E61/1000)*C61 -> 0.3074 | G61: 47 | H61: 212
B62: SARABID IPD TEINT | C62: =VLOOKUP(B62,'[1]feuille de base'!B:C,2,FALSE) -> 7.798 | D62: =VLOOKUP(B62,'feuille de base Mars 2016'!B:D,3,FALSE) -> 0 | E62: =(D62*G62)*1000 -> 0 | F62: =(E62/1000)*C62 -> 0 | G62: 47 | H62: 212
B63: SARABID IPF TEINT | C63: =VLOOKUP(B63,'[1]feuille de base'!B:C,2,FALSE) -> 8.355 | D63: =VLOOKUP(B63,'feuille de base Mars 2016'!B:D,3,FALSE) -> 0 | E63: =(D63*G63)*1000 -> 0 | F63: =(E63/1000)*C63 -> 0 | G63: 47 | H63: 212
B64: MEROPAN EF TEINT | C64: =VLOOKUP(B64,'[1]feuille de base'!B:C,2,FALSE) -> 13.6138 | D64: =VLOOKUP(B64,'feuille de base Mars 2016'!B:D,3,FALSE) -> 0 | E64: =(D64*H64) -> 0 | F64: =(E64/1000)*C64 -> 0 | G64: 47 | H64: 212
B65: ALBAFLOW JET TEINT | C65: =VLOOKUP(B65,'[1]feuille de base'!B:C,2,FALSE) -> 8.02 | D65: =VLOOKUP(B65,'feuille de base Mars 2016'!B:D,3,FALSE) -> 0.2 | E65: =(D65*H65) -> 42.4 | F65: =(E65/1000)*C65 -> 0.340048 | G65: 47 | H65: 212
B66: CARBONATE DE SODIUM TEINT | C66: =VLOOKUP(B66,'[1]feuille de base'!B:C,2,FALSE) -> 0.77 | D66: =VLOOKUP(B66,'feuille de base Mars 2016'!B:D,3,FALSE) -> 0 | G66: 47 | H66: 212
B67: ACIDE ACETIQUE TEINT | C67: =VLOOKUP(B67,'[1]feuille de base'!B:C,2,FALSE) -> 1.45 | D67: =VLOOKUP(B67,'feuille de base Mars 2016'!B:D,3,FALSE) -> 2 | E67: =(D67*H67) -> 424 | F67: =(E67/1000)*C67 -> 0.6148 | G67: 47 | H67: 212
B68: CHLORURE DE CALCIUM | C68: =VLOOKUP(B68,'[1]feuille de base'!B:C,2,FALSE) -> 3.252 | D68: =VLOOKUP(B68,'feuille de base Mars 2016'!B:D,3,FALSE) -> 0.025 | E68: =(D68*G68)*1000 -> 1175 | F68: =(E68/1000)*C68 -> 3.8211 | G68: 47 | H68: 212
B69: ACIDE FORMIQUE TEINT | C69: =VLOOKUP(B69,'[1]feuille de base'!B:C,2,FALSE) -> 1.4 | D69: =VLOOKUP(B69,'feuille de base Mars 2016'!B:D,3,FALSE) -> 0 | E69: =(D69*H69) -> 0 | F69: =(E69/1000)*C69 -> 0 | G69: 47 | H69: 212
B70: CROSCOURT RDT TEINT | C70: =VLOOKUP(B70,'[1]feuille de base'!B:C,2,FALSE) -> 7.35 | D70: =VLOOKUP(B70,'feuille de base Mars 2016'!B:D,3,FALSE) -> 0 | E70: =(D70*H70) -> 0 | F70: =(E70/1000)*C70 -> 0 | G70: 47 | H70: 212
B71: ALBATEX AB45 TEINT | C71: =VLOOKUP(B71,'[1]feuille de base'!B:C,2,FALSE) -> 4.2332 | D71: =VLOOKUP(B71,'feuille de base Mars 2016'!B:D,3,FALSE) -> 0 | E71: =(D71*H71) -> 0 | F71: =(E71/1000)*C71 -> 0 | G71: 47 | H71: 212 | P71: =SUM(P22:P70) -> 123811.6 | Q71: =P71/3600 -> 34.392111 | R71: =SUM(R22:R24) -> 3.3833333 | U71: =SUM(U22:U70) -> 7.2716093
B72: CROSCOLOR PRP TEINT | C72: =VLOOKUP(B72,'[1]feuille de base'!B:C,2,FALSE) -> 6.6412 | D72: =VLOOKUP(B72,'feuille de base Mars 2016'!B:D,3,FALSE) -> 0 | E72: =(D72*H72) -> 0 | F72: =(E72/1000)*C72 -> 0 | G72: 47 | H72: 212
F73: =SUM(F22:F72,U71,M23) -> 142.69548
B75: cout teinture | C75: =SUM(F73+U71+M22+M23) -> 151.46736
B77: cout fixation | C77: =SUM(F89+U88+M87) -> 42.103045
B78: fixation
B79: prod fix | D79: pourcentage prod fix | J79: durée (h) | K79: consommation eau adoucie (L) | L79: consommation sel (kg() | M79: cout eau +traitement | N79: cout eau +traitement | O79: consommation energie vapeur (KJ) | P79: consommation energie (KJ) | Q79: consommation energie (kwh) | R79: durée chauffage (h) | S79: consommation vapeur (kg) | T79: cout 1kg vapeur/h (DT) | U79: cout consommation vapeur (DT)
B80: ACIDE FORMIQUE FIX | C80: =VLOOKUP(B80,'[1]feuille de base'!B:C,2,FALSE) -> 1.4 | D80: =VLOOKUP(B80,'[1]feuille de base'!B:AA,19,FALSE) -> 0 | E80: =(D80*H80) -> 0 | F80: =(E80/1000)*C80 -> 0 | G80: 47 | H80: 212 | K80: =212+376+306+306+306 -> 1506 | L80: =(K80*3.33)/1000 -> 5.01498 | M80: =L80*0.11 -> 0.5516478 | N80: =(K80/1000)*5.5 -> 8.283 | P80: =(4.18*212*(90-25)) -> 57600.4 | Q80: =P80/3600 -> 16.000111 | R80: =38/60 -> 0.63333333 | U80: =R80*Q80*0.17 -> 1.7226786
B81: REWIN KBL | C81: =VLOOKUP(B81,'[1]feuille de base'!B:C,2,FALSE) -> 7.107 | D81: =VLOOKUP(B81,'[1]feuille de base'!B:AA,19,FALSE) -> 0 | E81: =(D81*G81)*1000 -> 0 | F81: =(E81/1000)*C81 -> 0 | G81: 47 | H81: 212 | P81: =(212*4.18*(90-70)) -> 17723.2 | Q81: =P81/3600 -> 4.9231111 | R81: =15/60 -> 0.25 | U81: =R81*Q81*0.17 -> 0.20923222
B82: SOUDE CAUSTIQUE FIX | C82: =VLOOKUP(B82,'[1]feuille de base'!B:C,2,FALSE) -> 0.77 | D82: =VLOOKUP(B82,'[1]feuille de base'!B:AA,19,FALSE) -> 1 | E82: =D82*H82 -> 212 | F82: =(E82/1000)*C82 -> 0.16324 | G82: 47 | H82: 212 | M82: =(K80/1000)*1.19 -> 1.79214 | P82: =(4.18*376*(37-25)) -> 18860.16 | Q82: =P82/3600 -> 5.2389333 | R82: =7/60 -> 0.11666667 | U82: =R82*Q82*0.17 -> 0.10390551
B83: ERIOFAST FIX | C83: =VLOOKUP(B83,'[1]feuille de base'!B:C,2,FALSE) -> 10.13 | D83: =VLOOKUP(B83,'[1]feuille de base'!B:AA,19,FALSE) -> 0.0375 | E83: =(D83*G83)*1000 -> 1762.5 | F83: =(E83/1000)*C83 -> 17.854125 | G83: 47 | H83: 212 | P83: =(4.18*306*(90-25)) -> 83140.2 | Q83: =P83/3600 -> 23.0945 | R83: =40/60 -> 0.66666667 | U83: =R83*Q83*0.17 -> 2.6173767
B84: CROSCOURT RDT FIX | C84: =VLOOKUP(B84,'[1]feuille de base'!B:C,2,FALSE) -> 7.35 | D84: =VLOOKUP(B84,'[1]feuille de base'!B:AA,19,FALSE) -> 1 | E84: =D84*H84 -> 306 | F84: =(E84/1000)*C84 -> 2.2491 | G84: 47 | H84: 306 | P84: =4.18*306*(90-70) -> 25581.6 | Q84: =P84/3600 -> 7.106 | R84: =10/60 -> 0.16666667 | U84: =R84*Q84*0.17 -> 0.20133667
B85: CARBONATE DE SOUDE FIX | C85: =VLOOKUP(B85,'[1]feuille de base'!B:C,2,FALSE) -> 0.77 | D85: =VLOOKUP(B85,'[1]feuille de base'!B:AA,19,FALSE) -> 2 | E85: =D85*H85 -> 612 | F85: =(E85/1000)*C85 -> 0.47124 | G85: 47 | H85: 306 | P85: =4.18*306*(40-25) -> 19186.2 | Q85: =((4.18*306*(40-25))*2)/3600 -> 10.659 | R85: =25/60 -> 0.41666667 | U85: =R85*Q85*0.17 -> 0.7550125
B86: ACIDE ACETIQUE FIX | C86: =VLOOKUP(B86,'[1]feuille de base'!B:C,2,FALSE) -> 1.45 | D86: =VLOOKUP(B86,'[1]feuille de base'!B:AA,19,FALSE) -> 1 | E86: =(D86*H86) -> 306 | F86: =(E86/1000)*C86 -> 0.4437 | G86: 47 | H86: 306
B87: CROSOFT LISS | C87: =VLOOKUP(B87,'[1]feuille de base'!B:C,2,FALSE) -> 4.9 | D87: =VLOOKUP(B87,'[1]feuille de base'!B:AA,19,FALSE) -> 0 | E87: =D87*G87 -> 0 | F87: =(E87/1000)*C87 -> 0 | G87: 47 | H87: 306 | M87: =SUM(M80:M82) -> 2.3437878
B88: CROSOFT GPAT | C88: =VLOOKUP(B88,'[1]feuille de base'!B:C,2,FALSE) -> 1.335 | D88: =VLOOKUP(B88,'[1]feuille de base'!B:AA,19,FALSE) -> 0 | E88: =D88*H88 -> 0 | F88: =(E88/1000)*C88 -> 0 | G88: 47 | H88: 306 | P88: =SUM(P80:P87) -> 222091.76 | Q88: =P88/3600 -> 61.692156 | R88: =SUM(R80:R87) -> 2.25 | U88: =SUM(U80:U85) -> 5.6095422
F89: =SUM(F80:F88,L80,U88,M87) -> 34.149715

Sheet CHAIR B19-13
F1: Poids | G1: 39 | J1: cout total | K1: =F14+F73+F89+M13+U13+U71+M23+M87+U88 -> 111.27609
B2: cout preparation | C2: =F14+M13+U13 -> 39.064391 | F2: Volume | G2: =429*7 -> 3003
F3: rapport du bain (1:11)
B5: preparation
B6: prod prep | C6: prix prod prep (DT) | D6: pourcentage prod prep | E6: quantité produits preparation (g ou ml) | F6: Coût produits chimiques (DT) | G6: poids matière (kg) | H6: volume de bain (L) | I6: volume du bain prep(L) | J6: durée (h) | K6: consommation eau adoucie prep (L) | L6: consommation sel (kg() | M6: Coût eau adoucie (DT) | N6: cout eau +traitement | O6: consommation energie vapeur (KJ) | P6: consommation energie (KJ) | Q6: consommation energie (kwh) | R6: durée chauffage (h) | S6: consommation vapeur (kg) | T6: cout 1kg vapeur/h (DT) | U6: cout consommation vapeur (DT)
B7: BIAVIN BPA PREP | C7: =VLOOKUP(B7,'[1]feuille de base'!B:C,2,FALSE) -> 1.45 | D7: =VLOOKUP(B7,'feuille de base Mars 2016'!B:E,4,FALSE) -> 2 | E7: =(D7*H7) -> 858 | F7: =(E7/1000)*C7 -> 1.2441 | G7: 39 | H7: 429 | I7: =SUM(212+306+306) -> 824 | J7: 1.35 | K7: =429*3 -> 1287 | L7: =(K7*3.33)/1000 -> 4.28571 | M7: =L7*0.11 -> 0.4714281 | N7: =(K7/1000)*5.5 -> 7.0785 | P7: =(((4.18*429*(80-22)))) -> 104006.76 | Q7: =P7/3600 -> 28.890767 | R7: =70/60 -> 1.1666667 | U7: =Q7*R7*0.17 -> 5.7300021
B8: CROSCOUR RDT PREP | C8: =VLOOKUP(B8,'[1]feuille de base'!B:C,2,FALSE) -> 7.353 | D8: =VLOOKUP(B8,'feuille de base Mars 2016'!B:E,4,FALSE) -> 0.02 | E8: =(D8*G8)*1000 -> 780 | F8: =(E8/1000)*C8 -> 5.73534 | G8: 39 | H8: 429 | P8: =(4.18*429*(70-26)) -> 78901.68 | Q8: =P8/3600 -> 21.917133 | R8: =(15/60)*2 -> 0.5 | U8: =Q8*R8*0.17 -> 1.8629563
B9: CARBONATE DE SOUDE PREP | C9: =VLOOKUP(B9,'[1]feuille de base'!B:C,2,FALSE) -> 0.77 | D9: =VLOOKUP(B9,'feuille de base Mars 2016'!B:E,4,FALSE) -> 1 | E9: =(D9*H9) -> 429 | F9: =(E9/1000)*C9 -> 0.33033 | G9: 39 | H9: 429 | P9: =(4.18*429*(40-25)) -> 26898.3 | Q9: =P9/3600 -> 7.47175 | R9: =20/60 -> 0.33333333 | U9: =Q9*R9*0.17 -> 0.42339917
B10: ACIDE ACETIQUE PREP | C10: =VLOOKUP(B10,'[1]feuille de base'!B:C,2,FALSE) -> 1.45 | D10: =VLOOKUP(B10,'feuille de base Mars 2016'!B:E,4,FALSE) -> 1 | E10: =(D10*H10) -> 429 | F10: =(E10/1000)*C10 -> 0.62205 | G10: 39 | H10: 429 | U10: =Q10*R10*0.134 -> 0
B11: CROSCOLOR PRP PREP | C11: =VLOOKUP(B11,'[1]feuille de base'!B:C,2,FALSE) -> 6.461 | D11: =VLOOKUP(B11,'feuille de base Mars 2016'!B:E,4,FALSE) -> 0 | E11: =(D11*H11) -> 0 | F11: =(E11/1000)*C11 -> 0 | G11: 39 | H11: 429 | U11: =Q11*R11*0.134 -> 0
B12: ALBAFLOW JET PREP | C12: =VLOOKUP(B12,'[1]feuille de base'!B:C,2,FALSE) -> 8.02 | D12: =VLOOKUP(B12,'feuille de base Mars 2016'!B:E,4,FALSE) -> 0 | E12: =(D12*H12) -> 0 | F12: =(E12/1000)*C12 -> 0 | G12: 39 | H12: 429 | U12: =Q12*R12*0.134 -> 0
B13: CROSCOLOR PRP PREP | C13: =VLOOKUP(B13,'[1]feuille de base'!B:C,2,FALSE) -> 6.461 | D13: =VLOOKUP(B13,'feuille de base Mars 2016'!B:E,4,FALSE) -> 0 | E13: =(D13*H13) -> 0 | F13: =(E13/1000)*C13 -> 0 | G13: 39 | H13: 429 | M13: =SUM(M7:M12,N7) -> 7.5499281 | P13: =SUM(P7:P9) -> 209806.74 | Q13: =SUM(Q7:Q9) -> 58.27965 | R13: =SUM(R7:R11) -> 2 | U13: =SUM(U7:U9) -> 8.0163576
F14: =SUM(F7:F13,M13,U13) -> 23.498106
B20: teinture
B21: colorants | C21: prix prod teint | D21: pourcentage prod teint | E21: quanatité produits teinture (g ou ml) | F21: prix prod teint | G21: poids matière (kg) | H21: volume du bain (L) | J21: durée (h) | K21: consommation eau adoucie (L) | L21: consommation sel (kg() | M21: Coût eau adoucie (DT) | N21: cout eau +traitement | O21: consommation energie vapeur (KJ) | P21: consommation energie (KJ) | Q21: consommation energie (kwh) | R21: durée chauffage (h) | S21: consommation vapeur (kg) | T21: cout 1kg vapeur/h (DT) | U21: cout consommation vapeur (DT)
B22: BLEU BEMACID F2-G | C22: =VLOOKUP(B22,'[1]feuille de base'!B:C,2,FALSE) -> 194.78 | D22: =VLOOKUP(B22,'feuille de base Mars 2016'!B:E,4,FALSE) -> 0 | E22: =(D22*G22)*1000 -> 0 | F22: =(E22*G22)/1000 -> 0 | G22: 39 | H22: 429 | J22: 0.33 | K22: =429*3 -> 1287 | L22: =(K22*3.33)/1000 -> 4.28571 | M22: =L22*0.11 -> 0.4714281 | N22: =(K22/1000)*5.5 -> 7.0785 | P22: =(4.18*429*(35-25)) -> 17932.2 | Q22: =P22/3600 -> 4.9811667 | R22: =43/60 -> 0.71666667 | U22: =R22*Q22*0.17 -> 0.60687214
B23: BLEU BEMACID ETL | C23: =VLOOKUP(B23,'[1]feuille de base'!B:C,2,FALSE) -> 76.37 | D23: =VLOOKUP(B23,'feuille de base Mars 2016'!B:E,4,FALSE) -> 0.0001617 | E23: =(D23*G23)*1000 -> 6.3063 | F23: =(E23*G23)/1000 -> 0.2459457 | G23: 39 | H23: 429 | J23: 1.83 | M23: =(M22+N22) -> 7.5499281 | P23: =429*4.18*(98-28) -> 125525.4 | Q23: =P23/3600 -> 34.868167 | R23: =145/60 -> 2.4166667 | U23: =R23*Q23*0.17 -> 14.325005
B24: BLEU BEMACID NTF | C24: =VLOOKUP(B24,'[1]feuille de base'!B:C,2,FALSE) -> 50.86524 | D24: =VLOOKUP(B24,'feuille de base Mars 2016'!B:E,4,FALSE) -> 0 | E24: =(D24*G24)*1000 -> 0 | F24: =(E24*G24)/1000 -> 0 | G24: 39 | H24: 429 | J24: 0.16 | P24: =429*4.18*(98-80) -> 32277.96 | Q24: =P24/3600 -> 8.9661 | R24: =15/60 -> 0.25 | U24: =R24*Q24*0.17 -> 0.38105925
B25: BLEU BEMACIDE FBL | C25: =VLOOKUP(B25,'[1]feuille de base'!B:C,2,FALSE) -> 56.493 | D25: =VLOOKUP(B25,'feuille de base Mars 2016'!B:E,4,FALSE) -> 0 | E25: =(D25*G25)*1000 -> 0 | F25: =(E25*G25)/1000 -> 0 | G25: 39 | H25: 429 | P25: =(4.18*429*(35-25)*2) -> 35864.4 | Q25: =P25/3600 -> 9.9623333 | R25: =15/60 -> 0.25 | U25: =R25*Q25*0.17 -> 0.42339917
B26: BLEU BEZACTIVE S-FR 150 | C26: =VLOOKUP(B26,'[1]feuille de base'!B:C,2,FALSE) -> 56.83 | D26: =VLOOKUP(B26,'feuille de base Mars 2016'!B:E,4,FALSE) -> 0 | E26: =(D26*G26)*1000 -> 0 | F26: =(E26*G26)/1000 -> 0 | G26: 39 | H26: 429
B27: BLEU BEZACTIVE SGLD | C27: =VLOOKUP(B27,'[1]feuille de base'!B:C,2,FALSE) -> 33.15 | D27: =VLOOKUP(B27,'feuille de base Mars 2016'!B:E,4,FALSE) -> 0 | E27: =(D27*G27)*1000 -> 0 | F27: =(E27*G27)/1000 -> 0 | G27: 39 | H27: 429
B28: BLEU TUBANTIN BRR | C28: =VLOOKUP(B28,'[1]feuille de base'!B:C,2,FALSE) -> 42.26 | D28: =VLOOKUP(B28,'feuille de base Mars 2016'!B:E,4,FALSE) -> 0 | E28: =(D28*G28)*1000 -> 0 | F28: =(E28*G28)/1000 -> 0 | G28: 39 | H28: 429
B29: BORDEAU BEMAPLEX NGT | C29: =VLOOKUP(B29,'[1]feuille de base'!B:C,2,FALSE) -> 51.12 | D29: =VLOOKUP(B29,'feuille de base Mars 2016'!B:E,4,FALSE) -> 0 | E29: =(D29*G29)*1000 -> 0 | F29: =(E29*G29)/1000 -> 0 | G29: 39 | H29: 429
B30: BRUN TUBANTIN BLL | C30: =VLOOKUP(B30,'[1]feuille de base'!B:C,2,FALSE) -> 0 | D30: =VLOOKUP(B30,'feuille de base Mars 2016'!B:E,4,FALSE) -> 0 | E30: =(D30*G30)*1000 -> 0 | F30: =(E30*G30)/1000 -> 0 | G30: 39 | H30: 429
B31: BRUN TUBANTIN GGL | C31: =VLOOKUP(B31,'[1]feuille de base'!B:C,2,FALSE) -> 39.8 | D31: =VLOOKUP(B31,'feuille de base Mars 2016'!B:E,4,FALSE) -> 0 | E31: =(D31*G31)*1000 -> 0 | F31: =(E31*G31)/1000 -> 0 | G31: 39 | H31: 429
B32: ECARLATE BEMACIDE F3_G | C32: =VLOOKUP(B32,'[1]feuille de base'!B:C,2,FALSE) -> 37.43 | D32: =VLOOKUP(B32,'feuille de base Mars 2016'!B:E,4,FALSE) -> 0 | E32: =(D32*G32)*1000 -> 0 | F32: =(E32*G32)/1000 -> 0 | G32: 39 | H32: 429
B33: FLAVINA FLUO INFANYL 10-G | C33: =VLOOKUP(B33,'[1]feuille de base'!B:C,2,FALSE) -> 43.41258 | D33: =VLOOKUP(B33,'feuille de base Mars 2016'!B:E,4,FALSE) -> 0 | E33: =(D33*G33)*1000 -> 0 | F33: =(E33*G33)/1000 -> 0 | G33: 39 | H33: 429
B34: GRIS TUBANTIN CGLL | C34: =VLOOKUP(B34,'[1]feuille de base'!B:C,2,FALSE) -> 60.57 | D34: =VLOOKUP(B34,'feuille de base Mars 2016'!B:E,4,FALSE) -> 0 | E34: =(D34*G34)*1000 -> 0 | F34: =(E34*G34)/1000 -> 0 | G34: 39 | H34: 429
B35: JAUNE BEMACIDE ETL | C35: =VLOOKUP(B35,'[1]feuille de base'!B:C,2,FALSE) -> 63.36 | D35: =VLOOKUP(B35,'feuille de base Mars 2016'!B:E,4,FALSE) -> 0.0006086 | E35: =(D35*G35)*1000 -> 23.7354 | F35: =(E35*G35)/1000 -> 0.9256806 | G35: 39 | H35: 429
B36: JAUNE BEMACIDE E4-G | C36: =VLOOKUP(B36,'[1]feuille de base'!B:C,2,FALSE) -> 31.45 | D36: =VLOOKUP(B36,'feuille de base Mars 2016'!B:E,4,FALSE) -> 0 | E36: =(D36*G36)*1000 -> 0 | F36: =(E36*G36)/1000 -> 0 | G36: 39 | H36: 429
B37: JAUNE BEMACIDE FG | C37: =VLOOKUP(B37,'[1]feuille de base'!B:C,2,FALSE) -> 66.45 | D37: =VLOOKUP(B37,'feuille de base Mars 2016'!B:E,4,FALSE) -> 0 | E37: =(D37*G37)*1000 -> 0 | F37: =(E37/1000)*C37 -> 0 | G37: 39 | H37: 429
B38: JAUNE BEMAPLEX MT | C38: =VLOOKUP(B38,'[1]feuille de base'!B:C,2,FALSE) -> 40.81696 | D38: =VLOOKUP(B38,'feuille de base Mars 2016'!B:E,4,FALSE) -> 0 | E38: =(D38*G38)*1000 -> 0 | F38: =(E38/1000)*C38 -> 0 | G38: 39 | H38: 429
B39: ROUGE BEZACTIV S-3B | C39: =VLOOKUP(B39,'[1]feuille de base'!B:C,2,FALSE) -> 12.81 | D39: =VLOOKUP(B39,'feuille de base Mars 2016'!B:E,4,FALSE) -> 0 | E39: =(D39*G39)*1000 -> 0 | F39: =(E39/1000)*C39 -> 0 | G39: 39 | H39: 429
B40: JAUNE BEZACTIV SLF | C40: =VLOOKUP(B40,'[1]feuille de base'!B:C,2,FALSE) -> 17.68 | D40: =VLOOKUP(B40,'feuille de base Mars 2016'!B:E,4,FALSE) -> 0 | E40: =(D40*G40)*1000 -> 0 | F40: =(E40/1000)*C40 -> 0 | G40: 39 | H40: 429
B41: JAUNE BEZACTIVE S8G | C41: =VLOOKUP(B41,'[1]feuille de base'!B:C,2,FALSE) -> 23.4 | D41: =VLOOKUP(B41,'feuille de base Mars 2016'!B:E,4,FALSE) -> 0 | E41: =(D41*G41)*1000 -> 0 | F41: =(E41/1000)*C41 -> 0 | G41: 39 | H41: 429 | P41: 0
B42: JAUNE TUBANTIN 4 GL | C42: =VLOOKUP(B42,'[1]feuille de base'!B:C,2,FALSE) -> 44.8 | D42: =VLOOKUP(B42,'feuille de base Mars 2016'!B:E,4,FALSE) -> 0 | E42: =(D42*G42)*1000 -> 0 | F42: =(E42/1000)*C42 -> 0 | G42: 39 | H42: 429
B43: JAUNE TUBANTIN GR | C43: =VLOOKUP(B43,'[1]feuille de base'!B:C,2,FALSE) -> 21.65 | D43: =VLOOKUP(B43,'feuille de base Mars 2016'!B:E,4,FALSE) -> 0 | E43: =(D43*G43)*1000 -> 0 | F43: =(E43/1000)*C43 -> 0 | G43: 39 | H43: 429
B44: MAIRNE BEZACTIVE S MAX | C44: =VLOOKUP(B44,'[1]feuille de base'!B:C,2,FALSE) -> 13.87 | D44: =VLOOKUP(B44,'feuille de base Mars 2016'!B:E,4,FALSE) -> 0 | E44: =(D44*G44)*1000 -> 0 | F44: =(E44/1000)*C44 -> 0 | G44: 39 | H44: 429
B45: MARINE BEMAPLEX MT | C45: =VLOOKUP(B45,'[1]feuille de base'!B:C,2,FALSE) -> 37.22988 | D45: =VLOOKUP(B45,'feuille de base Mars 2016'!B:E,4,FALSE) -> 0 | E45: =(D45*G45)*1000 -> 0 | F45: =(E45/1000)*C45 -> 0 | G45: 39 | H45: 429
B46: MARINE BEZACTIVE S3G | C46: =VLOOKUP(B46,'[1]feuille de base'!B:C,2,FALSE) -> 36.8 | D46: =VLOOKUP(B46,'feuille de base Mars 2016'!B:E,4,FALSE) -> 0 | E46: =(D46*G46)*1000 -> 0 | F46: =(E46/1000)*C46 -> 0 | G46: 39 | H46: 429
B47: NOIR BEMAPLEX DR | C47: =VLOOKUP(B47,'[1]feuille de base'!B:C,2,FALSE) -> 12.9224 | D47: =VLOOKUP(B47,'feuille de base Mars 2016'!B:E,4,FALSE) -> 0 | E47: =(D47*G47)*1000 -> 0 | F47: =(E47/1000)*C47 -> 0 | G47: 39 | H47: 429
B48: NOIR COSMOS S MAX | C48: =VLOOKUP(B48,'[1]feuille de base'!B:C,2,FALSE) -> 13.5 | D48: =VLOOKUP(B48,'feuille de base Mars 2016'!B:E,4,FALSE) -> 0 | E48: =(D48*G48)*1000 -> 0 | F48: =(E48/1000)*C48 -> 0 | G48: 39 | H48: 429
B49: NOIR ERIOFAST M | C49: =VLOOKUP(B49,'[1]feuille de base'!B:C,2,FALSE) -> 36.6506 | D49: =VLOOKUP(B49,'feuille de base Mars 2016'!B:E,4,FALSE) -> 0 | E49: =(D49*G49)*1000 -> 0 | F49: =(E49/1000)*C49 -> 0 | G49: 39 | H49: 429
B50: NOIR ERIONAL AMR | C50: =VLOOKUP(B50,'[1]feuille de base'!B:C,2,FALSE) -> 13.1452 | D50: =VLOOKUP(B50,'feuille de base Mars 2016'!B:E,4,FALSE) -> 0 | E50: =(D50*G50)*1000 -> 0 | F50: =(E50/1000)*C50 -> 0 | G50: 39 | H50: 429
B51: RODAMINA INFACIDE B CONC | C51: =VLOOKUP(B51,'[1]feuille de base'!B:C,2,FALSE) -> 88.006 | D51: =VLOOKUP(B51,'feuille de base Mars 2016'!B:E,4,FALSE) -> 0 | E51: =(D51*G51)*1000 -> 0 | F51: =(E51/1000)*C51 -> 0 | G51: 39 | H51: 429
B52: ROUGE BEMACIDE ETL | C52: =VLOOKUP(B52,'[1]feuille de base'!B:C,2,FALSE) -> 64.85 | D52: =VLOOKUP(B52,'feuille de base Mars 2016'!B:E,4,FALSE) -> 0.000348 | E52: =(D52*G52)*1000 -> 13.572 | F52: =(E52/1000)*C52 -> 0.8801442 | G52: 39 | H52: 429
B53: ROUGE BEMACIDE FB | C53: =VLOOKUP(B53,'[1]feuille de base'!B:C,2,FALSE) -> 37.0962 | D53: =VLOOKUP(B53,'feuille de base Mars 2016'!B:E,4,FALSE) -> 0 | E53: =(D53*G53)*1000 -> 0 | F53: =(E53/1000)*C53 -> 0 | G53: 39 | H53: 429
... B60: TURQUOISE TUBANTIN FBL | C60: =VLOOKUP(B60,'[1]feuille de base'!B:C,2,FALSE) -> 35.22 | D60: =VLOOKUP(B60,'feuille de base Mars 2016'!B:E,4,FALSE) -> 0 | E60: =(D60*G60)*1000 -> 0 | F60: =(E60/1000)*C60 -> 0 | G60: 39 | H60: 429
B61: BIAVIN BPA TEINT | C61: =VLOOKUP(B61,'[1]feuille de base'!B:C,2,FALSE) -> 1.45 | D61: =VLOOKUP(B61,'feuille de base Mars 2016'!B:E,4,FALSE) -> 2 | E61: =(D61*H61) -> 858 | F61: =(E61/1000)*C61 -> 1.2441 | G61: 39 | H61: 429
B62: SARABID IPD TEINT | C62: =VLOOKUP(B62,'[1]feuille de base'!B:C,2,FALSE) -> 7.798 | D62: =VLOOKUP(B62,'feuille de base Mars 2016'!B:E,4,FALSE) -> 0.02 | E62: =(D62*G62)*1000 -> 780 | F62: =(E62/1000)*C62 -> 6.08244 | G62: 39 | H62: 429
B63: SARABID IPF TEINT | C63: =VLOOKUP(B63,'[1]feuille de base'!B:C,2,FALSE) -> 8.355 | D63: =VLOOKUP(B63,'feuille de base Mars 2016'!B:E,4,FALSE) -> 0.02 | E63: =(D63*G63)*1000 -> 780 | F63: =(E63/1000)*C63 -> 6.5169 | G63: 39 | H63: 429
B64: MEROPAN EF TEINT | C64: =VLOOKUP(B64,'[1]feuille de base'!B:C,2,FALSE) -> 13.6138 | D64: =VLOOKUP(B64,'feuille de base Mars 2016'!B:E,4,FALSE) -> 0 | E64: =(D64*H64) -> 0 | F64: =(E64/1000)*C64 -> 0 | G64: 39 | H64: 429
B65: ALBAFLOW JET TEINT | C65: =VLOOKUP(B65,'[1]feuille de base'!B:C,2,FALSE) -> 8.02 | D65: =VLOOKUP(B65,'feuille de base Mars 2016'!B:E,4,FALSE) -> 0.5 | E65: =(D65*H65) -> 214.5 | F65: =(E65/1000)*C65 -> 1.72029 | G65: 39 | H65: 429
B66: CARBONATE DE SODIUM TEINT | C66: =VLOOKUP(B66,'[1]feuille de base'!B:C,2,FALSE) -> 0.77 | D66: =VLOOKUP(B66,'feuille de base Mars 2016'!B:E,4,FALSE) -> 0 | G66: 39 | H66: 429
B67: ACIDE ACETIQUE TEINT | C67: =VLOOKUP(B67,'[1]feuille de base'!B:C,2,FALSE) -> 1.45 | D67: =VLOOKUP(B67,'feuille de base Mars 2016'!B:E,4,FALSE) -> 1 | E67: =(D67*H67) -> 429 | F67: =(E67/1000)*C67 -> 0.62205 | G67: 39 | H67: 429
B68: CHLORURE DE CALCIUM | C68: =VLOOKUP(B68,'[1]feuille de base'!B:C,2,FALSE) -> 3.252 | D68: =VLOOKUP(B68,'feuille de base Mars 2016'!B:E,4,FALSE) -> 0 | E68: =(D68*G68)*1000 -> 0 | F68: =(E68/1000)*C68 -> 0 | G68: 39 | H68: 429
B69: ACIDE FORMIQUE TEINT | C69: =VLOOKUP(B69,'[1]feuille de base'!B:C,2,FALSE) -> 1.4 | D69: =VLOOKUP(B69,'feuille de base Mars 2016'!B:E,4,FALSE) -> 0 | E69: =(D69*H69) -> 0 | F69: =(E69/1000)*C69 -> 0 | G69: 39 | H69: 429
B70: CROSCOURT RDT TEINT | C70: =VLOOKUP(B70,'[1]feuille de base'!B:C,2,FALSE) -> 7.35 | D70: =VLOOKUP(B70,'feuille de base Mars 2016'!B:E,4,FALSE) -> 0 | E70: =(D70*H70) -> 0 | F70: =(E70/1000)*C70 -> 0 | G70: 39 | H70: 429
B71: ALBATEX AB45 TEINT | C71: =VLOOKUP(B71,'[1]feuille de base'!B:C,2,FALSE) -> 4.2332 | D71: =VLOOKUP(B71,'feuille de base Mars 2016'!B:E,4,FALSE) -> 0 | E71: =(D71*H71) -> 0 | F71: =(E71/1000)*C71 -> 0 | G71: 39 | H71: 429 | P71: =SUM(P22:P70) -> 211599.96 | Q71: =P71/3600 -> 58.777767 | R71: =SUM(R22:R24) -> 3.3833333 | U71: =SUM(U22:U25) -> 15.736336
B72: CROSCOLOR PRP TEINT | C72: =VLOOKUP(B72,'[1]feuille de base'!B:C,2,FALSE) -> 6.6412 | D72: =VLOOKUP(B72,'feuille de base Mars 2016'!B:E,4,FALSE) -> 0 | E72: =(D72*H72) -> 0 | F72: =(E72/1000)*C72 -> 0 | G72: 39 | H72: 429
F73: =SUM(F22:F72,U71,M23) -> 41.523814
B75: cout teinture | C75: =F73+U71+M23 -> 64.810078
B77: cout fixation | C77: =F89+U88+M80+M82 -> 7.4016228
B78: fixation
B79: prod fix | D79: pourcentage prod fix | J79: durée (h) | K79: consommation eau adoucie (L) | L79: consommation sel (kg() | M79: Coût eau adoucie (DT) | N79: cout eau +traitement | O79: consommation energie vapeur (KJ) | P79: consommation energie (KJ) | Q79: consommation energie (kwh) | R79: durée chauffage (h) | S79: consommation vapeur (kg) | T79: cout 1kg vapeur/h (DT) | U79: cout consommation vapeur (DT)
B80: ACIDE FORMIQUE FIX | C80: =VLOOKUP(B80,'[1]feuille de base'!B:C,2,FALSE) -> 1.4 | D80: =VLOOKUP(B80,'feuille de base Mars 2016'!B:E,4,FALSE) -> 0 | E80: =(D80*H80) -> 0 | F80: =(E80/1000)*C80 -> 0 | G80: 39 | H80: 429 | K80: =429 -> 429 | L80: =(K80*3.33)/1000 -> 1.42857 | M80: =L80*0.11 -> 0.1571427 | N80: =(K80/1000)*5.5 -> 2.3595 | P80: =(4.18*429*(40-22)) -> 32277.96 | Q80: =P80/3600 -> 8.9661 | R80: 0.5 | U80: =R80*Q80*0.17 -> 0.7621185
B81: REWIN KBL | C81: =VLOOKUP(B81,'[1]feuille de base'!B:C,2,FALSE) -> 7.107 | D81: =VLOOKUP(B81,'feuille de base Mars 2016'!B:E,4,FALSE) -> 0 | E81: =(D81*G81)*1000 -> 0 | F81: =(E81/1000)*C81 -> 0 | G81: 39 | H81: 429 | Q81: =P81/3600 -> 0 | U81: =R81*Q81*0.134 -> 0
B82: SOUDE CAUSTIQUE FIX | C82: =VLOOKUP(B82,'[1]feuille de base'!B:C,2,FALSE) -> 0.77 | D82: =VLOOKUP(B82,'feuille de base Mars 2016'!B:E,4,FALSE) -> 0 | E82: =D82*H82 -> 0 | F82: =(E82/1000)*C82 -> 0 | G82: 39 | H82: 429 | M82: =(K80/1000)*1.19 -> 0.51051 | Q82: =P82/3600 -> 0 | U82: =R82*Q82*0.134 -> 0
B83: ERIOFAST FIX | C83: =VLOOKUP(B83,'[1]feuille de base'!B:C,2,FALSE) -> 10.13 | D83: =VLOOKUP(B83,'feuille de base Mars 2016'!B:E,4,FALSE) -> 0 | E83: =(D83*G83)*1000 -> 0 | F83: =(E83/1000)*C83 -> 0 | G83: 39 | H83: 429 | Q83: =P83/3600 -> 0 | U83: =R83*Q83*0.134 -> 0
B84: CROSCOURT RDT FIX | C84: =VLOOKUP(B84,'[1]feuille de base'!B:C,2,FALSE) -> 7.35 | D84: =VLOOKUP(B84,'feuille de base Mars 2016'!B:E,4,FALSE) -> 0 | E84: =D84*H84 -> 0 | F84: =(E84/1000)*C84 -> 0 | G84: 39 | H84: 429 | Q84: =P84/3600 -> 0 | U84: =R84*Q84*0.134 -> 0
B85: CARBONATE DE SOUDE FIX | C85: =VLOOKUP(B85,'[1]feuille de base'!B:C,2,FALSE) -> 0.77 | D85: =VLOOKUP(B85,'feuille de base Mars 2016'!B:E,4,FALSE) -> 0 | E85: =D85*H85 -> 0 | F85: =(E85/1000)*C85 -> 0 | G85: 39 | H85: 429 | U85: =R85*Q85*0.134 -> 0
B86: ACIDE ACETIQUE FIX | C86: =VLOOKUP(B86,'[1]feuille de base'!B:C,2,FALSE) -> 1.45 | D86: =VLOOKUP(B86,'feuille de base Mars 2016'!B:E,4,FALSE) -> 0 | E86: =(D86*H86) -> 0 | F86: =(E86/1000)*C86 -> 0 | G86: 39 | H86: 429
B87: CROSOFT LISS | C87: =VLOOKUP(B87,'[1]feuille de base'!B:C,2,FALSE) -> 4.9 | D87: =VLOOKUP(B87,'feuille de base Mars 2016'!B:E,4,FALSE) -> 0 | E87: =D87*G87 -> 0 | F87: =(E87/1000)*C87 -> 0 | G87: 39 | H87: 429 | M87: =SUM(M80:M82) -> 0.6676527
B88: CROSOFT GPAT | C88: =VLOOKUP(B88,'[1]feuille de base'!B:C,2,FALSE) -> 1.335 | D88: =VLOOKUP(B88,'feuille de base Mars 2016'!B:E,4,FALSE) -> 6 | E88: =D88*H88 -> 2574 | F88: =(E88/1000)*C88 -> 3.43629 | G88: 39 | H88: 429 | P88: =SUM(P80:P87) -> 32277.96 | Q88: =P88/3600 -> 8.9661 | R88: =SUM(R80:R87) -> 0.5 | U88: =Q88*0.134*R88 -> 0.6007287
F89: =SUM(F80:F88,L80,U88,M87) -> 6.1332414

Sheet Feuil1
A1: nom | B1: tel | G1: RECHERCHER
A2: zied | B2: 22
A3: azza | B3: 45
A4: qde | B4: 58
A5: efee | B5: 45 | J5: nom

Sheet PEAU U93-2 15-03-16 ACIDE
E1: Poids | F1: 7.9 | I1: cout total | J1: =E14+E73+E89+L13+T13+T71+L23+L87+T88 -> 12.24906
A2: cout preparation | B2: =E14+L13+T13 -> 4.8991402 | E2: Volume | F2: =63.2*7 -> 442.4
E3: rapport du bain (1:8)
A5: preparation
A6: prod prep | B6: prix prod prep (DT) | C6: pourcentage prod prep | D6: quantité produits preparation (g ou ml) | E6: Coût produits chimiques (DT) | F6: poids matière (kg) | G6: volume de bain (L) | H6: volume du bain prep(L) | I6: durée (h) | J6: consommation eau adoucie prep (L) | K6: consommation sel (kg() | L6: Coût eau adoucie (DT) | M6: cout eau +traitement | N6: consommation energie vapeur (KJ) | O6: consommation energie (KJ) | P6: consommation energie (kwh) | Q6: durée chauffage (h) | R6: consommation vapeur (kg) | S6: cout 1kg vapeur/h (DT) | T6: cout consommation vapeur (DT)
A7: BIAVIN BPA PREP | B7: =VLOOKUP(A7,'feuille de base Mars 2016'!B:C,2,FALSE) -> 1.45 | C7: =VLOOKUP(A7,'feuille de base Mars 2016'!B:H,7,FALSE) -> 2 | D7: =(C7*G7) -> 126.4 | E7: =(D7/1000)*B7 -> 0.18328 | F7: 7.9 | G7: 63.2 | H7: =SUM(212+306+306) -> 824 | I7: 1.35 | J7: =3*63.2 -> 189.6 | K7: =(J7*3.33)/1000 -> 0.631368 | L7: =K7*0.11 -> 0.06945048 | M7: =(J7/1000)*5.5 -> 1.0428 | O7: =(((4.18*63.2*(35-22)))) -> 3434.288 | P7: =O7/3600 -> 0.95396889 | Q7: =20/60 -> 0.33333333 | T7: =P7*Q7*0.17 -> 0.054058237
A8: CROSCOUR RDT PREP | B8: =VLOOKUP(A8,'feuille de base Mars 2016'!B:C,2,FALSE) -> 7.353 | C8: =VLOOKUP(A8,'feuille de base Mars 2016'!B:H,7,FALSE) -> 0.02 | D8: =(C8*F8)*1000 -> 158 | E8: =(D8/1000)*B8 -> 1.161774 | F8: 7.9 | G8: 63.2 | O8: =(4.18*63.2*(80-35)) -> 11887.92 | P8: =O8/3600 -> 3.3022 | Q8: =(40/60) -> 0.66666667 | T8: =P8*Q8*0.17 -> 0.37424933
A9: CARBONATE DE SOUDE PREP | B9: =VLOOKUP(A9,'feuille de base Mars 2016'!B:C,2,FALSE) -> 0.77 | C9: =VLOOKUP(A9,'feuille de base Mars 2016'!B:H,7,FALSE) -> 1 | D9: =(C9*G9) -> 63.2 | E9: =(D9/1000)*B9 -> 0.048664 | F9: 7.9 | G9: 63.2 | O9: =(4.18*63.2*(70-30)) -> 10567.04 | P9: =O9/3600 -> 2.9352889 | Q9: =20/60 -> 0.33333333 | T9: =P9*Q9*0.17 -> 0.16633304
A10: ACIDE ACETIQUE PREP | B10: =VLOOKUP(A10,'feuille de base Mars 2016'!B:C,2,FALSE) -> 1.45 | C10: =VLOOKUP(A10,'feuille de base Mars 2016'!B:H,7,FALSE) -> 1 | D10: =(C10*G10) -> 63.2 | E10: =(D10/1000)*B10 -> 0.09164 | F10: 7.9 | G10: 63.2 | O10: =4.18*63.2*(35-24) -> 2905.936 | P10: =O10/3600 -> 0.80720444 | Q10: =10/60 -> 0.16666667 | T10: =P10*Q10*0.17 -> 0.022870793
A11: CROSCOLOR PRP PREP | B11: =VLOOKUP(A11,'feuille de base Mars 2016'!B:C,2,FALSE) -> 6.461 | C11: =VLOOKUP(A11,'feuille de base Mars 2016'!B:H,7,FALSE) -> 0 | D11: =(C11*G11) -> 0 | E11: =(D11/1000)*B11 -> 0 | F11: 7.9 | G11: 63.2 | T11: =P11*Q11*0.134 -> 0
A12: ALBAFLOW JET PREP | B12: =VLOOKUP(A12,'feuille de base Mars 2016'!B:C,2,FALSE) -> 8.02 | C12: =VLOOKUP(A12,'feuille de base Mars 2016'!B:H,7,FALSE) -> 0 | D12: =(C12*G12) -> 0 | E12: =(D12/1000)*B12 -> 0 | F12: 7.9 | G12: 63.2 | T12: =P12*Q12*0.134 -> 0
A13: CROSCOLOR PRP PREP | B13: =VLOOKUP(A13,'feuille de base Mars 2016'!B:C,2,FALSE) -> 6.461 | C13: =VLOOKUP(A13,'feuille de base Mars 2016'!B:H,7,FALSE) -> 0 | D13: =(C13*G13) -> 0 | E13: =(D13/1000)*B13 -> 0 | F13: 7.9 | G13: 63.2 | L13: =SUM(L7:L12,M7) -> 1.1122505 | O13: =SUM(O7:O9) -> 25889.248 | P13: =SUM(P7:P9) -> 7.1914578 | Q13: =SUM(Q7:Q11) -> 1.5 | T13: =SUM(T7:T9) -> 0.59464061
E14: =SUM(E7:E13,L13,T13) -> 3.1922491
A20: teinture
A21: colorants | B21: prix prod teint | C21: pourcentage prod teint | D21: quanatité produits teinture (g ou ml) | E21: prix prod teint | F21: poids matière (kg) | G21: volume du bain (L) | I21: durée (h) | J21: consommation eau adoucie (L) | K21: consommation sel (kg() | L21: Coût eau adoucie (DT) | M21: cout eau +traitement | N21: consommation energie vapeur (KJ) | O21: consommation energie (KJ) | P21: consommation energie (kwh) | Q21: durée chauffage (h) | R21: consommation vapeur (kg) | S21: cout 1kg vapeur/h (DT) | T21: cout consommation vapeur (DT)
A22: BLEU BEMACID F2-G | B22: =VLOOKUP(A22,'feuille de base Mars 2016'!B:C,2,FALSE) -> 194.78 | C22: =VLOOKUP(A22,'feuille de base Mars 2016'!B:H,7,FALSE) -> 0 | D22: =(C22*F22)*1000 -> 0 | E22: =(D22*F22)/1000 -> 0 | F22: 7.9 | G22: 63.2 | I22: 0.33 | J22: =3*63.2 -> 189.6 | K22: =(J22*3.33)/1000 -> 0.631368 | L22: =K22*0.11 -> 0.06945048 | M22: =(J22/1000)*5.5 -> 1.0428 | O22: =(4.18*63.2*(35-25)) -> 2641.76 | P22: =O22/3600 -> 0.73382222 | Q22: =20/60 -> 0.33333333 | T22: =Q22*P22*0.17 -> 0.041583259
A23: BLEU BEMACID ETL | B23: =VLOOKUP(A23,'feuille de base Mars 2016'!B:C,2,FALSE) -> 76.37 | C23: =VLOOKUP(A23,'feuille de base Mars 2016'!B:H,7,FALSE) -> 9.34e-05 | D23: =(C23*F23)*1000 -> 0.73786 | E23: =(D23*F23)/1000 -> 0.005829094 | F23: 7.9 | G23: 63.2 | I23: 1.83 | L23: =(L22+M22) -> 1.1122505 | O23: =0.099*4.18*(80-25) -> 22.7601 | P23: =O23/3600 -> 0.00632225 | Q23: =20/60 -> 0.33333333 | T23: =Q23*P23*0.17 -> 0.00035826083
A24: BLEU BEMACID NTF | B24: =VLOOKUP(A24,'feuille de base Mars 2016'!B:C,2,FALSE) -> 50.86524 | C24: =VLOOKUP(A24,'feuille de base Mars 2016'!B:H,7,FALSE) -> 0 | D24: =(C24*F24)*1000 -> 0 | E24: =(D24*F24)/1000 -> 0 | F24: 7.9 | G24: 63.2 | I24: 0.16 | O24: =63.2*4.18*(98-38) -> 15850.56 | P24: =O24/3600 -> 4.4029333 | Q24: =50/60 -> 0.83333333 | T24: =Q24*P24*0.17 -> 0.62374889
A25: BLEU BEMACIDE FBL | B25: =VLOOKUP(A25,'feuille de base Mars 2016'!B:C,2,FALSE) -> 56.493 | C25: =VLOOKUP(A25,'feuille de base Mars 2016'!B:H,7,FALSE) -> 0 | D25: =(C25*F25)*1000 -> 0 | E25: =(D25*F25)/1000 -> 0 | F25: 7.9 | G25: 63.2 | O25: =(4.18*63.2*(98-80)) -> 4755.168 | P25: =O25/3600 -> 1.32088 | Q25: =15/60 -> 0.25 | T25: =Q25*P25*0.17 -> 0.0561374
A26: BLEU BEZACTIVE S-FR 150 | B26: =VLOOKUP(A26,'feuille de base Mars 2016'!B:C,2,FALSE) -> 56.83 | C26: =VLOOKUP(A26,'feuille de base Mars 2016'!B:H,7,FALSE) -> 0 | D26: =(C26*F26)*1000 -> 0 | E26: =(D26*F26)/1000 -> 0 | F26: 7.9 | G26: 63.2 | O26: =4.18*63.2*(38-25)*2 -> 6868.576 | P26: =O26/3600 -> 1.9079378 | Q26: =20/60 -> 0.33333333 | T26: =Q26*P26*0.17 -> 0.10811647
A27: BLEU BEZACTIVE SGLD | B27: =VLOOKUP(A27,'feuille de base Mars 2016'!B:C,2,FALSE) -> 33.15 | C27: =VLOOKUP(A27,'feuille de base Mars 2016'!B:H,7,FALSE) -> 0 | D27: =(C27*F27)*1000 -> 0 | E27: =(D27*F27)/1000 -> 0 | F27: 7.9 | G27: 63.2
A28: BLEU TUBANTIN BRR | B28: =VLOOKUP(A28,'feuille de base Mars 2016'!B:C,2,FALSE) -> 42.26 | C28: =VLOOKUP(A28,'feuille de base Mars 2016'!B:H,7,FALSE) -> 0 | D28: =(C28*F28)*1000 -> 0 | E28: =(D28*F28)/1000 -> 0 | F28: 7.9 | G28: 63.2
A29: BORDEAU BEMAPLEX NGT | B29: =VLOOKUP(A29,'feuille de base Mars 2016'!B:C,2,FALSE) -> 51.12 | C29: =VLOOKUP(A29,'feuille de base Mars 2016'!B:H,7,FALSE) -> 0 | D29: =(C29*F29)*1000 -> 0 | E29: =(D29*F29)/1000 -> 0 | F29: 7.9 | G29: 63.2
A30: BRUN TUBANTIN BLL | B30: =VLOOKUP(A30,'feuille de base Mars 2016'!B:C,2,FALSE) -> 0 | C30: =VLOOKUP(A30,'feuille de base Mars 2016'!B:H,7,FALSE) -> 0 | D30: =(C30*F30)*1000 -> 0 | E30: =(D30*F30)/1000 -> 0 | F30: 7.9 | G30: 63.2
A31: BRUN TUBANTIN GGL | B31: =VLOOKUP(A31,'feuille de base Mars 2016'!B:C,2,FALSE) -> 39.8 | C31: =VLOOKUP(A31,'feuille de base Mars 2016'!B:H,7,FALSE) -> 0 | D31: =(C31*F31)*1000 -> 0 | E31: =(D31*F31)/1000 -> 0 | F31: 7.9 | G31: 63.2
A32: ECARLATE BEMACIDE F3_G | B32: =VLOOKUP(A32,'feuille de base Mars 2016'!B:C,2,FALSE) -> 37.43 | C32: =VLOOKUP(A32,'feuille de base Mars 2016'!B:H,7,FALSE) -> 0 | D32: =(C32*F32)*1000 -> 0 | E32: =(D32*F32)/1000 -> 0 | F32: 7.9 | G32: 63.2
A33: FLAVINA FLUO INFANYL 10-G | B33: =VLOOKUP(A33,'feuille de base Mars 2016'!B:C,2,FALSE) -> 43.41258 | C33: =VLOOKUP(A33,'feuille de base Mars 2016'!B:H,7,FALSE) -> 0 | D33: =(C33*F33)*1000 -> 0 | E33: =(D33*F33)/1000 -> 0 | F33: 7.9 | G33: 63.2
A34: GRIS TUBANTIN CGLL | B34: =VLOOKUP(A34,'feuille de base Mars 2016'!B:C,2,FALSE) -> 60.57 | C34: =VLOOKUP(A34,'feuille de base Mars 2016'!B:H,7,FALSE) -> 0 | D34: =(C34*F34)*1000 -> 0 | E34: =(D34*F34)/1000 -> 0 | F34: 7.9 | G34: 63.2
A35: JAUNE BEMACIDE ETL | B35: =VLOOKUP(A35,'feuille de base Mars 2016'!B:C,2,FALSE) -> 63.36 | C35: =VLOOKUP(A35,'feuille de base Mars 2016'!B:H,7,FALSE) -> 0.0003623 | D35: =(C35*F35)*1000 -> 2.86217 | E35: =(D35*F35)/1000 -> 0.022611143 | F35: 7.9 | G35: 63.2
A36: JAUNE BEMACIDE E4-G | B36: =VLOOKUP(A36,'feuille de base Mars 2016'!B:C,2,FALSE) -> 31.45 | C36: =VLOOKUP(A36,'feuille de base Mars 2016'!B:H,7,FALSE) -> 0 | D36: =(C36*F36)*1000 -> 0 | E36: =(D36*F36)/1000 -> 0 | F36: 7.9 | G36: 63.2
A37: JAUNE BEMACIDE FG | B37: =VLOOKUP(A37,'feuille de base Mars 2016'!B:C,2,FALSE) -> 66.45 | C37: =VLOOKUP(A37,'feuille de base Mars 2016'!B:H,7,FALSE) -> 0 | D37: =(C37*F37)*1000 -> 0 | E37: =(D37/1000)*B37 -> 0 | F37: 7.9 | G37: 63.2
A38: JAUNE BEMAPLEX MT | B38: =VLOOKUP(A38,'feuille de base Mars 2016'!B:C,2,FALSE) -> 40.81696 | C38: =VLOOKUP(A38,'feuille de base Mars 2016'!B:H,7,FALSE) -> 0 | D38: =(C38*F38)*1000 -> 0 | E38: =(D38/1000)*B38 -> 0 | F38: 7.9 | G38: 63.2
A39: ROUGE BEZACTIV S-3B | B39: =VLOOKUP(A39,'feuille de base Mars 2016'!B:C,2,FALSE) -> 12.81 | C39: =VLOOKUP(A39,'feuille de base Mars 2016'!B:H,7,FALSE) -> 0 | D39: =(C39*F39)*1000 -> 0 | E39: =(D39/1000)*B39 -> 0 | F39: 7.9 | G39: 63.2
A40: JAUNE BEZACTIV SLF | B40: =VLOOKUP(A40,'feuille de base Mars 2016'!B:C,2,FALSE) -> 17.68 | C40: =VLOOKUP(A40,'feuille de base Mars 2016'!B:H,7,FALSE) -> 0 | D40: =(C40*F40)*1000 -> 0 | E40: =(D40/1000)*B40 -> 0 | F40: 7.9 | G40: 63.2
A41: JAUNE BEZACTIVE S8G | B41: =VLOOKUP(A41,'feuille de base Mars 2016'!B:C,2,FALSE) -> 23.4 | C41: =VLOOKUP(A41,'feuille de base Mars 2016'!B:H,7,FALSE) -> 0 | D41: =(C41*F41)*1000 -> 0 | E41: =(D41/1000)*B41 -> 0 | F41: 7.9 | G41: 63.2 | O41: 0
A42: JAUNE TUBANTIN 4 GL | B42: =VLOOKUP(A42,'feuille de base Mars 2016'!B:C,2,FALSE) -> 44.8 | C42: =VLOOKUP(A42,'feuille de base Mars 2016'!B:H,7,FALSE) -> 0 | D42: =(C42*F42)*1000 -> 0 | E42: =(D42/1000)*B42 -> 0 | F42: 7.9 | G42: 63.2
A43: JAUNE TUBANTIN GR | B43: =VLOOKUP(A43,'feuille de base Mars 2016'!B:C,2,FALSE) -> 21.65 | C43: =VLOOKUP(A43,'feuille de base Mars 2016'!B:H,7,FALSE) -> 0 | D43: =(C43*F43)*1000 -> 0 | E43: =(D43/1000)*B43 -> 0 | F43: 7.9 | G43: 63.2
A44: MAIRNE BEZACTIVE S MAX | B44: =VLOOKUP(A44,'feuille de base Mars 2016'!B:C,2,FALSE) -> 13.87 | C44: =VLOOKUP(A44,'feuille de base Mars 2016'!B:H,7,FALSE) -> 0 | D44: =(C44*F44)*1000 -> 0 | E44: =(D44/1000)*B44 -> 0 | F44: 7.9 | G44: 63.2
A45: MARINE BEMAPLEX MT | B45: =VLOOKUP(A45,'feuille de base Mars 2016'!B:C,2,FALSE) -> 37.22988 | C45: =VLOOKUP(A45,'feuille de base Mars 2016'!B:H,7,FALSE) -> 0 | D45: =(C45*F45)*1000 -> 0 | E45: =(D45/1000)*B45 -> 0 | F45: 7.9 | G45: 63.2
A46: MARINE BEZACTIVE S3G | B46: =VLOOKUP(A46,'feuille de base Mars 2016'!B:C,2,FALSE) -> 36.8 | C46: =VLOOKUP(A46,'feuille de base Mars 2016'!B:H,7,FALSE) -> 0 | D46: =(C46*F46)*1000 -> 0 | E46: =(D46/1000)*B46 -> 0 | F46: 7.9 | G46: 63.2
A47: NOIR BEMAPLEX DR | B47: =VLOOKUP(A47,'feuille de base Mars 2016'!B:C,2,FALSE) -> 12.9224 | C47: =VLOOKUP(A47,'feuille de base Mars 2016'!B:H,7,FALSE) -> 0 | D47: =(C47*F47)*1000 -> 0 | E47: =(D47/1000)*B47 -> 0 | F47: 7.9 | G47: 63.2
A48: NOIR COSMOS S MAX | B48: =VLOOKUP(A48,'feuille de base Mars 2016'!B:C,2,FALSE) -> 13.5 | C48: =VLOOKUP(A48,'feuille de base Mars 2016'!B:H,7,FALSE) -> 0 | D48: =(C48*F48)*1000 -> 0 | E48: =(D48/1000)*B48 -> 0 | F48: 7.9 | G48: 63.2
A49: NOIR ERIOFAST M | B49: =VLOOKUP(A49,'feuille de base Mars 2016'!B:C,2,FALSE) -> 36.6506 | C49: =VLOOKUP(A49,'feuille de base Mars 2016'!B:H,7,FALSE) -> 0 | D49: =(C49*F49)*1000 -> 0 | E49: =(D49/1000)*B49 -> 0 | F49: 7.9 | G49: 63.2
A50: NOIR ERIONAL AMR | B50: =VLOOKUP(A50,'feuille de base Mars 2016'!B:C,2,FALSE) -> 13.1452 | C50: =VLOOKUP(A50,'feuille de base Mars 2016'!B:H,7,FALSE) -> 0 | D50: =(C50*F50)*1000 -> 0 | E50: =(D50/1000)*B50 -> 0 | F50: 7.9 | G50: 63.2
A51: RODAMINA INFACIDE B CONC | B51: =VLOOKUP(A51,'feuille de base Mars 2016'!B:C,2,FALSE) -> 88.006 | C51: =VLOOKUP(A51,'feuille de base Mars 2016'!B:H,7,FALSE) -> 0 | D51: =(C51*F51)*1000 -> 0 | E51: =(D51/1000)*B51 -> 0 | F51: 7.9 | G51: 63.2
A52: ROUGE BEMACIDE ETL | B52: =VLOOKUP(A52,'feuille de base Mars 2016'!B:C,2,FALSE) -> 64.85 | C52: =VLOOKUP(A52,'feuille de base Mars 2016'!B:H,7,FALSE) -> 0.000143 | D52: =(C52*F52)*1000 -> 1.1297 | E52: =(D52/1000)*B52 -> 0.073261045 | F52: 7.9 | G52: 63.2
A53: ROUGE BEMACIDE FB | B53: =VLOOKUP(A53,'feuille de base Mars 2016'!B:C,2,FALSE) -> 37.0962 | C53: =VLOOKUP(A53,'feuille de base Mars 2016'!B:H,7,FALSE) -> 0 | D53: =(C53*F53)*1000 -> 0 | E53: =(D53/1000)*B53 -> 0 | F53: 7.9 | G53: 63.2
... A60: TURQUOISE TUBANTIN FBL | B60: =VLOOKUP(A60,'feuille de base Mars 2016'!B:C,2,FALSE) -> 35.22 | C60: =VLOOKUP(A60,'feuille de base Mars 2016'!B:H,7,FALSE) -> 0 | D60: =(C60*F60)*1000 -> 0 | E60: =(D60/1000)*B60 -> 0 | F60: 7.9 | G60: 63.2
A61: BIAVIN BPA TEINT | B61: =VLOOKUP(A61,'feuille de base Mars 2016'!B:C,2,FALSE) -> 1.45 | C61: =VLOOKUP(A61,'feuille de base Mars 2016'!B:H,7,FALSE) -> 2 | D61: =(C61*G61) -> 126.4 | E61: =(D61/1000)*B61 -> 0.18328 | F61: 7.9 | G61: 63.2
A62: SARABID IPD TEINT | B62: =VLOOKUP(A62,'feuille de base Mars 2016'!B:C,2,FALSE) -> 7.798 | C62: =VLOOKUP(A62,'feuille de base Mars 2016'!B:H,7,FALSE) -> 0.01 | D62: =(C62*F62)*1000 -> 79 | E62: =(D62/1000)*B62 -> 0.616042 | F62: 7.9 | G62: 63.2
A63: SARABID IPF TEINT | B63: =VLOOKUP(A63,'feuille de base Mars 2016'!B:C,2,FALSE) -> 8.355 | C63: =VLOOKUP(A63,'feuille de base Mars 2016'!B:H,7,FALSE) -> 0.01 | D63: =(C63*F63)*1000 -> 79 | E63: =(D63/1000)*B63 -> 0.660045 | F63: 7.9 | G63: 63.2
A64: MEROPAN EF TEINT | B64: =VLOOKUP(A64,'feuille de base Mars 2016'!B:C,2,FALSE) -> 13.6138 | C64: =VLOOKUP(A64,'feuille de base Mars 2016'!B:H,7,FALSE) -> 1 | D64: =(C64*G64) -> 63.2 | E64: =(D64/1000)*B64 -> 0.86039216 | F64: 7.9 | G64: 63.2
A65: ALBAFLOW JET TEINT | B65: =VLOOKUP(A65,'feuille de base Mars 2016'!B:C,2,FALSE) -> 8.02 | C65: =VLOOKUP(A65,'feuille de base Mars 2016'!B:H,7,FALSE) -> 0.5 | D65: =(C65*G65) -> 31.6 | E65: =(D65/1000)*B65 -> 0.253432 | F65: 7.9 | G65: 63.2
A66: CARBONATE DE SODIUM TEINT | B66: =VLOOKUP(A66,'feuille de base Mars 2016'!B:C,2,FALSE) -> 0.77 | C66: =VLOOKUP(A66,'feuille de base Mars 2016'!B:H,7,FALSE) -> 0 | F66: 7.9 | G66: 63.2
A67: ACIDE ACETIQUE TEINT | B67: =VLOOKUP(A67,'feuille de base Mars 2016'!B:C,2,FALSE) -> 1.45 | C67: =VLOOKUP(A67,'feuille de base Mars 2016'!B:H,7,FALSE) -> 0 | D67: =(C67*G67) -> 0 | E67: =(D67/1000)*B67 -> 0 | F67: 7.9 | G67: 63.2
A68: CHLORURE DE CALCIUM | B68: =VLOOKUP(A68,'feuille de base Mars 2016'!B:C,2,FALSE) -> 3.252 | C68: =VLOOKUP(A68,'feuille de base Mars 2016'!B:H,7,FALSE) -> 0 | D68: =(C68*F68)*1000 -> 0 | E68: =(D68/1000)*B68 -> 0 | F68: 7.9 | G68: 63.2
A69: ACIDE FORMIQUE TEINT | B69: =VLOOKUP(A69,'feuille de base Mars 2016'!B:C,2,FALSE) -> 1.4 | C69: =VLOOKUP(A69,'feuille de base Mars 2016'!B:H,7,FALSE) -> 0 | D69: =(C69*G69) -> 0 | E69: =(D69/1000)*B69 -> 0 | F69: 7.9 | G69: 63.2
A70: CROSCOURT RDT TEINT | B70: =VLOOKUP(A70,'feuille de base Mars 2016'!B:C,2,FALSE) -> 7.35 | C70: =VLOOKUP(A70,'feuille de base Mars 2016'!B:H,7,FALSE) -> 0 | D70: =(C70*G70) -> 0 | E70: =(D70/1000)*B70 -> 0 | F70: 7.9 | G70: 63.2
A71: ALBATEX AB45 TEINT | B71: =VLOOKUP(A71,'feuille de base Mars 2016'!B:C,2,FALSE) -> 4.2332 | C71: =VLOOKUP(A71,'feuille de base Mars 2016'!B:H,7,FALSE) -> 0 | D71: =(C71*G71) -> 0 | E71: =(D71/1000)*B71 -> 0 | F71: 7.9 | G71: 63.2 | O71: =SUM(O22:O70) -> 30138.824 | P71: =O71/3600 -> 8.3718956 | Q71: =SUM(Q22:Q24) -> 1.5 | T71: =SUM(T22:T25) -> 0.72182781
A72: CROSCOLOR PRP TEINT | B72: =VLOOKUP(A72,'feuille de base Mars 2016'!B:C,2,FALSE) -> 6.6412 | C72: =VLOOKUP(A72,'feuille de base Mars 2016'!B:H,7,FALSE) -> 0 | D72: =(C72*G72) -> 0 | E72: =(D72/1000)*B72 -> 0 | F72: 7.9 | G72: 63.2
E73: =SUM(E22:E72,T71,L23) -> 4.5089707
A75: cout teinture | B75: =E73+T71+L23 -> 6.343049
A77: cout fixation | B77: =E89+T88+L80+L82 -> 1.0068704
A78: fixation
A79: prod fix | C79: pourcentage prod fix | I79: durée (h) | J79: consommation eau adoucie (L) | K79: consommation sel (kg() | L79: Coût eau adoucie (DT) | M79: cout eau +traitement | N79: consommation energie vapeur (KJ) | O79: consommation energie (KJ) | P79: consommation energie (kwh) | Q79: durée chauffage (h) | R79: consommation vapeur (kg) | S79: cout 1kg vapeur/h (DT) | T79: cout consommation vapeur (DT)
A80: ACIDE FORMIQUE FIX | B80: =VLOOKUP(A80,'feuille de base Mars 2016'!B:C,2,FALSE) -> 1.4 | C80: =VLOOKUP(A80,'feuille de base Mars 2016'!B:H,7,FALSE) -> 0 | D80: =(C80*G80) -> 0 | E80: =(D80/1000)*B80 -> 0 | F80: 7.9 | G80: 63.2 | J80: 63.2 | K80: =(J80*3.33)/1000 -> 0.210456 | L80: =K80*0.11 -> 0.02315016 | M80: =(J80/1000)*5.5 -> 0.3476 | O80: =(4.18*63.5*(40-22)) -> 4777.74 | P80: =O80/3600 -> 1.32715 | Q80: 0.5 | T80: =Q80*P80*0.17 -> 0.11280775
A81: REWIN KBL | B81: =VLOOKUP(A81,'feuille de base Mars 2016'!B:C,2,FALSE) -> 7.107 | C81: =VLOOKUP(A81,'feuille de base Mars 2016'!B:H,7,FALSE) -> 0 | D81: =(C81*F81)*1000 -> 0 | E81: =(D81/1000)*B81 -> 0 | F81: 7.9 | G81: 63.2 | P81: =O81/3600 -> 0 | T81: =Q81*P81*0.134 -> 0
A82: SOUDE CAUSTIQUE FIX | B82: =VLOOKUP(A82,'feuille de base Mars 2016'!B:C,2,FALSE) -> 0.77 | C82: =VLOOKUP(A82,'feuille de base Mars 2016'!B:H,7,FALSE) -> 0 | D82: =C82*G82 -> 0 | E82: =(D82/1000)*B82 -> 0 | F82: 7.9 | G82: 63.2 | L82: =(J80/1000)*1.19 -> 0.075208 | P82: =O82/3600 -> 0 | T82: =Q82*P82*0.134 -> 0
A83: ERIOFAST FIX | B83: =VLOOKUP(A83,'feuille de base Mars 2016'!B:C,2,FALSE) -> 10.13 | C83: =VLOOKUP(A83,'feuille de base Mars 2016'!B:H,7,FALSE) -> 0 | D83: =(C83*F83)*1000 -> 0 | E83: =(D83/1000)*B83 -> 0 | F83: 7.9 | G83: 63.2 | P83: =O83/3600 -> 0 | T83: =Q83*P83*0.134 -> 0
A84: CROSCOURT RDT FIX | B84: =VLOOKUP(A84,'feuille de base Mars 2016'!B:C,2,FALSE) -> 7.35 | C84: =VLOOKUP(A84,'feuille de base Mars 2016'!B:H,7,FALSE) -> 0 | D84: =C84*G84 -> 0 | E84: =(D84/1000)*B84 -> 0 | F84: 7.9 | G84: 63.2 | P84: =O84/3600 -> 0 | T84: =Q84*P84*0.134 -> 0
A85: CARBONATE DE SOUDE FIX | B85: =VLOOKUP(A85,'feuille de base Mars 2016'!B:C,2,FALSE) -> 0.77 | C85: =VLOOKUP(A85,'feuille de base Mars 2016'!B:H,7,FALSE) -> 0 | D85: =C85*G85 -> 0 | E85: =(D85/1000)*B85 -> 0 | F85: 7.9 | G85: 63.2 | T85: =Q85*P85*0.134 -> 0
A86: ACIDE ACETIQUE FIX | B86: =VLOOKUP(A86,'feuille de base Mars 2016'!B:C,2,FALSE) -> 1.45 | C86: =VLOOKUP(A86,'feuille de base Mars 2016'!B:H,7,FALSE) -> 0 | D86: =(C86*G86) -> 0 | E86: =(D86/1000)*B86 -> 0 | F86: 7.9 | G86: 63.2
A87: CROSOFT LISS | B87: =VLOOKUP(A87,'feuille de base Mars 2016'!B:C,2,FALSE) -> 4.9 | C87: =VLOOKUP(A87,'feuille de base Mars 2016'!B:H,7,FALSE) -> 0 | D87: =C87*F87 -> 0 | E87: =(D87/1000)*B87 -> 0 | F87: 7.9 | G87: 63.2 | L87: =SUM(L80:L82) -> 0.09835816
A88: CROSOFT GPAT | B88: =VLOOKUP(A88,'feuille de base Mars 2016'!B:C,2,FALSE) -> 1.335 | C88: =VLOOKUP(A88,'feuille de base Mars 2016'!B:H,7,FALSE) -> 5 | D88: =C88*G88 -> 316 | E88: =(D88/1000)*B88 -> 0.42186 | F88: 7.9 | G88: 63.2 | O88: =SUM(O80:O87) -> 4777.74 | P88: =O88/3600 -> 1.32715 | Q88: =SUM(Q80:Q87) -> 0.5 | T88: =P88*0.134*Q88 -> 0.08891905
E89: =SUM(E80:E88,K80,T88,L87) -> 0.81959321

Sheet C10-08 BLEU12 11-03-2016
E1: Poids | F1: 34.8 | I1: cout total | J1: =B2+B74+B76 -> 115.594
A2: cout preparation | B2: =E14+L13+T13 -> 12.286771 | E2: Volume | F2: =418*8 -> 3344
E3: rapport du bain (1:12)
A5: preparation
A6: prod prep | B6: prix prod prep (DT) | C6: pourcentage prod prep | D6: quantité produits preparation (g ou ml) | E6: Coût produits chimiques (DT) | F6: poids matière (kg) | G6: volume de bain (L) | H6: volume du bain prep(L) | I6: durée (h) | J6: consommation eau adoucie prep (L) | K6: consommation sel (kg() | L6: Coût eau adoucie (DT) | M6: cout eau +traitement | N6: consommation energie vapeur (KJ) | O6: consommation energie (KJ) | P6: consommation energie (kwh) | Q6: durée chauffage (h) | R6: consommation vapeur (kg) | S6: cout 1kg vapeur/h (DT) | T6: cout consommation vapeur (DT)
A7: BIAVIN BPA PREP | B7: =VLOOKUP(A7,'feuille de base Mars 2016'!B:C,2,FALSE) -> 1.45 | C7: =VLOOKUP(A7,'feuille de base Mars 2016'!B:F,5,FALSE) -> 2 | D7: =(C7*G7) -> 836 | E7: =(D7/1000)*B7 -> 1.2122 | F7: 34.8 | G7: 418 | H7: =SUM(212+306+306) -> 824 | I7: 1.35 | J7: 418 | K7: =(J7*3.33)/1000 -> 1.39194 | L7: =K7*0.11 -> 0.1531134 | M7: =(J7/1000)*5.5 -> 2.299 | O7: =(((4.18*429*(80-22)))) -> 104006.76 | P7: =O7/3600 -> 28.890767 | Q7: =70/60 -> 1.1666667 | T7: =P7*Q7*0.17 -> 5.7300021
A8: CROSCOUR RDT PREP | B8: =VLOOKUP(A8,'feuille de base Mars 2016'!B:C,2,FALSE) -> 7.353 | C8: =VLOOKUP(A8,'feuille de base Mars 2016'!B:F,5,FALSE) -> 0 | D8: =(C8*F8)*1000 -> 0 | E8: =(D8/1000)*B8 -> 0 | F8: 34.8 | G8: 418 | O8: =(4.18*429*(70-26)) -> 78901.68 | P8: =O8/3600 -> 21.917133 | Q8: =(15/60)*2 -> 0.5 | T8: =P8*Q8*0.17 -> 1.8629563
A9: CARBONATE DE SOUDE PREP | B9: =VLOOKUP(A9,'feuille de base Mars 2016'!B:C,2,FALSE) -> 0.77 | C9: =VLOOKUP(A9,'feuille de base Mars 2016'!B:F,5,FALSE) -> 0 | D9: =(C9*G9) -> 0 | E9: =(D9/1000)*B9 -> 0 | F9: 34.8 | G9: 418 | O9: =(4.18*429*(40-25)) -> 26898.3 | P9: =O9/3600 -> 7.47175 | Q9: =20/60 -> 0.33333333 | T9: =P9*Q9*0.17 -> 0.42339917
A10: ACIDE ACETIQUE PREP | B10: =VLOOKUP(A10,'feuille de base Mars 2016'!B:C,2,FALSE) -> 1.45 | C10: =VLOOKUP(A10,'feuille de base Mars 2016'!B:F,5,FALSE) -> 1 | D10: =(C10*G10) -> 418 | E10: =(D10/1000)*B10 -> 0.6061 | F10: 34.8 | G10: 418
A11: CROSCOLOR PRP PREP | B11: =VLOOKUP(A11,'feuille de base Mars 2016'!B:C,2,FALSE) -> 6.461 | C11: =VLOOKUP(A11,'feuille de base Mars 2016'!B:F,5,FALSE) -> 0 | D11: =(C11*G11) -> 0 | E11: =(D11/1000)*B11 -> 0 | F11: 34.8 | G11: 418
A12: ALBAFLOW JET PREP | B12: =VLOOKUP(A12,'feuille de base Mars 2016'!B:C,2,FALSE) -> 8.02 | C12: =VLOOKUP(A12,'feuille de base Mars 2016'!B:F,5,FALSE) -> 0 | D12: =(C12*G12) -> 0 | E12: =(D12/1000)*B12 -> 0 | F12: 34.8 | G12: 418
A13: CROSCOLOR PRP PREP | B13: =VLOOKUP(A13,'feuille de base Mars 2016'!B:C,2,FALSE) -> 6.461 | C13: =VLOOKUP(A13,'feuille de base Mars 2016'!B:F,5,FALSE) -> 0 | D13: =(C13*G13) -> 0 | E13: =(D13/1000)*B13 -> 0 | F13: 34.8 | G13: 418 | L13: =SUM(L7:L12,M7) -> 2.4521134 | O13: =SUM(O7:O9) -> 209806.74 | P13: =SUM(P7:P9) -> 58.27965 | Q13: =SUM(Q7:Q11) -> 2 | T13: =SUM(T7:T9) -> 8.0163576
E14: =SUM(E7:E13) -> 1.8183
A20: teinture
A21: colorants | B21: prix prod teint | C21: pourcentage prod teint | D21: quanatité produits teinture (g ou ml) | E21: prix prod teint | F21: poids matière (kg) | G21: volume du bain (L) | I21: durée (h) | J21: consommation eau adoucie (L) | K21: consommation sel (kg() | L21: Coût eau adoucie (DT) | M21: cout eau +traitement | N21: consommation energie vapeur (KJ) | O21: consommation energie (KJ) | P21: consommation energie (kwh) | Q21: durée chauffage (h) | R21: consommation vapeur (kg) | S21: cout 1kg vapeur/h (DT) | T21: cout consommation vapeur (DT)
A22: BLEU BEMACID F2-G | B22: =VLOOKUP(A22,'feuille de base Mars 2016'!B:C,2,FALSE) -> 194.78 | C22: =VLOOKUP(A22,'feuille de base Mars 2016'!B:F,5,FALSE) -> 0 | D22: =(C22*F22)*1000 -> 0 | E22: =(D22*F22)/1000 -> 0 | F22: 34.8 | G22: 418 | I22: 0.33 | J22: =429*3 -> 1287 | K22: =(J22*3.33)/1000 -> 4.28571 | L22: =K22*0.11 -> 0.4714281 | M22: =(J22/1000)*5.5 -> 7.0785 | O22: =(4.18*429*(35-25)) -> 17932.2 | P22: =O22/3600 -> 4.9811667 | Q22: =43/60 -> 0.71666667 | T22: =Q22*P22*0.17 -> 0.60687214
A23: BLEU BEMACID ETL | B23: =VLOOKUP(A23,'feuille de base Mars 2016'!B:C,2,FALSE) -> 76.37 | C23: =VLOOKUP(A23,'feuille de base Mars 2016'!B:F,5,FALSE) -> 0 | D23: =(C23*F23)*1000 -> 0 | E23: =(D23*F23)/1000 -> 0 | F23: 34.8 | G23: 418 | I23: 1.83 | L23: =(L22+M22) -> 7.5499281 | O23: =429*4.18*(98-28) -> 125525.4 | P23: =O23/3600 -> 34.868167 | Q23: =145/60 -> 2.4166667 | T23: =Q23*P23*0.17 -> 14.325005
A24: BLEU BEMACID NTF | B24: =VLOOKUP(A24,'feuille de base Mars 2016'!B:C,2,FALSE) -> 50.86524 | C24: =VLOOKUP(A24,'feuille de base Mars 2016'!B:F,5,FALSE) -> 0.0291 | D24: =(C24*F24)*1000 -> 1012.68 | E24: =(D24*F24)/1000 -> 35.241264 | F24: 34.8 | G24: 418 | I24: 0.16 | O24: =429*4.18*(98-80) -> 32277.96 | P24: =O24/3600 -> 8.9661 | Q24: =15/60 -> 0.25 | T24: =Q24*P24*0.17 -> 0.38105925
A25: BLEU BEMACIDE FBL | B25: =VLOOKUP(A25,'feuille de base Mars 2016'!B:C,2,FALSE) -> 56.493 | C25: =VLOOKUP(A25,'feuille de base Mars 2016'!B:F,5,FALSE) -> 0 | D25: =(C25*F25)*1000 -> 0 | E25: =(D25*F25)/1000 -> 0 | F25: 34.8 | G25: 418 | O25: =(4.18*429*(35-25))*2 -> 35864.4 | P25: =O25/3600 -> 9.9623333 | Q25: =15/60 -> 0.25 | T25: =Q25*P25*0.17 -> 0.42339917
A26: BLEU BEZACTIVE S-FR 150 | B26: =VLOOKUP(A26,'feuille de base Mars 2016'!B:C,2,FALSE) -> 56.83 | C26: =VLOOKUP(A26,'feuille de base Mars 2016'!B:F,5,FALSE) -> 0 | D26: =(C26*F26)*1000 -> 0 | E26: =(D26*F26)/1000 -> 0 | F26: 34.8 | G26: 418
A27: BLEU BEZACTIVE SGLD | B27: =VLOOKUP(A27,'feuille de base Mars 2016'!B:C,2,FALSE) -> 33.15 | C27: =VLOOKUP(A27,'feuille de base Mars 2016'!B:F,5,FALSE) -> 0 | D27: =(C27*F27)*1000 -> 0 | E27: =(D27*F27)/1000 -> 0 | F27: 34.8 | G27: 418
A28: BLEU TUBANTIN BRR | B28: =VLOOKUP(A28,'feuille de base Mars 2016'!B:C,2,FALSE) -> 42.26 | C28: =VLOOKUP(A28,'feuille de base Mars 2016'!B:F,5,FALSE) -> 0 | D28: =(C28*F28)*1000 -> 0 | E28: =(D28*F28)/1000 -> 0 | F28: 34.8 | G28: 418
A29: BORDEAU BEMAPLEX NGT | B29: =VLOOKUP(A29,'feuille de base Mars 2016'!B:C,2,FALSE) -> 51.12 | C29: =VLOOKUP(A29,'feuille de base Mars 2016'!B:F,5,FALSE) -> 0 | D29: =(C29*F29)*1000 -> 0 | E29: =(D29*F29)/1000 -> 0 | F29: 34.8 | G29: 418
A30: BRUN TUBANTIN BLL | B30: =VLOOKUP(A30,'feuille de base Mars 2016'!B:C,2,FALSE) -> 0 | C30: =VLOOKUP(A30,'feuille de base Mars 2016'!B:F,5,FALSE) -> 0 | D30: =(C30*F30)*1000 -> 0 | E30: =(D30*F30)/1000 -> 0 | F30: 34.8 | G30: 418
A31: BRUN TUBANTIN GGL | B31: =VLOOKUP(A31,'feuille de base Mars 2016'!B:C,2,FALSE) -> 39.8 | C31: =VLOOKUP(A31,'feuille de base Mars 2016'!B:F,5,FALSE) -> 0 | D31: =(C31*F31)*1000 -> 0 | E31: =(D31*F31)/1000 -> 0 | F31: 34.8 | G31: 418
A32: ECARLATE BEMACIDE F3_G | B32: =VLOOKUP(A32,'feuille de base Mars 2016'!B:C,2,FALSE) -> 37.43 | C32: =VLOOKUP(A32,'feuille de base Mars 2016'!B:F,5,FALSE) -> 0 | D32: =(C32*F32)*1000 -> 0 | E32: =(D32*F32)/1000 -> 0 | F32: 34.8 | G32: 418
A33: FLAVINA FLUO INFANYL 10-G | B33: =VLOOKUP(A33,'feuille de base Mars 2016'!B:C,2,FALSE) -> 43.41258 | C33: =VLOOKUP(A33,'feuille de base Mars 2016'!B:F,5,FALSE) -> 0 | D33: =(C33*F33)*1000 -> 0 | E33: =(D33*F33)/1000 -> 0 | F33: 34.8 | G33: 418
A34: GRIS TUBANTIN CGLL | B34: =VLOOKUP(A34,'feuille de base Mars 2016'!B:C,2,FALSE) -> 60.57 | C34: =VLOOKUP(A34,'feuille de base Mars 2016'!B:F,5,FALSE) -> 0 | D34: =(C34*F34)*1000 -> 0 | E34: =(D34*F34)/1000 -> 0 | F34: 34.8 | G34: 418
A35: JAUNE BEMACIDE ETL | B35: =VLOOKUP(A35,'feuille de base Mars 2016'!B:C,2,FALSE) -> 63.36 | C35: =VLOOKUP(A35,'feuille de base Mars 2016'!B:F,5,FALSE) -> 0 | D35: =(C35*F35)*1000 -> 0 | E35: =(D35*F35)/1000 -> 0 | F35: 34.8 | G35: 418
A36: JAUNE BEMACIDE E4-G | B36: =VLOOKUP(A36,'feuille de base Mars 2016'!B:C,2,FALSE) -> 31.45 | C36: =VLOOKUP(A36,'feuille de base Mars 2016'!B:F,5,FALSE) -> 0 | D36: =(C36*F36)*1000 -> 0 | E36: =(D36*F36)/1000 -> 0 | F36: 34.8 | G36: 418
A37: JAUNE BEMACIDE FG | B37: =VLOOKUP(A37,'feuille de base Mars 2016'!B:C,2,FALSE) -> 66.45 | C37: =VLOOKUP(A37,'feuille de base Mars 2016'!B:F,5,FALSE) -> 0 | D37: =(C37*F37)*1000 -> 0 | E37: =(D37/1000)*B37 -> 0 | F37: 34.8 | G37: 418
A38: JAUNE BEMAPLEX MT | B38: =VLOOKUP(A38,'feuille de base Mars 2016'!B:C,2,FALSE) -> 40.81696 | C38: =VLOOKUP(A38,'feuille de base Mars 2016'!B:F,5,FALSE) -> 0 | D38: =(C38*F38)*1000 -> 0 | E38: =(D38/1000)*B38 -> 0 | F38: 34.8 | G38: 418
A39: ROUGE BEZACTIV S-3B | B39: =VLOOKUP(A39,'feuille de base Mars 2016'!B:C,2,FALSE) -> 12.81 | C39: =VLOOKUP(A39,'feuille de base Mars 2016'!B:F,5,FALSE) -> 0 | D39: =(C39*F39)*1000 -> 0 | E39: =(D39/1000)*B39 -> 0 | F39: 34.8 | G39: 418
A40: JAUNE BEZACTIV SLF | B40: =VLOOKUP(A40,'feuille de base Mars 2016'!B:C,2,FALSE) -> 17.68 | C40: =VLOOKUP(A40,'feuille de base Mars 2016'!B:F,5,FALSE) -> 0 | D40: =(C40*F40)*1000 -> 0 | E40: =(D40/1000)*B40 -> 0 | F40: 34.8 | G40: 418
A41: JAUNE BEZACTIVE S8G | B41: =VLOOKUP(A41,'feuille de base Mars 2016'!B:C,2,FALSE) -> 23.4 | C41: =VLOOKUP(A41,'feuille de base Mars 2016'!B:F,5,FALSE) -> 0 | D41: =(C41*F41)*1000 -> 0 | E41: =(D41/1000)*B41 -> 0 | F41: 34.8 | G41: 418 | O41: 0
A42: JAUNE TUBANTIN 4 GL | B42: =VLOOKUP(A42,'feuille de base Mars 2016'!B:C,2,FALSE) -> 44.8 | C42: =VLOOKUP(A42,'feuille de base Mars 2016'!B:F,5,FALSE) -> 0 | D42: =(C42*F42)*1000 -> 0 | E42: =(D42/1000)*B42 -> 0 | F42: 34.8 | G42: 418
A43: JAUNE TUBANTIN GR | B43: =VLOOKUP(A43,'feuille de base Mars 2016'!B:C,2,FALSE) -> 21.65 | C43: =VLOOKUP(A43,'feuille de base Mars 2016'!B:F,5,FALSE) -> 0 | D43: =(C43*F43)*1000 -> 0 | E43: =(D43/1000)*B43 -> 0 | F43: 34.8 | G43: 418
A44: MAIRNE BEZACTIVE S MAX | B44: =VLOOKUP(A44,'feuille de base Mars 2016'!B:C,2,FALSE) -> 13.87 | C44: =VLOOKUP(A44,'feuille de base Mars 2016'!B:F,5,FALSE) -> 0 | D44: =(C44*F44)*1000 -> 0 | E44: =(D44/1000)*B44 -> 0 | F44: 34.8 | G44: 418
A45: MARINE BEMAPLEX MT | B45: =VLOOKUP(A45,'feuille de base Mars 2016'!B:C,2,FALSE) -> 37.22988 | C45: =VLOOKUP(A45,'feuille de base Mars 2016'!B:F,5,FALSE) -> 0.0106 | D45: =(C45*F45)*1000 -> 368.88 | E45: =(D45/1000)*B45 -> 13.733358 | F45: 34.8 | G45: 418
A46: MARINE BEZACTIVE S3G | B46: =VLOOKUP(A46,'feuille de base Mars 2016'!B:C,2,FALSE) -> 36.8 | C46: =VLOOKUP(A46,'feuille de base Mars 2016'!B:F,5,FALSE) -> 0 | D46: =(C46*F46)*1000 -> 0 | E46: =(D46/1000)*B46 -> 0 | F46: 34.8 | G46: 418
A47: NOIR BEMAPLEX DR | B47: =VLOOKUP(A47,'feuille de base Mars 2016'!B:C,2,FALSE) -> 12.9224 | C47: =VLOOKUP(A47,'feuille de base Mars 2016'!B:F,5,FALSE) -> 0 | D47: =(C47*F47)*1000 -> 0 | E47: =(D47/1000)*B47 -> 0 | F47: 34.8 | G47: 418
A48: NOIR COSMOS S MAX | B48: =VLOOKUP(A48,'feuille de base Mars 2016'!B:C,2,FALSE) -> 13.5 | C48: =VLOOKUP(A48,'feuille de base Mars 2016'!B:F,5,FALSE) -> 0 | D48: =(C48*F48)*1000 -> 0 | E48: =(D48/1000)*B48 -> 0 | F48: 34.8 | G48: 418
A49: NOIR ERIOFAST M | B49: =VLOOKUP(A49,'feuille de base Mars 2016'!B:C,2,FALSE) -> 36.6506 | C49: =VLOOKUP(A49,'feuille de base Mars 2016'!B:F,5,FALSE) -> 0 | D49: =(C49*F49)*1000 -> 0 | E49: =(D49/1000)*B49 -> 0 | F49: 34.8 | G49: 418
A50: NOIR ERIONAL AMR | B50: =VLOOKUP(A50,'feuille de base Mars 2016'!B:C,2,FALSE) -> 13.1452 | C50: =VLOOKUP(A50,'feuille de base Mars 2016'!B:F,5,FALSE) -> 0 | D50: =(C50*F50)*1000 -> 0 | E50: =(D50/1000)*B50 -> 0 | F50: 34.8 | G50: 418
A51: RODAMINA INFACIDE B CONC | B51: =VLOOKUP(A51,'feuille de base Mars 2016'!B:C,2,FALSE) -> 88.006 | C51: =VLOOKUP(A51,'feuille de base Mars 2016'!B:F,5,FALSE) -> 0 | D51: =(C51*F51)*1000 -> 0 | E51: =(D51/1000)*B51 -> 0 | F51: 34.8 | G51: 418
A52: ROUGE BEMACIDE ETL | B52: =VLOOKUP(A52,'feuille de base Mars 2016'!B:C,2,FALSE) -> 64.85 | C52: =VLOOKUP(A52,'feuille de base Mars 2016'!B:F,5,FALSE) -> 0 | D52: =(C52*F52)*1000 -> 0 | E52: =(D52/1000)*B52 -> 0 | F52: 34.8 | G52: 418
A53: ROUGE BEMACIDE FB | B53: =VLOOKUP(A53,'feuille de base Mars 2016'!B:C,2,FALSE) -> 37.0962 | C53: =VLOOKUP(A53,'feuille de base Mars 2016'!B:F,5,FALSE) -> 0 | D53: =(C53*F53)*1000 -> 0 | E53: =(D53/1000)*B53 -> 0 | F53: 34.8 | G53: 418
... A60: TURQUOISE TUBANTIN FBL | B60: =VLOOKUP(A60,'feuille de base Mars 2016'!B:C,2,FALSE) -> 35.22 | C60: =VLOOKUP(A60,'feuille de base Mars 2016'!B:F,5,FALSE) -> 0 | D60: =(C60*F60)*1000 -> 0 | E60: =(D60/1000)*B60 -> 0 | F60: 34.8 | G60: 418
A61: BIAVIN BPA TEINT | B61: =VLOOKUP(A61,'feuille de base Mars 2016'!B:C,2,FALSE) -> 1.45 | C61: =VLOOKUP(A61,'feuille de base Mars 2016'!B:F,5,FALSE) -> 2 | D61: =(C61*G61) -> 836 | E61: =(D61/1000)*B61 -> 1.2122 | F61: 34.8 | G61: 418
A62: SARABID IPD TEINT | B62: =VLOOKUP(A62,'feuille de base Mars 2016'!B:C,2,FALSE) -> 7.798 | C62: =VLOOKUP(A62,'feuille de base Mars 2016'!B:F,5,FALSE) -> 0.01 | D62: =(C62*F62)*1000 -> 348 | E62: =(D62/1000)*B62 -> 2.713704 | F62: 34.8 | G62: 418
A63: SARABID IPF TEINT | B63: =VLOOKUP(A63,'feuille de base Mars 2016'!B:C,2,FALSE) -> 8.355 | C63: =VLOOKUP(A63,'feuille de base Mars 2016'!B:F,5,FALSE) -> 0.01 | D63: =(C63*F63)*1000 -> 348 | E63: =(D63/1000)*B63 -> 2.90754 | F63: 34.8 | G63: 418
A64: MEROPAN EF TEINT | B64: =VLOOKUP(A64,'feuille de base Mars 2016'!B:C,2,FALSE) -> 13.6138 | C64: =VLOOKUP(A64,'feuille de base Mars 2016'!B:F,5,FALSE) -> 1 | D64: =(C64*G64) -> 418 | E64: =(D64/1000)*B64 -> 5.6905684 | F64: 34.8 | G64: 418
A65: ALBAFLOW JET TEINT | B65: =VLOOKUP(A65,'feuille de base Mars 2016'!B:C,2,FALSE) -> 8.02 | C65: =VLOOKUP(A65,'feuille de base Mars 2016'!B:F,5,FALSE) -> 0.5 | D65: =(C65*G65) -> 209 | E65: =(D65/1000)*B65 -> 1.67618 | F65: 34.8 | G65: 418
A66: CARBONATE DE SODIUM TEINT | B66: =VLOOKUP(A66,'feuille de base Mars 2016'!B:C,2,FALSE) -> 0.77 | C66: =VLOOKUP(A66,'feuille de base Mars 2016'!B:F,5,FALSE) -> 0 | F66: 34.8 | G66: 418
A67: ACIDE ACETIQUE TEINT | B67: =VLOOKUP(A67,'feuille de base Mars 2016'!B:C,2,FALSE) -> 1.45 | C67: =VLOOKUP(A67,'feuille de base Mars 2016'!B:F,5,FALSE) -> 2 | D67: =(C67*G67) -> 836 | E67: =(D67/1000)*B67 -> 1.2122 | F67: 34.8 | G67: 418
A68: CHLORURE DE CALCIUM | B68: =VLOOKUP(A68,'feuille de base Mars 2016'!B:C,2,FALSE) -> 3.252 | C68: =VLOOKUP(A68,'feuille de base Mars 2016'!B:F,5,FALSE) -> 0 | D68: =(C68*F68)*1000 -> 0 | E68: =(D68/1000)*B68 -> 0 | F68: 34.8 | G68: 418
A69: ACIDE FORMIQUE TEINT | B69: =VLOOKUP(A69,'feuille de base Mars 2016'!B:C,2,FALSE) -> 1.4 | C69: =VLOOKUP(A69,'feuille de base Mars 2016'!B:F,5,FALSE) -> 0 | D69: =(C69*G69) -> 0 | E69: =(D69/1000)*B69 -> 0 | F69: 34.8 | G69: 418
A70: CROSCOURT RDT TEINT | B70: =VLOOKUP(A70,'feuille de base Mars 2016'!B:C,2,FALSE) -> 7.35 | C70: =VLOOKUP(A70,'feuille de base Mars 2016'!B:F,5,FALSE) -> 0 | D70: =(C70*G70) -> 0 | E70: =(D70/1000)*B70 -> 0 | F70: 34.8 | G70: 418
A71: ALBATEX AB45 TEINT | B71: =VLOOKUP(A71,'feuille de base Mars 2016'!B:C,2,FALSE) -> 4.2332 | C71: =VLOOKUP(A71,'feuille de base Mars 2016'!B:F,5,FALSE) -> 0 | D71: =(C71*G71) -> 0 | E71: =(D71/1000)*B71 -> 0 | F71: 34.8 | G71: 418 | O71: =SUM(O22:O70) -> 211599.96 | P71: =O71/3600 -> 58.777767 | Q71: =SUM(Q22:Q24) -> 3.3833333 | T71: =SUM(T22:T25) -> 15.736336
A72: CROSCOLOR PRP TEINT | B72: =VLOOKUP(A72,'feuille de base Mars 2016'!B:C,2,FALSE) -> 6.6412 | C72: =VLOOKUP(A72,'feuille de base Mars 2016'!B:F,5,FALSE) -> 0 | D72: =(C72*G72) -> 0 | E72: =(D72/1000)*B72 -> 0 | F72: 34.8 | G72: 418
E73: =SUM(E22:E72) -> 66.237761
A74: cout teinture | B74: =E73+T71+L23 -> 89.524024
A76: cout fixation | B76: =E88+L86+T87 -> 13.783206
A77: fixation
A78: prod fix | C78: pourcentage prod fix | I78: durée (h) | J78: consommation eau adoucie (L) | K78: consommation sel (kg() | L78: Coût eau adoucie (DT) | M78: cout eau +traitement | N78: consommation energie vapeur (KJ) | O78: consommation energie (KJ) | P78: consommation energie (kwh) | Q78: durée chauffage (h) | R78: consommation vapeur (kg) | S78: cout 1kg vapeur/h (DT) | T78: cout consommation vapeur (DT)
A79: ACIDE FORMIQUE FIX | B79: =VLOOKUP(A79,'feuille de base Mars 2016'!B:C,2,FALSE) -> 1.4 | C79: =VLOOKUP(A79,'feuille de base Mars 2016'!B:F,5,FALSE) -> 2 | D79: =(C79*G79) -> 858 | E79: =(D79/1000)*B79 -> 1.2012 | F79: 39 | G79: 429 | J79: =429 -> 429 | K79: =(J79*3.33)/1000 -> 1.42857 | L79: =K79*0.11 -> 0.1571427 | M79: =(J79/1000)*5.5 -> 2.3595 | O79: =(4.18*429*(40-22)) -> 32277.96 | P79: =O79/3600 -> 8.9661 | Q79: 0.5 | T79: =Q79*P79*0.134 -> 0.6007287
A80: REWIN KBL | B80: =VLOOKUP(A80,'feuille de base Mars 2016'!B:C,2,FALSE) -> 7.107 | C80: =VLOOKUP(A80,'feuille de base Mars 2016'!B:F,5,FALSE) -> 0.04 | D80: =(C80*F80)*1000 -> 1560 | E80: =(D80/1000)*B80 -> 11.08692 | F80: 39 | G80: 429 | P80: =O80/3600 -> 0 | T80: =Q80*P80*0.134 -> 0
A81: SOUDE CAUSTIQUE FIX | B81: =VLOOKUP(A81,'feuille de base Mars 2016'!B:C,2,FALSE) -> 0.77 | C81: =VLOOKUP(A81,'feuille de base Mars 2016'!B:F,5,FALSE) -> 0 | D81: =C81*G81 -> 0 | E81: =(D81/1000)*B81 -> 0 | F81: 39 | G81: 429 | L81: =(J79/1000)*1.19 -> 0.51051 | P81: =O81/3600 -> 0 | T81: =Q81*P81*0.134 -> 0
A82: ERIOFAST FIX | B82: =VLOOKUP(A82,'feuille de base Mars 2016'!B:C,2,FALSE) -> 10.13 | C82: =VLOOKUP(A82,'feuille de base Mars 2016'!B:F,5,FALSE) -> 0 | D82: =(C82*F82)*1000 -> 0 | E82: =(D82/1000)*B82 -> 0 | F82: 39 | G82: 429 | P82: =O82/3600 -> 0 | T82: =Q82*P82*0.134 -> 0
A83: CROSCOURT RDT FIX | B83: =VLOOKUP(A83,'feuille de base Mars 2016'!B:C,2,FALSE) -> 7.35 | C83: =VLOOKUP(A83,'feuille de base Mars 2016'!B:F,5,FALSE) -> 0 | D83: =C83*G83 -> 0 | E83: =(D83/1000)*B83 -> 0 | F83: 39 | G83: 429 | P83: =O83/3600 -> 0 | T83: =Q83*P83*0.134 -> 0
A84: CARBONATE DE SOUDE FIX | B84: =VLOOKUP(A84,'feuille de base Mars 2016'!B:C,2,FALSE) -> 0.77 | C84: =VLOOKUP(A84,'feuille de base Mars 2016'!B:F,5,FALSE) -> 0 | D84: =C84*G84 -> 0 | E84: =(D84/1000)*B84 -> 0 | F84: 39 | G84: 429 | T84: =Q84*P84*0.134 -> 0
A85: ACIDE ACETIQUE FIX | B85: =VLOOKUP(A85,'feuille de base Mars 2016'!B:C,2,FALSE) -> 1.45 | C85: =VLOOKUP(A85,'feuille de base Mars 2016'!B:F,5,FALSE) -> 0.3 | D85: =(C85*G85) -> 128.7 | E85: =(D85/1000)*B85 -> 0.186615 | F85: 39 | G85: 429
A86: CROSOFT LISS | B86: =VLOOKUP(A86,'feuille de base Mars 2016'!B:C,2,FALSE) -> 4.9 | C86: =VLOOKUP(A86,'feuille de base Mars 2016'!B:F,5,FALSE) -> 0 | D86: =C86*F86 -> 0 | E86: =(D86/1000)*B86 -> 0 | F86: 39 | G86: 429 | L86: =SUM(L79:L81) -> 0.6676527
A87: CROSOFT GPAT | B87: =VLOOKUP(A87,'feuille de base Mars 2016'!B:C,2,FALSE) -> 1.335 | C87: =VLOOKUP(A87,'feuille de base Mars 2016'!B:F,5,FALSE) -> 0.07 | D87: =C87*G87 -> 30.03 | E87: =(D87/1000)*B87 -> 0.04009005 | F87: 39 | G87: 429 | O87: =SUM(O79:O86) -> 32277.96 | P87: =O87/3600 -> 8.9661 | Q87: =SUM(Q79:Q86) -> 0.5 | T87: =P87*0.134*Q87 -> 0.6007287
E88: =SUM(E79:E87) -> 12.514825

Sheet feuille récapitulative

Sheet liste recette
A1: liste/type recette recette
A2: recette PAM clair +addoucissage
A3: recette PAM clair
A4: recette NOIR PAM lytess OZ
A5: recette blanc PAM + addoucissage
A6: recette PAM foncé +silicone
A7: recette PAM foncé
A8: recette NOIR métallifere +silicone
A9: recette blanc PAM+demontage
A10: recette nettoyage machine
A11: recette PAM clair fluo
A12: recette PAM foncé + silicone
... A16: recette coton directe demi blanc

Sheet Blanc-0,13 12-03-16
E1: Poids | F1: 11.1 | I1: cout total | J1: =B2+B74+B76 -> 81.262616
A2: cout preparation | B2: =E14+L13+T13 -> 75.360261 | E2: Volume | F2: =88.2*8 -> 705.6
E3: rapport du bain (1:08)
A5: preparation
A6: prod prep | B6: prix prod prep (DT) | C6: pourcentage prod prep | D6: quantité produits preparation (g ou ml) | E6: Coût produits chimiques (DT) | F6: poids matière (kg) | G6: volume de bain (L) | H6: volume du bain prep(L) | I6: durée (h) | J6: consommation eau adoucie prep (L) | K6: consommation sel (kg() | L6: Coût eau adoucie (DT) | M6: cout eau +traitement | N6: consommation energie vapeur (KJ) | O6: consommation energie (KJ) | P6: consommation energie (kwh) | Q6: durée chauffage (h) | R6: consommation vapeur (kg) | S6: cout 1kg vapeur/h (DT) | T6: cout consommation vapeur (DT)
A7: BIAVIN BPA PREP | B7: =VLOOKUP(A7,'feuille de base Mars 2016'!B:C,2,FALSE) -> 1.45 | C7: =VLOOKUP(A7,'feuille de base Mars 2016'!B:G,6,FALSE) -> 2 | D7: =(C7*G7) -> 176.4 | E7: =(D7/1000)*B7 -> 0.25578 | F7: 11.1 | G7: 88.2 | H7: =SUM(212+306+306) -> 824 | I7: 1.35 | J7: 352.6 | K7: =(J7*3.33)/1000 -> 1.174158 | L7: =K7*0.11 -> 0.12915738 | M7: =(J7/1000)*5.5 -> 1.9393 | O7: =(((4.18*88.2*(35-22)))) -> 4792.788 | P7: =O7/3600 -> 1.33133 | Q7: =15/60 -> 0.25 | T7: =P7*Q7*0.17 -> 0.056581525
A8: CROSCOUR RDT PREP | B8: =VLOOKUP(A8,'feuille de base Mars 2016'!B:C,2,FALSE) -> 7.353 | C8: =VLOOKUP(A8,'feuille de base Mars 2016'!B:G,6,FALSE) -> 0.02 | D8: =(C8*F8)*1000 -> 222 | E8: =(D8/1000)*B8 -> 1.632366 | F8: 11.1 | G8: 88.2 | O8: =(4.18*4288.2*(70-35)) -> 627363.66 | P8: =O8/3600 -> 174.26768 | Q8: =25/60 -> 0.41666667 | T8: =P8*Q8*0.17 -> 12.343961
A9: CARBONATE DE SOUDE PREP | B9: =VLOOKUP(A9,'feuille de base Mars 2016'!B:C,2,FALSE) -> 0.77 | C9: =VLOOKUP(A9,'feuille de base Mars 2016'!B:G,6,FALSE) -> 3 | D9: =(C9*G9) -> 264.6 | E9: =(D9/1000)*B9 -> 0.203742 | F9: 11.1 | G9: 88.2 | O9: =(4.18*88.1*(98-70)) -> 10311.224 | P9: =O9/3600 -> 2.8642289 | Q9: =30/60 -> 0.5 | T9: =P9*Q9*0.17 -> 0.24345946
A10: ACIDE ACETIQUE PREP | B10: =VLOOKUP(A10,'feuille de base Mars 2016'!B:C,2,FALSE) -> 1.45 | C10: =VLOOKUP(A10,'feuille de base Mars 2016'!B:G,6,FALSE) -> 2 | D10: =(C10*G10) -> 176.4 | E10: =(D10/1000)*B10 -> 0.25578 | F10: 11.1 | G10: 88.2 | O10: =4.18*88.2*(98-80) -> 6636.168 | P10: =O10/3600 -> 1.84338 | Q10: =10/60 -> 0.16666667 | T10: =P10*Q10*0.17 -> 0.0522291
A11: CROSCOLOR PRP PREP | B11: =VLOOKUP(A11,'feuille de base Mars 2016'!B:C,2,FALSE) -> 6.461 | C11: =VLOOKUP(A11,'feuille de base Mars 2016'!B:G,6,FALSE) -> 10 | D11: =(C11*G11) -> 882 | E11: =(D11/1000)*B11 -> 5.698602 | F11: 11.1 | G11: 88.2 | O11: =4.18*88.2*(70-25)*2 -> 33180.84 | P11: =O11/3600 -> 9.2169 | Q11: =20/60 -> 0.33333333 | T11: =P11*Q11*0.17 -> 0.522291
A12: ALBAFLOW JET PREP | B12: =VLOOKUP(A12,'feuille de base Mars 2016'!B:C,2,FALSE) -> 8.02 | C12: =VLOOKUP(A12,'feuille de base Mars 2016'!B:G,6,FALSE) -> 0 | D12: =(C12*G12) -> 0 | E12: =(D12/1000)*B12 -> 0 | F12: 11.1 | G12: 88.2 | O12: =88.2*4.18*(40-25) -> 5530.14 | P12: =O12/3600 -> 1.53615 | Q12: =10/60 -> 0.16666667 | T12: =P12*Q12*0.17 -> 0.04352425
A13: CROSCOLOR PRP PREP | B13: =VLOOKUP(A13,'feuille de base Mars 2016'!B:C,2,FALSE) -> 6.461 | C13: =VLOOKUP(A13,'feuille de base Mars 2016'!B:G,6,FALSE) -> 10 | D13: =(C13*G13) -> 882 | E13: =(D13/1000)*B13 -> 5.698602 | F13: 11.1 | G13: 88.2 | L13: =SUM(L7:L12,M7) -> 2.0684574 | O13: =SUM(O7:O12) -> 687814.82 | P13: =SUM(P7:P12) -> 191.05967 | Q13: =SUM(Q7:Q12) -> 1.8333333 | T13: =P13*Q13*0.17 -> 59.546931
E14: =SUM(E7:E13) -> 13.744872
A20: teinture
A21: colorants | B21: prix prod teint | C21: pourcentage prod teint | D21: quanatité produits teinture (g ou ml) | E21: prix prod teint | F21: poids matière (kg) | G21: volume du bain (L) | I21: durée (h) | J21: consommation eau adoucie (L) | K21: consommation sel (kg() | L21: Coût eau adoucie (DT) | M21: cout eau +traitement | N21: consommation energie vapeur (KJ) | O21: consommation energie (KJ) | P21: consommation energie (kwh) | Q21: durée chauffage (h) | R21: consommation vapeur (kg) | S21: cout 1kg vapeur/h (DT) | T21: cout consommation vapeur (DT)
A22: BLEU BEMACID F2-G | B22: =VLOOKUP(A22,'feuille de base Mars 2016'!B:C,2,FALSE) -> 194.78 | C22: =VLOOKUP(A22,'feuille de base Mars 2016'!B:G,6,FALSE) -> 0 | D22: =(C22*F22)*1000 -> 0 | E22: =(D22*F22)/1000 -> 0 | F22: 11.1 | G22: 88.2 | I22: 0.33 | J22: 352.6 | K22: =(J22*3.33)/1000 -> 1.174158 | L22: =K22*0.11 -> 0.12915738 | M22: =(J22/1000)*5.5 -> 1.9393 | O22: =(4.18*88.1*(340-25)) -> 116001.27 | P22: =O22/3600 -> 32.222575 | Q22: =15/60 -> 0.25 | T22: =Q22*P22*0.17 -> 1.3694594
A23: BLEU BEMACID ETL | B23: =VLOOKUP(A23,'feuille de base Mars 2016'!B:C,2,FALSE) -> 76.37 | C23: =VLOOKUP(A23,'feuille de base Mars 2016'!B:G,6,FALSE) -> 0 | D23: =(C23*F23)*1000 -> 0 | E23: =(D23*F23)/1000 -> 0 | F23: 11.1 | G23: 88.2 | I23: 1.83 | L23: =(L22+M22) -> 2.0684574 | O23: =0.166*4.18*(80-25) -> 38.1634 | P23: =Q22/3600 -> 6.9444444e-05 | Q23: =145/60 -> 2.4166667 | T23: =Q23*P23*0.17 -> 2.8530093e-05
A24: BLEU BEMACID NTF | B24: =VLOOKUP(A24,'feuille de base Mars 2016'!B:C,2,FALSE) -> 50.86524 | C24: =VLOOKUP(A24,'feuille de base Mars 2016'!B:G,6,FALSE) -> 0 | D24: =(C24*F24)*1000 -> 0 | E24: =(D24*F24)/1000 -> 0 | F24: 11.1 | G24: 88.2 | I24: 0.16 | O24: =88.2*4.18*(98-35) -> 23226.588 | P24: =O24/3600 -> 6.45183 | Q24: =15/60 -> 0.25 | T24: =Q24*P24*0.17 -> 0.27420278
A25: BLEU BEMACIDE FBL | B25: =VLOOKUP(A25,'feuille de base Mars 2016'!B:C,2,FALSE) -> 56.493 | C25: =VLOOKUP(A25,'feuille de base Mars 2016'!B:G,6,FALSE) -> 0 | D25: =(C25*F25)*1000 -> 0 | E25: =(D25*F25)/1000 -> 0 | F25: 11.1 | G25: 88.2 | O25: =(4.18*88.2*(98-80)) -> 6636.168 | P25: =O25/3600 -> 1.84338 | Q25: =15/60 -> 0.25 | T25: =Q25*P25*0.17 -> 0.07834365
A26: BLEU BEZACTIVE S-FR 150 | B26: =VLOOKUP(A26,'feuille de base Mars 2016'!B:C,2,FALSE) -> 56.83 | C26: =VLOOKUP(A26,'feuille de base Mars 2016'!B:G,6,FALSE) -> 0 | D26: =(C26*F26)*1000 -> 0 | E26: =(D26*F26)/1000 -> 0 | F26: 11.1 | G26: 88.2 | O26: =88.2*4.18*(35-25)*2 -> 7373.52 | P26: =O26/3600 -> 2.0482 | Q26: =20/60 -> 0.33333333 | T26: =Q26*P26*0.17 -> 0.11606467
A27: BLEU BEZACTIVE SGLD | B27: =VLOOKUP(A27,'feuille de base Mars 2016'!B:C,2,FALSE) -> 33.15 | C27: =VLOOKUP(A27,'feuille de base Mars 2016'!B:G,6,FALSE) -> 0 | D27: =(C27*F27)*1000 -> 0 | E27: =(D27*F27)/1000 -> 0 | F27: 11.1 | G27: 88.2 | O27: =88.2*4.18*(40-25) -> 5530.14 | P27: =O27/3600 -> 1.53615 | Q27: =20/60 -> 0.33333333 | T27: =Q27*P27*0.17 -> 0.0870485
A28: BLEU TUBANTIN BRR | B28: =VLOOKUP(A28,'feuille de base Mars 2016'!B:C,2,FALSE) -> 42.26 | C28: =VLOOKUP(A28,'feuille de base Mars 2016'!B:G,6,FALSE) -> 0 | D28: =(C28*F28)*1000 -> 0 | E28: =(D28*F28)/1000 -> 0 | F28: 11.1 | G28: 88.2
A29: BORDEAU BEMAPLEX NGT | B29: =VLOOKUP(A29,'feuille de base Mars 2016'!B:C,2,FALSE) -> 51.12 | C29: =VLOOKUP(A29,'feuille de base Mars 2016'!B:G,6,FALSE) -> 0 | D29: =(C29*F29)*1000 -> 0 | E29: =(D29*F29)/1000 -> 0 | F29: 11.1 | G29: 88.2
A30: BRUN TUBANTIN BLL | B30: =VLOOKUP(A30,'feuille de base Mars 2016'!B:C,2,FALSE) -> 0 | C30: =VLOOKUP(A30,'feuille de base Mars 2016'!B:G,6,FALSE) -> 0 | D30: =(C30*F30)*1000 -> 0 | E30: =(D30*F30)/1000 -> 0 | F30: 11.1 | G30: 88.2
A31: BRUN TUBANTIN GGL | B31: =VLOOKUP(A31,'feuille de base Mars 2016'!B:C,2,FALSE) -> 39.8 | C31: =VLOOKUP(A31,'feuille de base Mars 2016'!B:G,6,FALSE) -> 0 | D31: =(C31*F31)*1000 -> 0 | E31: =(D31*F31)/1000 -> 0 | F31: 11.1 | G31: 88.2
A32: ECARLATE BEMACIDE F3_G | B32: =VLOOKUP(A32,'feuille de base Mars 2016'!B:C,2,FALSE) -> 37.43 | C32: =VLOOKUP(A32,'feuille de base Mars 2016'!B:G,6,FALSE) -> 0 | D32: =(C32*F32)*1000 -> 0 | E32: =(D32*F32)/1000 -> 0 | F32: 11.1 | G32: 88.2
A33: FLAVINA FLUO INFANYL 10-G | B33: =VLOOKUP(A33,'feuille de base Mars 2016'!B:C,2,FALSE) -> 43.41258 | C33: =VLOOKUP(A33,'feuille de base Mars 2016'!B:G,6,FALSE) -> 0 | D33: =(C33*F33)*1000 -> 0 | E33: =(D33*F33)/1000 -> 0 | F33: 11.1 | G33: 88.2
A34: GRIS TUBANTIN CGLL | B34: =VLOOKUP(A34,'feuille de base Mars 2016'!B:C,2,FALSE) -> 60.57 | C34: =VLOOKUP(A34,'feuille de base Mars 2016'!B:G,6,FALSE) -> 0 | D34: =(C34*F34)*1000 -> 0 | E34: =(D34*F34)/1000 -> 0 | F34: 11.1 | G34: 88.2
A35: JAUNE BEMACIDE ETL | B35: =VLOOKUP(A35,'feuille de base Mars 2016'!B:C,2,FALSE) -> 63.36 | C35: =VLOOKUP(A35,'feuille de base Mars 2016'!B:G,6,FALSE) -> 0 | D35: =(C35*F35)*1000 -> 0 | E35: =(D35*F35)/1000 -> 0 | F35: 11.1 | G35: 88.2
A36: JAUNE BEMACIDE E4-G | B36: =VLOOKUP(A36,'feuille de base Mars 2016'!B:C,2,FALSE) -> 31.45 | C36: =VLOOKUP(A36,'feuille de base Mars 2016'!B:G,6,FALSE) -> 0 | D36: =(C36*F36)*1000 -> 0 | E36: =(D36*F36)/1000 -> 0 | F36: 11.1 | G36: 88.2
A37: JAUNE BEMACIDE FG | B37: =VLOOKUP(A37,'feuille de base Mars 2016'!B:C,2,FALSE) -> 66.45 | C37: =VLOOKUP(A37,'feuille de base Mars 2016'!B:G,6,FALSE) -> 0 | D37: =(C37*F37)*1000 -> 0 | E37: =(D37/1000)*B37 -> 0 | F37: 11.1 | G37: 88.2
A38: JAUNE BEMAPLEX MT | B38: =VLOOKUP(A38,'feuille de base Mars 2016'!B:C,2,FALSE) -> 40.81696 | C38: =VLOOKUP(A38,'feuille de base Mars 2016'!B:G,6,FALSE) -> 0 | D38: =(C38*F38)*1000 -> 0 | E38: =(D38/1000)*B38 -> 0 | F38: 11.1 | G38: 88.2
A39: ROUGE BEZACTIV S-3B | B39: =VLOOKUP(A39,'feuille de base Mars 2016'!B:C,2,FALSE) -> 12.81 | C39: =VLOOKUP(A39,'feuille de base Mars 2016'!B:G,6,FALSE) -> 0 | D39: =(C39*F39)*1000 -> 0 | E39: =(D39/1000)*B39 -> 0 | F39: 11.1 | G39: 88.2
A40: JAUNE BEZACTIV SLF | B40: =VLOOKUP(A40,'feuille de base Mars 2016'!B:C,2,FALSE) -> 17.68 | C40: =VLOOKUP(A40,'feuille de base Mars 2016'!B:G,6,FALSE) -> 0 | D40: =(C40*F40)*1000 -> 0 | E40: =(D40/1000)*B40 -> 0 | F40: 11.1 | G40: 88.2
A41: JAUNE BEZACTIVE S8G | B41: =VLOOKUP(A41,'feuille de base Mars 2016'!B:C,2,FALSE) -> 23.4 | C41: =VLOOKUP(A41,'feuille de base Mars 2016'!B:G,6,FALSE) -> 0 | D41: =(C41*F41)*1000 -> 0 | E41: =(D41/1000)*B41 -> 0 | F41: 11.1 | G41: 88.2 | O41: 0
A42: JAUNE TUBANTIN 4 GL | B42: =VLOOKUP(A42,'feuille de base Mars 2016'!B:C,2,FALSE) -> 44.8 | C42: =VLOOKUP(A42,'feuille de base Mars 2016'!B:G,6,FALSE) -> 0 | D42: =(C42*F42)*1000 -> 0 | E42: =(D42/1000)*B42 -> 0 | F42: 11.1 | G42: 88.2
A43: JAUNE TUBANTIN GR | B43: =VLOOKUP(A43,'feuille de base Mars 2016'!B:C,2,FALSE) -> 21.65 | C43: =VLOOKUP(A43,'feuille de base Mars 2016'!B:G,6,FALSE) -> 0 | D43: =(C43*F43)*1000 -> 0 | E43: =(D43/1000)*B43 -> 0 | F43: 11.1 | G43: 88.2
A44: MAIRNE BEZACTIVE S MAX | B44: =VLOOKUP(A44,'feuille de base Mars 2016'!B:C,2,FALSE) -> 13.87 | C44: =VLOOKUP(A44,'feuille de base Mars 2016'!B:G,6,FALSE) -> 0 | D44: =(C44*F44)*1000 -> 0 | E44: =(D44/1000)*B44 -> 0 | F44: 11.1 | G44: 88.2
A45: MARINE BEMAPLEX MT | B45: =VLOOKUP(A45,'feuille de base Mars 2016'!B:C,2,FALSE) -> 37.22988 | C45: =VLOOKUP(A45,'feuille de base Mars 2016'!B:G,6,FALSE) -> 0 | D45: =(C45*F45)*1000 -> 0 | E45: =(D45/1000)*B45 -> 0 | F45: 11.1 | G45: 88.2
A46: MARINE BEZACTIVE S3G | B46: =VLOOKUP(A46,'feuille de base Mars 2016'!B:C,2,FALSE) -> 36.8 | C46: =VLOOKUP(A46,'feuille de base Mars 2016'!B:G,6,FALSE) -> 0 | D46: =(C46*F46)*1000 -> 0 | E46: =(D46/1000)*B46 -> 0 | F46: 11.1 | G46: 88.2
A47: NOIR BEMAPLEX DR | B47: =VLOOKUP(A47,'feuille de base Mars 2016'!B:C,2,FALSE) -> 12.9224 | C47: =VLOOKUP(A47,'feuille de base Mars 2016'!B:G,6,FALSE) -> 0 | D47: =(C47*F47)*1000 -> 0 | E47: =(D47/1000)*B47 -> 0 | F47: 11.1 | G47: 88.2
A48: NOIR COSMOS S MAX | B48: =VLOOKUP(A48,'feuille de base Mars 2016'!B:C,2,FALSE) -> 13.5 | C48: =VLOOKUP(A48,'feuille de base Mars 2016'!B:G,6,FALSE) -> 0 | D48: =(C48*F48)*1000 -> 0 | E48: =(D48/1000)*B48 -> 0 | F48: 11.1 | G48: 88.2
A49: NOIR ERIOFAST M | B49: =VLOOKUP(A49,'feuille de base Mars 2016'!B:C,2,FALSE) -> 36.6506 | C49: =VLOOKUP(A49,'feuille de base Mars 2016'!B:G,6,FALSE) -> 0 | D49: =(C49*F49)*1000 -> 0 | E49: =(D49/1000)*B49 -> 0 | F49: 11.1 | G49: 88.2
A50: NOIR ERIONAL AMR | B50: =VLOOKUP(A50,'feuille de base Mars 2016'!B:C,2,FALSE) -> 13.1452 | C50: =VLOOKUP(A50,'feuille de base Mars 2016'!B:G,6,FALSE) -> 0 | D50: =(C50*F50)*1000 -> 0 | E50: =(D50/1000)*B50 -> 0 | F50: 11.1 | G50: 88.2
A51: RODAMINA INFACIDE B CONC | B51: =VLOOKUP(A51,'feuille de base Mars 2016'!B:C,2,FALSE) -> 88.006 | C51: =VLOOKUP(A51,'feuille de base Mars 2016'!B:G,6,FALSE) -> 0 | D51: =(C51*F51)*1000 -> 0 | E51: =(D51/1000)*B51 -> 0 | F51: 11.1 | G51: 88.2
A52: ROUGE BEMACIDE ETL | B52: =VLOOKUP(A52,'feuille de base Mars 2016'!B:C,2,FALSE) -> 64.85 | C52: =VLOOKUP(A52,'feuille de base Mars 2016'!B:G,6,FALSE) -> 0 | D52: =(C52*F52)*1000 -> 0 | E52: =(D52/1000)*B52 -> 0 | F52: 11.1 | G52: 88.2
A53: ROUGE BEMACIDE FB | B53: =VLOOKUP(A53,'feuille de base Mars 2016'!B:C,2,FALSE) -> 37.0962 | C53: =VLOOKUP(A53,'feuille de base Mars 2016'!B:G,6,FALSE) -> 0 | D53: =(C53*F53)*1000 -> 0 | E53: =(D53/1000)*B53 -> 0 | F53: 11.1 | G53: 88.2
... A60: TURQUOISE TUBANTIN FBL | B60: =VLOOKUP(A60,'feuille de base Mars 2016'!B:C,2,FALSE) -> 35.22 | C60: =VLOOKUP(A60,'feuille de base Mars 2016'!B:G,6,FALSE) -> 0 | D60: =(C60*F60)*1000 -> 0 | E60: =(D60/1000)*B60 -> 0 | F60: 11.1 | G60: 88.2
A61: BIAVIN BPA TEINT | B61: =VLOOKUP(A61,'feuille de base Mars 2016'!B:C,2,FALSE) -> 1.45 | C61: =VLOOKUP(A61,'feuille de base Mars 2016'!B:G,6,FALSE) -> 0 | D61: =(C61*G61) -> 0 | E61: =(D61/1000)*B61 -> 0 | F61: 11.1 | G61: 88.2
A62: SARABID IPD TEINT | B62: =VLOOKUP(A62,'feuille de base Mars 2016'!B:C,2,FALSE) -> 7.798 | C62: =VLOOKUP(A62,'feuille de base Mars 2016'!B:G,6,FALSE) -> 0 | D62: =(C62*F62)*1000 -> 0 | E62: =(D62/1000)*B62 -> 0 | F62: 11.1 | G62: 88.2
A63: SARABID IPF TEINT | B63: =VLOOKUP(A63,'feuille de base Mars 2016'!B:C,2,FALSE) -> 8.355 | C63: =VLOOKUP(A63,'feuille de base Mars 2016'!B:G,6,FALSE) -> 0 | D63: =(C63*F63)*1000 -> 0 | E63: =(D63/1000)*B63 -> 0 | F63: 11.1 | G63: 88.2
A64: MEROPAN EF TEINT | B64: =VLOOKUP(A64,'feuille de base Mars 2016'!B:C,2,FALSE) -> 13.6138 | C64: =VLOOKUP(A64,'feuille de base Mars 2016'!B:G,6,FALSE) -> 0.5 | D64: =(C64*G64) -> 44.1 | E64: =(D64/1000)*B64 -> 0.60036858 | F64: 11.1 | G64: 88.2
A65: ALBAFLOW JET TEINT | B65: =VLOOKUP(A65,'feuille de base Mars 2016'!B:C,2,FALSE) -> 8.02 | C65: =VLOOKUP(A65,'feuille de base Mars 2016'!B:G,6,FALSE) -> 0 | D65: =(C65*G65) -> 0 | E65: =(D65/1000)*B65 -> 0 | F65: 11.1 | G65: 88.2
A66: CARBONATE DE SODIUM TEINT | B66: =VLOOKUP(A66,'feuille de base Mars 2016'!B:C,2,FALSE) -> 0.77 | C66: =VLOOKUP(A66,'feuille de base Mars 2016'!B:G,6,FALSE) -> 0 | F66: 11.1 | G66: 88.2
A67: ACIDE ACETIQUE TEINT | B67: =VLOOKUP(A67,'feuille de base Mars 2016'!B:C,2,FALSE) -> 1.45 | C67: =VLOOKUP(A67,'feuille de base Mars 2016'!B:G,6,FALSE) -> 0.4 | D67: =(C67*G67) -> 35.28 | E67: =(D67/1000)*B67 -> 0.051156 | F67: 11.1 | G67: 88.2
A68: CHLORURE DE CALCIUM | B68: =VLOOKUP(A68,'feuille de base Mars 2016'!B:C,2,FALSE) -> 3.252 | C68: =VLOOKUP(A68,'feuille de base Mars 2016'!B:G,6,FALSE) -> 0 | D68: =(C68*F68)*1000 -> 0 | E68: =(D68/1000)*B68 -> 0 | F68: 11.1 | G68: 88.2
A69: CROSOFT LISS TEINT | B69: =VLOOKUP(A69,'feuille de base Mars 2016'!B:C,2,FALSE) -> 4.9 | C69: =VLOOKUP(A69,'feuille de base Mars 2016'!B:G,6,FALSE) -> 0.07 | D69: =(C69*G69) -> 6.174 | E69: =(D69/1000)*B69 -> 0.0302526 | F69: 11.1 | G69: 88.2
A70: CROSCOURT RDT TEINT | B70: =VLOOKUP(A70,'feuille de base Mars 2016'!B:C,2,FALSE) -> 7.35 | C70: =VLOOKUP(A70,'feuille de base Mars 2016'!B:G,6,FALSE) -> 2 | D70: =(C70*G70) -> 176.4 | E70: =(D70/1000)*B70 -> 1.29654 | F70: 11.1 | G70: 88.2
A71: ALBATEX AB45 TEINT | B71: =VLOOKUP(A71,'feuille de base Mars 2016'!B:C,2,FALSE) -> 4.2332 | C71: =VLOOKUP(A71,'feuille de base Mars 2016'!B:G,6,FALSE) -> 0 | D71: =(C71*G71) -> 0 | E71: =(D71/1000)*B71 -> 0 | F71: 11.1 | G71: 88.2 | O71: =SUM(O22:O70) -> 158805.85 | P71: =O71/3600 -> 44.112736 | Q71: =SUM(Q22:Q24) -> 2.9166667 | T71: =SUM(T22:T25) -> 1.7220344
A72: CROSCOLOR PRP TEINT | B72: =VLOOKUP(A72,'feuille de base Mars 2016'!B:C,2,FALSE) -> 6.6412 | C72: =VLOOKUP(A72,'feuille de base Mars 2016'!B:G,6,FALSE) -> 0 | D72: =(C72*G72) -> 0 | E72: =(D72/1000)*B72 -> 0 | F72: 11.1 | G72: 88.2
E73: =SUM(E22:E72) -> 2.1118635
A74: cout teinture | B74: =E73+T71+L23 -> 5.9023553
A76: cout fixation | B76: =E88+L86+T87 -> 0
A77: fixation
A78: prod fix | C78: pourcentage prod fix | I78: durée (h) | J78: consommation eau adoucie (L) | K78: consommation sel (kg() | L78: Coût eau adoucie (DT) | M78: cout eau +traitement | N78: consommation energie vapeur (KJ) | O78: consommation energie (KJ) | P78: consommation energie (kwh) | Q78: durée chauffage (h) | R78: consommation vapeur (kg) | S78: cout 1kg vapeur/h (DT) | T78: cout consommation vapeur (DT)
A79: ACIDE FORMIQUE FIX | B79: =VLOOKUP(A79,'feuille de base Mars 2016'!B:C,2,FALSE) -> 1.4 | C79: =VLOOKUP(A79,'feuille de base Mars 2016'!B:G,6,FALSE) -> 0 | D79: =(C79*G79) -> 0 | E79: =(D79/1000)*B79 -> 0 | F79: 11.1 | G79: =4*88.2 -> 352.8 | K79: =(J79*3.33)/1000 -> 0 | L79: =K79*0.11 -> 0 | M79: =(J79/1000)*1.19 -> 0 | P79: =O79/3600 -> 0 | Q79: 0.5 | T79: =Q79*P79*0.134 -> 0
A80: REWIN KBL | B80: =VLOOKUP(A80,'feuille de base Mars 2016'!B:C,2,FALSE) -> 7.107 | C80: =VLOOKUP(A80,'feuille de base Mars 2016'!B:G,6,FALSE) -> 0 | D80: =(C80*F80)*1000 -> 0 | E80: =(D80/1000)*B80 -> 0 | F80: 11.1 | G80: =4*88.2 -> 352.8 | P80: =O80/3600 -> 0 | T80: =Q80*P80*0.134 -> 0
A81: SOUDE CAUSTIQUE FIX | B81: =VLOOKUP(A81,'feuille de base Mars 2016'!B:C,2,FALSE) -> 0.77 | C81: =VLOOKUP(A81,'feuille de base Mars 2016'!B:G,6,FALSE) -> 0 | D81: =C81*G81 -> 0 | E81: =(D81/1000)*B81 -> 0 | F81: 11.1 | G81: =4*88.2 -> 352.8 | L81: =(J79/1000)*1.19 -> 0 | P81: =O81/3600 -> 0 | T81: =Q81*P81*0.134 -> 0
A82: ERIOFAST FIX | B82: =VLOOKUP(A82,'feuille de base Mars 2016'!B:C,2,FALSE) -> 10.13 | C82: =VLOOKUP(A82,'feuille de base Mars 2016'!B:G,6,FALSE) -> 0 | D82: =(C82*F82)*1000 -> 0 | E82: =(D82/1000)*B82 -> 0 | F82: 11.1 | G82: =4*88.2 -> 352.8 | P82: =O82/3600 -> 0 | T82: =Q82*P82*0.134 -> 0
A83: CROSCOURT RDT FIX | B83: =VLOOKUP(A83,'feuille de base Mars 2016'!B:C,2,FALSE) -> 7.35 | C83: =VLOOKUP(A83,'feuille de base Mars 2016'!B:G,6,FALSE) -> 0 | D83: =C83*G83 -> 0 | E83: =(D83/1000)*B83 -> 0 | F83: 11.1 | G83: =4*88.2 -> 352.8 | P83: =O83/3600 -> 0 | T83: =Q83*P83*0.134 -> 0
A84: CARBONATE DE SOUDE FIX | B84: =VLOOKUP(A84,'feuille de base Mars 2016'!B:C,2,FALSE) -> 0.77 | C84: =VLOOKUP(A84,'feuille de base Mars 2016'!B:G,6,FALSE) -> 0 | D84: =C84*G84 -> 0 | E84: =(D84/1000)*B84 -> 0 | F84: 11.1 | G84: =4*88.2 -> 352.8 | T84: =Q84*P84*0.134 -> 0
A85: ACIDE ACETIQUE FIX | B85: =VLOOKUP(A85,'feuille de base Mars 2016'!B:C,2,FALSE) -> 1.45 | C85: =VLOOKUP(A85,'feuille de base Mars 2016'!B:G,6,FALSE) -> 0 | D85: =(C85*G85) -> 0 | E85: =(D85/1000)*B85 -> 0 | F85: 11.1 | G85: =4*88.2 -> 352.8
A86: CROSOFT LISS | B86: =VLOOKUP(A86,'feuille de base Mars 2016'!B:C,2,FALSE) -> 4.9 | C86: =VLOOKUP(A86,'feuille de base Mars 2016'!B:G,6,FALSE) -> 0 | D86: =C86*F86*1000 -> 0 | E86: =(D86/1000)*B86 -> 0 | F86: 11.1 | G86: =4*88.2 -> 352.8 | L86: =SUM(L79:L81) -> 0
A87: CROSOFT GPAT | B87: =VLOOKUP(A87,'feuille de base Mars 2016'!B:C,2,FALSE) -> 1.335 | C87: =VLOOKUP(A87,'feuille de base Mars 2016'!B:G,6,FALSE) -> 0 | D87: =C87*G87 -> 0 | E87: =(D87/1000)*B87 -> 0 | F87: 11.1 | G87: =4*88.2 -> 352.8 | O87: =SUM(O79:O86) -> 0 | P87: =O87/3600 -> 0 | Q87: =SUM(Q79:Q86) -> 0.5 | T87: =P87*0.134*Q87 -> 0
E88: =SUM(E79:E87) -> 0

Sheet Feuil3
B1: Charges directes | C1: Charges indirectes
A2: Charges variables | B2: Charges directes variables : | C2: Charges indirectes variables :
B3: - matière primaires utilisées pour fabriquer ce produit. | C3: -Énergie pour faire fonctionner une machine utilisée pour fabriquer plusieurs produits
B4: -main d’œuvre utilisée pour la fabrication de ce produit | C4: -Main d'œuvre participant à la fabrication de plusieurs produits
A6: Charges fixes | B6: Charges directes fixes : | C6: Charges indirectes fixes :
B7: -Amortissement d’une machine utilisée pour un seul produit. | C7: Loyer
B8: -Certains frais de personnel | C8: Frais administratifs
